Workbook

Sheet Premissas
A1: Premissas que destravam a decisão
A3: Cenário ativo | B3: Base | C3: Troque o cenário e veja o projeto reagir.
A5: Parâmetro | B5: Valor | C5: Unidade | D5: Observação | F5: Cenário | G5: Crescimento mensal | H5: Despesas fixas | I5: Investimento inicial
A6: Investimento inicial | B6: =IFERROR(VLOOKUP('Premissas'!$B$3,'Premissas'!$F$6:$I$8,4,FALSE),0) | C6: R$ | D6: Aplicado no primeiro mês | F6: Conservador | G6: 0.02 | H6: 32000 | I6: 180000
A7: Capital de giro inicial | B7: 40000 | C7: R$ | D7: Reserva operacional inicial | F7: Base | G7: 0.04 | H7: 28000 | I7: 160000
A8: Preço médio por unidade | B8: 185 | C8: R$/un. | D8: Referência comercial inicial | F8: Otimista | G8: 0.07 | H8: 25000 | I8: 150000
A9: Crescimento mensal das vendas | B9: =IFERROR(VLOOKUP('Premissas'!$B$3,'Premissas'!$F$6:$I$8,2,FALSE),0) | C9: % | D9: Ritmo mensal estimado
A10: Custo variável unitário | B10: 72 | C10: R$/un. | D10: Produto, frete e operação variável
A11: Despesas fixas mensais | B11: =IFERROR(VLOOKUP('Premissas'!$B$3,'Premissas'!$F$6:$I$8,3,FALSE),0) | C11: R$ | D11: Equipe, aluguel, sistemas e apoio
A12: Alíquota do Simples Nacional | B12: 0.072 | C12: % | D12: Parâmetro editável para DAS
A13: Taxa de desconto mensal | B13: 0.015 | C13: % | D13: Parâmetro editável para VPL
A14: Quantidade inicial vendida | B14: 650 | C14: Unidades | D14: Base do primeiro mês
A15: Vida útil do projeto em meses | B15: 60 | C15: Meses | D15: Horizonte de análise

Sheet Projeção Financeira
A1: Projeção financeira: faça o caixa trabalhar a favor do projeto
A2: Preencha datas, preço e custo unitário. O restante calcula sozinho.
A4: Mês | B4: Data | C4: Unidades vendidas | D4: Preço médio unitário | E4: Receita bruta | F4: Impostos — Simples Nacional | G4: Receita líquida | H4: Custo variável unitário | I4: Custos variáveis | J4: Despesas fixas | K4: Investimentos | L4: Fluxo de caixa operacional | M4: Fluxo de caixa livre | N4: Fluxo de caixa acumulado | O4: Margem líquida | P4: Ponto de equilíbrio em unidades | Q4: Situação do mês
A5: Jan/2026 | B5: 46023 | C5: =IF('Projeção Financeira'!$B$5="","",'Premissas'!$B$14) | D5: 185 | E5: =IF(OR('Projeção Financeira'!$C$5="",'Projeção Financeira'!$D$5=""),"",'Projeção Financeira'!$C$5*'Projeção Financeira'!$D$5) | F5: =IF('Projeção Financeira'!$E$5="","",'Projeção Financeira'!$E$5*'Premissas'!$B$12) | G5: =IF('Projeção Financeira'!$E$5="","",'Projeção Financeira'!$E$5-'Projeção Financeira'!$F$5) | H5: 72 | I5: =IF(OR('Projeção Financeira'!$C$5="",'Projeção Financeira'!$H$5=""),"",'Projeção Financeira'!$C$5*'Projeção Financeira'!$H$5) | J5: =IF('Projeção Financeira'!$B$5="","",'Premissas'!$B$11) | K5: =IF('Projeção Financeira'!$B$5="","",-'Premissas'!$B$6) | L5: =IF(OR('Projeção Financeira'!$G$5="",'Projeção Financeira'!$I$5="",'Projeção Financeira'!$J$5=""),"",'Projeção Financeira'!$G$5-'Projeção Financeira'!$I$5-'Projeção Financeira'!$J$5) | M5: =IF('Projeção Financeira'!$L$5="","",'Projeção Financeira'!$K$5+'Projeção Financeira'!$L$5) | N5: =IF('Projeção Financeira'!$M$5="","",'Projeção Financeira'!$M$5) | O5: =IF('Projeção Financeira'!$G$5="","",IFERROR('Projeção Financeira'!$M$5/'Projeção Financeira'!$G$5,0)) | P5: =IF(OR('Projeção Financeira'!$J$5="",'Projeção Financeira'!$D$5="",'Projeção Financeira'!$H$5=""),"",IFERROR('Projeção Financeira'!$J$5/('Projeção Financeira'!$D$5-'Projeção Financeira'!$H$5),0)) | Q5: =IF('Projeção Financeira'!$M$5="","",IF('Projeção Financeira'!$M$5>=0,"Positivo","Negativo"))
A6: Fev/2026 | B6: 46054 | C6: =IF(OR('Projeção Financeira'!$B$6="",'Projeção Financeira'!$C$5=""),"",ROUND('Projeção Financeira'!$C$5*(1+'Premissas'!$B$9),0)) | D6: 186 | E6: =IF(OR('Projeção Financeira'!$C$6="",'Projeção Financeira'!$D$6=""),"",'Projeção Financeira'!$C$6*'Projeção Financeira'!$D$6) | F6: =IF('Projeção Financeira'!$E$6="","",'Projeção Financeira'!$E$6*'Premissas'!$B$12) | G6: =IF('Projeção Financeira'!$E$6="","",'Projeção Financeira'!$E$6-'Projeção Financeira'!$F$6) | H6: 72.5 | I6: =IF(OR('Projeção Financeira'!$C$6="",'Projeção Financeira'!$H$6=""),"",'Projeção Financeira'!$C$6*'Projeção Financeira'!$H$6) | J6: =IF('Projeção Financeira'!$B$6="","",'Premissas'!$B$11) | K6: =IF('Projeção Financeira'!$B$6="","",0) | L6: =IF(OR('Projeção Financeira'!$G$6="",'Projeção Financeira'!$I$6="",'Projeção Financeira'!$J$6=""),"",'Projeção Financeira'!$G$6-'Projeção Financeira'!$I$6-'Projeção Financeira'!$J$6) | M6: =IF('Projeção Financeira'!$L$6="","",'Projeção Financeira'!$K$6+'Projeção Financeira'!$L$6) | N6: =IF('Projeção Financeira'!$M$6="","",'Projeção Financeira'!$N$5+'Projeção Financeira'!$M$6) | O6: =IF('Projeção Financeira'!$G$6="","",IFERROR('Projeção Financeira'!$M$6/'Projeção Financeira'!$G$6,0)) | P6: =IF(OR('Projeção Financeira'!$J$6="",'Projeção Financeira'!$D$6="",'Projeção Financeira'!$H$6=""),"",IFERROR('Projeção Financeira'!$J$6/('Projeção Financeira'!$D$6-'Projeção Financeira'!$H$6),0)) | Q6: =IF('Projeção Financeira'!$M$6="","",IF('Projeção Financeira'!$M$6>=0,"Positivo","Negativo"))
A7: Mar/2026 | B7: 46082 | C7: =IF(OR('Projeção Financeira'!$B$7="",'Projeção Financeira'!$C$6=""),"",ROUND('Projeção Financeira'!$C$6*(1+'Premissas'!$B$9),0)) | D7: 187 | E7: =IF(OR('Projeção Financeira'!$C$7="",'Projeção Financeira'!$D$7=""),"",'Projeção Financeira'!$C$7*'Projeção Financeira'!$D$7) | F7: =IF('Projeção Financeira'!$E$7="","",'Projeção Financeira'!$E$7*'Premissas'!$B$12) | G7: =IF('Projeção Financeira'!$E$7="","",'Projeção Financeira'!$E$7-'Projeção Financeira'!$F$7) | H7: 73 | I7: =IF(OR('Projeção Financeira'!$C$7="",'Projeção Financeira'!$H$7=""),"",'Projeção Financeira'!$C$7*'Projeção Financeira'!$H$7) | J7: =IF('Projeção Financeira'!$B$7="","",'Premissas'!$B$11) | K7: =IF('Projeção Financeira'!$B$7="","",0) | L7: =IF(OR('Projeção Financeira'!$G$7="",'Projeção Financeira'!$I$7="",'Projeção Financeira'!$J$7=""),"",'Projeção Financeira'!$G$7-'Projeção Financeira'!$I$7-'Projeção Financeira'!$J$7) | M7: =IF('Projeção Financeira'!$L$7="","",'Projeção Financeira'!$K$7+'Projeção Financeira'!$L$7) | N7: =IF('Projeção Financeira'!$M$7="","",'Projeção Financeira'!$N$6+'Projeção Financeira'!$M$7) | O7: =IF('Projeção Financeira'!$G$7="","",IFERROR('Projeção Financeira'!$M$7/'Projeção Financeira'!$G$7,0)) | P7: =IF(OR('Projeção Financeira'!$J$7="",'Projeção Financeira'!$D$7="",'Projeção Financeira'!$H$7=""),"",IFERROR('Projeção Financeira'!$J$7/('Projeção Financeira'!$D$7-'Projeção Financeira'!$H$7),0)) | Q7: =IF('Projeção Financeira'!$M$7="","",IF('Projeção Financeira'!$M$7>=0,"Positivo","Negativo"))
A8: Abr/2026 | B8: 46113 | C8: =IF(OR('Projeção Financeira'!$B$8="",'Projeção Financeira'!$C$7=""),"",ROUND('Projeção Financeira'!$C$7*(1+'Premissas'!$B$9),0)) | D8: 188 | E8: =IF(OR('Projeção Financeira'!$C$8="",'Projeção Financeira'!$D$8=""),"",'Projeção Financeira'!$C$8*'Projeção Financeira'!$D$8) | F8: =IF('Projeção Financeira'!$E$8="","",'Projeção Financeira'!$E$8*'Premissas'!$B$12) | G8: =IF('Projeção Financeira'!$E$8="","",'Projeção Financeira'!$E$8-'Projeção Financeira'!$F$8) | H8: 73.5 | I8: =IF(OR('Projeção Financeira'!$C$8="",'Projeção Financeira'!$H$8=""),"",'Projeção Financeira'!$C$8*'Projeção Financeira'!$H$8) | J8: =IF('Projeção Financeira'!$B$8="","",'Premissas'!$B$11) | K8: =IF('Projeção Financeira'!$B$8="","",0) | L8: =IF(OR('Projeção Financeira'!$G$8="",'Projeção Financeira'!$I$8="",'Projeção Financeira'!$J$8=""),"",'Projeção Financeira'!$G$8-'Projeção Financeira'!$I$8-'Projeção Financeira'!$J$8) | M8: =IF('Projeção Financeira'!$L$8="","",'Projeção Financeira'!$K$8+'Projeção Financeira'!$L$8) | N8: =IF('Projeção Financeira'!$M$8="","",'Projeção Financeira'!$N$7+'Projeção Financeira'!$M$8) | O8: =IF('Projeção Financeira'!$G$8="","",IFERROR('Projeção Financeira'!$M$8/'Projeção Financeira'!$G$8,0)) | P8: =IF(OR('Projeção Financeira'!$J$8="",'Projeção Financeira'!$D$8="",'Projeção Financeira'!$H$8=""),"",IFERROR('Projeção Financeira'!$J$8/('Projeção Financeira'!$D$8-'Projeção Financeira'!$H$8),0)) | Q8: =IF('Projeção Financeira'!$M$8="","",IF('Projeção Financeira'!$M$8>=0,"Positivo","Negativo"))
A9: Mai/2026 | B9: 46143 | C9: =IF(OR('Projeção Financeira'!$B$9="",'Projeção Financeira'!$C$8=""),"",ROUND('Projeção Financeira'!$C$8*(1+'Premissas'!$B$9),0)) | D9: 189 | E9: =IF(OR('Projeção Financeira'!$C$9="",'Projeção Financeira'!$D$9=""),"",'Projeção Financeira'!$C$9*'Projeção Financeira'!$D$9) | F9: =IF('Projeção Financeira'!$E$9="","",'Projeção Financeira'!$E$9*'Premissas'!$B$12) | G9: =IF('Projeção Financeira'!$E$9="","",'Projeção Financeira'!$E$9-'Projeção Financeira'!$F$9) | H9: 74 | I9: =IF(OR('Projeção Financeira'!$C$9="",'Projeção Financeira'!$H$9=""),"",'Projeção Financeira'!$C$9*'Projeção Financeira'!$H$9) | J9: =IF('Projeção Financeira'!$B$9="","",'Premissas'!$B$11) | K9: =IF('Projeção Financeira'!$B$9="","",0) | L9: =IF(OR('Projeção Financeira'!$G$9="",'Projeção Financeira'!$I$9="",'Projeção Financeira'!$J$9=""),"",'Projeção Financeira'!$G$9-'Projeção Financeira'!$I$9-'Projeção Financeira'!$J$9) | M9: =IF('Projeção Financeira'!$L$9="","",'Projeção Financeira'!$K$9+'Projeção Financeira'!$L$9) | N9: =IF('Projeção Financeira'!$M$9="","",'Projeção Financeira'!$N$8+'Projeção Financeira'!$M$9) | O9: =IF('Projeção Financeira'!$G$9="","",IFERROR('Projeção Financeira'!$M$9/'Projeção Financeira'!$G$9,0)) | P9: =IF(OR('Projeção Financeira'!$J$9="",'Projeção Financeira'!$D$9="",'Projeção Financeira'!$H$9=""),"",IFERROR('Projeção Financeira'!$J$9/('Projeção Financeira'!$D$9-'Projeção Financeira'!$H$9),0)) | Q9: =IF('Projeção Financeira'!$M$9="","",IF('Projeção Financeira'!$M$9>=0,"Positivo","Negativo"))
A10: Jun/2026 | B10: 46174 | C10: =IF(OR('Projeção Financeira'!$B$10="",'Projeção Financeira'!$C$9=""),"",ROUND('Projeção Financeira'!$C$9*(1+'Premissas'!$B$9),0)) | D10: 190 | E10: =IF(OR('Projeção Financeira'!$C$10="",'Projeção Financeira'!$D$10=""),"",'Projeção Financeira'!$C$10*'Projeção Financeira'!$D$10) | F10: =IF('Projeção Financeira'!$E$10="","",'Projeção Financeira'!$E$10*'Premissas'!$B$12) | G10: =IF('Projeção Financeira'!$E$10="","",'Projeção Financeira'!$E$10-'Projeção Financeira'!$F$10) | H10: 74.5 | I10: =IF(OR('Projeção Financeira'!$C$10="",'Projeção Financeira'!$H$10=""),"",'Projeção Financeira'!$C$10*'Projeção Financeira'!$H$10) | J10: =IF('Projeção Financeira'!$B$10="","",'Premissas'!$B$11) | K10: =IF('Projeção Financeira'!$B$10="","",0) | L10: =IF(OR('Projeção Financeira'!$G$10="",'Projeção Financeira'!$I$10="",'Projeção Financeira'!$J$10=""),"",'Projeção Financeira'!$G$10-'Projeção Financeira'!$I$10-'Projeção Financeira'!$J$10) | M10: =IF('Projeção Financeira'!$L$10="","",'Projeção Financeira'!$K$10+'Projeção Financeira'!$L$10) | N10: =IF('Projeção Financeira'!$M$10="","",'Projeção Financeira'!$N$9+'Projeção Financeira'!$M$10) | O10: =IF('Projeção Financeira'!$G$10="","",IFERROR('Projeção Financeira'!$M$10/'Projeção Financeira'!$G$10,0)) | P10: =IF(OR('Projeção Financeira'!$J$10="",'Projeção Financeira'!$D$10="",'Projeção Financeira'!$H$10=""),"",IFERROR('Projeção Financeira'!$J$10/('Projeção Financeira'!$D$10-'Projeção Financeira'!$H$10),0)) | Q10: =IF('Projeção Financeira'!$M$10="","",IF('Projeção Financeira'!$M$10>=0,"Positivo","Negativo"))
A11: Jul/2026 | B11: 46204 | C11: =IF(OR('Projeção Financeira'!$B$11="",'Projeção Financeira'!$C$10=""),"",ROUND('Projeção Financeira'!$C$10*(1+'Premissas'!$B$9),0)) | D11: 191 | E11: =IF(OR('Projeção Financeira'!$C$11="",'Projeção Financeira'!$D$11=""),"",'Projeção Financeira'!$C$11*'Projeção Financeira'!$D$11) | F11: =IF('Projeção Financeira'!$E$11="","",'Projeção Financeira'!$E$11*'Premissas'!$B$12) | G11: =IF('Projeção Financeira'!$E$11="","",'Projeção Financeira'!$E$11-'Projeção Financeira'!$F$11) | H11: 75 | I11: =IF(OR('Projeção Financeira'!$C$11="",'Projeção Financeira'!$H$11=""),"",'Projeção Financeira'!$C$11*'Projeção Financeira'!$H$11) | J11: =IF('Projeção Financeira'!$B$11="","",'Premissas'!$B$11) | K11: =IF('Projeção Financeira'!$B$11="","",0) | L11: =IF(OR('Projeção Financeira'!$G$11="",'Projeção Financeira'!$I$11="",'Projeção Financeira'!$J$11=""),"",'Projeção Financeira'!$G$11-'Projeção Financeira'!$I$11-'Projeção Financeira'!$J$11) | M11: =IF('Projeção Financeira'!$L$11="","",'Projeção Financeira'!$K$11+'Projeção Financeira'!$L$11) | N11: =IF('Projeção Financeira'!$M$11="","",'Projeção Financeira'!$N$10+'Projeção Financeira'!$M$11) | O11: =IF('Projeção Financeira'!$G$11="","",IFERROR('Projeção Financeira'!$M$11/'Projeção Financeira'!$G$11,0)) | P11: =IF(OR('Projeção Financeira'!$J$11="",'Projeção Financeira'!$D$11="",'Projeção Financeira'!$H$11=""),"",IFERROR('Projeção Financeira'!$J$11/('Projeção Financeira'!$D$11-'Projeção Financeira'!$H$11),0)) | Q11: =IF('Projeção Financeira'!$M$11="","",IF('Projeção Financeira'!$M$11>=0,"Positivo","Negativo"))
A12: Ago/2026 | B12: 46235 | C12: =IF(OR('Projeção Financeira'!$B$12="",'Projeção Financeira'!$C$11=""),"",ROUND('Projeção Financeira'!$C$11*(1+'Premissas'!$B$9),0)) | D12: 192 | E12: =IF(OR('Projeção Financeira'!$C$12="",'Projeção Financeira'!$D$12=""),"",'Projeção Financeira'!$C$12*'Projeção Financeira'!$D$12) | F12: =IF('Projeção Financeira'!$E$12="","",'Projeção Financeira'!$E$12*'Premissas'!$B$12) | G12: =IF('Projeção Financeira'!$E$12="","",'Projeção Financeira'!$E$12-'Projeção Financeira'!$F$12) | H12: 76 | I12: =IF(OR('Projeção Financeira'!$C$12="",'Projeção Financeira'!$H$12=""),"",'Projeção Financeira'!$C$12*'Projeção Financeira'!$H$12) | J12: =IF('Projeção Financeira'!$B$12="","",'Premissas'!$B$11) | K12: =IF('Projeção Financeira'!$B$12="","",0) | L12: =IF(OR('Projeção Financeira'!$G$12="",'Projeção Financeira'!$I$12="",'Projeção Financeira'!$J$12=""),"",'Projeção Financeira'!$G$12-'Projeção Financeira'!$I$12-'Projeção Financeira'!$J$12) | M12: =IF('Projeção Financeira'!$L$12="","",'Projeção Financeira'!$K$12+'Projeção Financeira'!$L$12) | N12: =IF('Projeção Financeira'!$M$12="","",'Projeção Financeira'!$N$11+'Projeção Financeira'!$M$12) | O12: =IF('Projeção Financeira'!$G$12="","",IFERROR('Projeção Financeira'!$M$12/'Projeção Financeira'!$G$12,0)) | P12: =IF(OR('Projeção Financeira'!$J$12="",'Projeção Financeira'!$D$12="",'Projeção Financeira'!$H$12=""),"",IFERROR('Projeção Financeira'!$J$12/('Projeção Financeira'!$D$12-'Projeção Financeira'!$H$12),0)) | Q12: =IF('Projeção Financeira'!$M$12="","",IF('Projeção Financeira'!$M$12>=0,"Positivo","Negativo"))
A13: Set/2026 | B13: 46266 | C13: =IF(OR('Projeção Financeira'!$B$13="",'Projeção Financeira'!$C$12=""),"",ROUND('Projeção Financeira'!$C$12*(1+'Premissas'!$B$9),0)) | D13: 194 | E13: =IF(OR('Projeção Financeira'!$C$13="",'Projeção Financeira'!$D$13=""),"",'Projeção Financeira'!$C$13*'Projeção Financeira'!$D$13) | F13: =IF('Projeção Financeira'!$E$13="","",'Projeção Financeira'!$E$13*'Premissas'!$B$12) | G13: =IF('Projeção Financeira'!$E$13="","",'Projeção Financeira'!$E$13-'Projeção Financeira'!$F$13) | H13: 77 | I13: =IF(OR('Projeção Financeira'!$C$13="",'Projeção Financeira'!$H$13=""),"",'Projeção Financeira'!$C$13*'Projeção Financeira'!$H$13) | J13: =IF('Projeção Financeira'!$B$13="","",'Premissas'!$B$11) | K13: =IF('Projeção Financeira'!$B$13="","",0) | L13: =IF(OR('Projeção Financeira'!$G$13="",'Projeção Financeira'!$I$13="",'Projeção Financeira'!$J$13=""),"",'Projeção Financeira'!$G$13-'Projeção Financeira'!$I$13-'Projeção Financeira'!$J$13) | M13: =IF('Projeção Financeira'!$L$13="","",'Projeção Financeira'!$K$13+'Projeção Financeira'!$L$13) | N13: =IF('Projeção Financeira'!$M$13="","",'Projeção Financeira'!$N$12+'Projeção Financeira'!$M$13) | O13: =IF('Projeção Financeira'!$G$13="","",IFERROR('Projeção Financeira'!$M$13/'Projeção Financeira'!$G$13,0)) | P13: =IF(OR('Projeção Financeira'!$J$13="",'Projeção Financeira'!$D$13="",'Projeção Financeira'!$H$13=""),"",IFERROR('Projeção Financeira'!$J$13/('Projeção Financeira'!$D$13-'Projeção Financeira'!$H$13),0)) | Q13: =IF('Projeção Financeira'!$M$13="","",IF('Projeção Financeira'!$M$13>=0,"Positivo","Negativo"))
A14: Out/2026 | B14: 46296 | C14: =IF(OR('Projeção Financeira'!$B$14="",'Projeção Financeira'!$C$13=""),"",ROUND('Projeção Financeira'!$C$13*(1+'Premissas'!$B$9),0)) | D14: 195 | E14: =IF(OR('Projeção Financeira'!$C$14="",'Projeção Financeira'!$D$14=""),"",'Projeção Financeira'!$C$14*'Projeção Financeira'!$D$14) | F14: =IF('Projeção Financeira'!$E$14="","",'Projeção Financeira'!$E$14*'Premissas'!$B$12) | G14: =IF('Projeção Financeira'!$E$14="","",'Projeção Financeira'!$E$14-'Projeção Financeira'!$F$14) | H14: 78 | I14: =IF(OR('Projeção Financeira'!$C$14="",'Projeção Financeira'!$H$14=""),"",'Projeção Financeira'!$C$14*'Projeção Financeira'!$H$14) | J14: =IF('Projeção Financeira'!$B$14="","",'Premissas'!$B$11) | K14: =IF('Projeção Financeira'!$B$14="","",0) | L14: =IF(OR('Projeção Financeira'!$G$14="",'Projeção Financeira'!$I$14="",'Projeção Financeira'!$J$14=""),"",'Projeção Financeira'!$G$14-'Projeção Financeira'!$I$14-'Projeção Financeira'!$J$14) | M14: =IF('Projeção Financeira'!$L$14="","",'Projeção Financeira'!$K$14+'Projeção Financeira'!$L$14) | N14: =IF('Projeção Financeira'!$M$14="","",'Projeção Financeira'!$N$13+'Projeção Financeira'!$M$14) | O14: =IF('Projeção Financeira'!$G$14="","",IFERROR('Projeção Financeira'!$M$14/'Projeção Financeira'!$G$14,0)) | P14: =IF(OR('Projeção Financeira'!$J$14="",'Projeção Financeira'!$D$14="",'Projeção Financeira'!$H$14=""),"",IFERROR('Projeção Financeira'!$J$14/('Projeção Financeira'!$D$14-'Projeção Financeira'!$H$14),0)) | Q14: =IF('Projeção Financeira'!$M$14="","",IF('Projeção Financeira'!$M$14>=0,"Positivo","Negativo"))
C15: =IF(OR('Projeção Financeira'!$B$15="",'Projeção Financeira'!$C$14=""),"",ROUND('Projeção Financeira'!$C$14*(1+'Premissas'!$B$9),0)) | E15: =IF(OR('Projeção Financeira'!$C$15="",'Projeção Financeira'!$D$15=""),"",'Projeção Financeira'!$C$15*'Projeção Financeira'!$D$15) | F15: =IF('Projeção Financeira'!$E$15="","",'Projeção Financeira'!$E$15*'Premissas'!$B$12) | G15: =IF('Projeção Financeira'!$E$15="","",'Projeção Financeira'!$E$15-'Projeção Financeira'!$F$15) | I15: =IF(OR('Projeção Financeira'!$C$15="",'Projeção Financeira'!$H$15=""),"",'Projeção Financeira'!$C$15*'Projeção Financeira'!$H$15) | J15: =IF('Projeção Financeira'!$B$15="","",'Premissas'!$B$11) | K15: =IF('Projeção Financeira'!$B$15="","",0) | L15: =IF(OR('Projeção Financeira'!$G$15="",'Projeção Financeira'!$I$15="",'Projeção Financeira'!$J$15=""),"",'Projeção Financeira'!$G$15-'Projeção Financeira'!$I$15-'Projeção Financeira'!$J$15) | M15: =IF('Projeção Financeira'!$L$15="","",'Projeção Financeira'!$K$15+'Projeção Financeira'!$L$15) | N15: =IF('Projeção Financeira'!$M$15="","",'Projeção Financeira'!$N$14+'Projeção Financeira'!$M$15) | O15: =IF('Projeção Financeira'!$G$15="","",IFERROR('Projeção Financeira'!$M$15/'Projeção Financeira'!$G$15,0)) | P15: =IF(OR('Projeção Financeira'!$J$15="",'Projeção Financeira'!$D$15="",'Projeção Financeira'!$H$15=""),"",IFERROR('Projeção Financeira'!$J$15/('Projeção Financeira'!$D$15-'Projeção Financeira'!$H$15),0)) | Q15: =IF('Projeção Financeira'!$M$15="","",IF('Projeção Financeira'!$M$15>=0,"Positivo","Negativo"))
C16: =IF(OR('Projeção Financeira'!$B$16="",'Projeção Financeira'!$C$15=""),"",ROUND('Projeção Financeira'!$C$15*(1+'Premissas'!$B$9),0)) | E16: =IF(OR('Projeção Financeira'!$C$16="",'Projeção Financeira'!$D$16=""),"",'Projeção Financeira'!$C$16*'Projeção Financeira'!$D$16) | F16: =IF('Projeção Financeira'!$E$16="","",'Projeção Financeira'!$E$16*'Premissas'!$B$12) | G16: =IF('Projeção Financeira'!$E$16="","",'Projeção Financeira'!$E$16-'Projeção Financeira'!$F$16) | I16: =IF(OR('Projeção Financeira'!$C$16="",'Projeção Financeira'!$H$16=""),"",'Projeção Financeira'!$C$16*'Projeção Financeira'!$H$16) | J16: =IF('Projeção Financeira'!$B$16="","",'Premissas'!$B$11) | K16: =IF('Projeção Financeira'!$B$16="","",0) | L16: =IF(OR('Projeção Financeira'!$G$16="",'Projeção Financeira'!$I$16="",'Projeção Financeira'!$J$16=""),"",'Projeção Financeira'!$G$16-'Projeção Financeira'!$I$16-'Projeção Financeira'!$J$16) | M16: =IF('Projeção Financeira'!$L$16="","",'Projeção Financeira'!$K$16+'Projeção Financeira'!$L$16) | N16: =IF('Projeção Financeira'!$M$16="","",'Projeção Financeira'!$N$15+'Projeção Financeira'!$M$16) | O16: =IF('Projeção Financeira'!$G$16="","",IFERROR('Projeção Financeira'!$M$16/'Projeção Financeira'!$G$16,0)) | P16: =IF(OR('Projeção Financeira'!$J$16="",'Projeção Financeira'!$D$16="",'Projeção Financeira'!$H$16=""),"",IFERROR('Projeção Financeira'!$J$16/('Projeção Financeira'!$D$16-'Projeção Financeira'!$H$16),0)) | Q16: =IF('Projeção Financeira'!$M$16="","",IF('Projeção Financeira'!$M$16>=0,"Positivo","Negativo"))
C17: =IF(OR('Projeção Financeira'!$B$17="",'Projeção Financeira'!$C$16=""),"",ROUND('Projeção Financeira'!$C$16*(1+'Premissas'!$B$9),0)) | E17: =IF(OR('Projeção Financeira'!$C$17="",'Projeção Financeira'!$D$17=""),"",'Projeção Financeira'!$C$17*'Projeção Financeira'!$D$17) | F17: =IF('Projeção Financeira'!$E$17="","",'Projeção Financeira'!$E$17*'Premissas'!$B$12) | G17: =IF('Projeção Financeira'!$E$17="","",'Projeção Financeira'!$E$17-'Projeção Financeira'!$F$17) | I17: =IF(OR('Projeção Financeira'!$C$17="",'Projeção Financeira'!$H$17=""),"",'Projeção Financeira'!$C$17*'Projeção Financeira'!$H$17) | J17: =IF('Projeção Financeira'!$B$17="","",'Premissas'!$B$11) | K17: =IF('Projeção Financeira'!$B$17="","",0) | L17: =IF(OR('Projeção Financeira'!$G$17="",'Projeção Financeira'!$I$17="",'Projeção Financeira'!$J$17=""),"",'Projeção Financeira'!$G$17-'Projeção Financeira'!$I$17-'Projeção Financeira'!$J$17) | M17: =IF('Projeção Financeira'!$L$17="","",'Projeção Financeira'!$K$17+'Projeção Financeira'!$L$17) | N17: =IF('Projeção Financeira'!$M$17="","",'Projeção Financeira'!$N$16+'Projeção Financeira'!$M$17) | O17: =IF('Projeção Financeira'!$G$17="","",IFERROR('Projeção Financeira'!$M$17/'Projeção Financeira'!$G$17,0)) | P17: =IF(OR('Projeção Financeira'!$J$17="",'Projeção Financeira'!$D$17="",'Projeção Financeira'!$H$17=""),"",IFERROR('Projeção Financeira'!$J$17/('Projeção Financeira'!$D$17-'Projeção Financeira'!$H$17),0)) | Q17: =IF('Projeção Financeira'!$M$17="","",IF('Projeção Financeira'!$M$17>=0,"Positivo","Negativo"))
C18: =IF(OR('Projeção Financeira'!$B$18="",'Projeção Financeira'!$C$17=""),"",ROUND('Projeção Financeira'!$C$17*(1+'Premissas'!$B$9),0)) | E18: =IF(OR('Projeção Financeira'!$C$18="",'Projeção Financeira'!$D$18=""),"",'Projeção Financeira'!$C$18*'Projeção Financeira'!$D$18) | F18: =IF('Projeção Financeira'!$E$18="","",'Projeção Financeira'!$E$18*'Premissas'!$B$12) | G18: =IF('Projeção Financeira'!$E$18="","",'Projeção Financeira'!$E$18-'Projeção Financeira'!$F$18) | I18: =IF(OR('Projeção Financeira'!$C$18="",'Projeção Financeira'!$H$18=""),"",'Projeção Financeira'!$C$18*'Projeção Financeira'!$H$18) | J18: =IF('Projeção Financeira'!$B$18="","",'Premissas'!$B$11) | K18: =IF('Projeção Financeira'!$B$18="","",0) | L18: =IF(OR('Projeção Financeira'!$G$18="",'Projeção Financeira'!$I$18="",'Projeção Financeira'!$J$18=""),"",'Projeção Financeira'!$G$18-'Projeção Financeira'!$I$18-'Projeção Financeira'!$J$18) | M18: =IF('Projeção Financeira'!$L$18="","",'Projeção Financeira'!$K$18+'Projeção Financeira'!$L$18) | N18: =IF('Projeção Financeira'!$M$18="","",'Projeção Financeira'!$N$17+'Projeção Financeira'!$M$18) | O18: =IF('Projeção Financeira'!$G$18="","",IFERROR('Projeção Financeira'!$M$18/'Projeção Financeira'!$G$18,0)) | P18: =IF(OR('Projeção Financeira'!$J$18="",'Projeção Financeira'!$D$18="",'Projeção Financeira'!$H$18=""),"",IFERROR('Projeção Financeira'!$J$18/('Projeção Financeira'!$D$18-'Projeção Financeira'!$H$18),0)) | Q18: =IF('Projeção Financeira'!$M$18="","",IF('Projeção Financeira'!$M$18>=0,"Positivo","Negativo"))
C19: =IF(OR('Projeção Financeira'!$B$19="",'Projeção Financeira'!$C$18=""),"",ROUND('Projeção Financeira'!$C$18*(1+'Premissas'!$B$9),0)) | E19: =IF(OR('Projeção Financeira'!$C$19="",'Projeção Financeira'!$D$19=""),"",'Projeção Financeira'!$C$19*'Projeção Financeira'!$D$19) | F19: =IF('Projeção Financeira'!$E$19="","",'Projeção Financeira'!$E$19*'Premissas'!$B$12) | G19: =IF('Projeção Financeira'!$E$19="","",'Projeção Financeira'!$E$19-'Projeção Financeira'!$F$19) | I19: =IF(OR('Projeção Financeira'!$C$19="",'Projeção Financeira'!$H$19=""),"",'Projeção Financeira'!$C$19*'Projeção Financeira'!$H$19) | J19: =IF('Projeção Financeira'!$B$19="","",'Premissas'!$B$11) | K19: =IF('Projeção Financeira'!$B$19="","",0) | L19: =IF(OR('Projeção Financeira'!$G$19="",'Projeção Financeira'!$I$19="",'Projeção Financeira'!$J$19=""),"",'Projeção Financeira'!$G$19-'Projeção Financeira'!$I$19-'Projeção Financeira'!$J$19) | M19: =IF('Projeção Financeira'!$L$19="","",'Projeção Financeira'!$K$19+'Projeção Financeira'!$L$19) | N19: =IF('Projeção Financeira'!$M$19="","",'Projeção Financeira'!$N$18+'Projeção Financeira'!$M$19) | O19: =IF('Projeção Financeira'!$G$19="","",IFERROR('Projeção Financeira'!$M$19/'Projeção Financeira'!$G$19,0)) | P19: =IF(OR('Projeção Financeira'!$J$19="",'Projeção Financeira'!$D$19="",'Projeção Financeira'!$H$19=""),"",IFERROR('Projeção Financeira'!$J$19/('Projeção Financeira'!$D$19-'Projeção Financeira'!$H$19),0)) | Q19: =IF('Projeção Financeira'!$M$19="","",IF('Projeção Financeira'!$M$19>=0,"Positivo","Negativo"))
C20: =IF(OR('Projeção Financeira'!$B$20="",'Projeção Financeira'!$C$19=""),"",ROUND('Projeção Financeira'!$C$19*(1+'Premissas'!$B$9),0)) | E20: =IF(OR('Projeção Financeira'!$C$20="",'Projeção Financeira'!$D$20=""),"",'Projeção Financeira'!$C$20*'Projeção Financeira'!$D$20) | F20: =IF('Projeção Financeira'!$E$20="","",'Projeção Financeira'!$E$20*'Premissas'!$B$12) | G20: =IF('Projeção Financeira'!$E$20="","",'Projeção Financeira'!$E$20-'Projeção Financeira'!$F$20) | I20: =IF(OR('Projeção Financeira'!$C$20="",'Projeção Financeira'!$H$20=""),"",'Projeção Financeira'!$C$20*'Projeção Financeira'!$H$20) | J20: =IF('Projeção Financeira'!$B$20="","",'Premissas'!$B$11) | K20: =IF('Projeção Financeira'!$B$20="","",0) | L20: =IF(OR('Projeção Financeira'!$G$20="",'Projeção Financeira'!$I$20="",'Projeção Financeira'!$J$20=""),"",'Projeção Financeira'!$G$20-'Projeção Financeira'!$I$20-'Projeção Financeira'!$J$20) | M20: =IF('Projeção Financeira'!$L$20="","",'Projeção Financeira'!$K$20+'Projeção Financeira'!$L$20) | N20: =IF('Projeção Financeira'!$M$20="","",'Projeção Financeira'!$N$19+'Projeção Financeira'!$M$20) | O20: =IF('Projeção Financeira'!$G$20="","",IFERROR('Projeção Financeira'!$M$20/'Projeção Financeira'!$G$20,0)) | P20: =IF(OR('Projeção Financeira'!$J$20="",'Projeção Financeira'!$D$20="",'Projeção Financeira'!$H$20=""),"",IFERROR('Projeção Financeira'!$J$20/('Projeção Financeira'!$D$20-'Projeção Financeira'!$H$20),0)) | Q20: =IF('Projeção Financeira'!$M$20="","",IF('Projeção Financeira'!$M$20>=0,"Positivo","Negativo"))
C21: =IF(OR('Projeção Financeira'!$B$21="",'Projeção Financeira'!$C$20=""),"",ROUND('Projeção Financeira'!$C$20*(1+'Premissas'!$B$9),0)) | E21: =IF(OR('Projeção Financeira'!$C$21="",'Projeção Financeira'!$D$21=""),"",'Projeção Financeira'!$C$21*'Projeção Financeira'!$D$21) | F21: =IF('Projeção Financeira'!$E$21="","",'Projeção Financeira'!$E$21*'Premissas'!$B$12) | G21: =IF('Projeção Financeira'!$E$21="","",'Projeção Financeira'!$E$21-'Projeção Financeira'!$F$21) | I21: =IF(OR('Projeção Financeira'!$C$21="",'Projeção Financeira'!$H$21=""),"",'Projeção Financeira'!$C$21*'Projeção Financeira'!$H$21) | J21: =IF('Projeção Financeira'!$B$21="","",'Premissas'!$B$11) | K21: =IF('Projeção Financeira'!$B$21="","",0) | L21: =IF(OR('Projeção Financeira'!$G$21="",'Projeção Financeira'!$I$21="",'Projeção Financeira'!$J$21=""),"",'Projeção Financeira'!$G$21-'Projeção Financeira'!$I$21-'Projeção Financeira'!$J$21) | M21: =IF('Projeção Financeira'!$L$21="","",'Projeção Financeira'!$K$21+'Projeção Financeira'!$L$21) | N21: =IF('Projeção Financeira'!$M$21="","",'Projeção Financeira'!$N$20+'Projeção Financeira'!$M$21) | O21: =IF('Projeção Financeira'!$G$21="","",IFERROR('Projeção Financeira'!$M$21/'Projeção Financeira'!$G$21,0)) | P21: =IF(OR('Projeção Financeira'!$J$21="",'Projeção Financeira'!$D$21="",'Projeção Financeira'!$H$21=""),"",IFERROR('Projeção Financeira'!$J$21/('Projeção Financeira'!$D$21-'Projeção Financeira'!$H$21),0)) | Q21: =IF('Projeção Financeira'!$M$21="","",IF('Projeção Financeira'!$M$21>=0,"Positivo","Negativo"))
C22: =IF(OR('Projeção Financeira'!$B$22="",'Projeção Financeira'!$C$21=""),"",ROUND('Projeção Financeira'!$C$21*(1+'Premissas'!$B$9),0)) | E22: =IF(OR('Projeção Financeira'!$C$22="",'Projeção Financeira'!$D$22=""),"",'Projeção Financeira'!$C$22*'Projeção Financeira'!$D$22) | F22: =IF('Projeção Financeira'!$E$22="","",'Projeção Financeira'!$E$22*'Premissas'!$B$12) | G22: =IF('Projeção Financeira'!$E$22="","",'Projeção Financeira'!$E$22-'Projeção Financeira'!$F$22) | I22: =IF(OR('Projeção Financeira'!$C$22="",'Projeção Financeira'!$H$22=""),"",'Projeção Financeira'!$C$22*'Projeção Financeira'!$H$22) | J22: =IF('Projeção Financeira'!$B$22="","",'Premissas'!$B$11) | K22: =IF('Projeção Financeira'!$B$22="","",0) | L22: =IF(OR('Projeção Financeira'!$G$22="",'Projeção Financeira'!$I$22="",'Projeção Financeira'!$J$22=""),"",'Projeção Financeira'!$G$22-'Projeção Financeira'!$I$22-'Projeção Financeira'!$J$22) | M22: =IF('Projeção Financeira'!$L$22="","",'Projeção Financeira'!$K$22+'Projeção Financeira'!$L$22) | N22: =IF('Projeção Financeira'!$M$22="","",'Projeção Financeira'!$N$21+'Projeção Financeira'!$M$22) | O22: =IF('Projeção Financeira'!$G$22="","",IFERROR('Projeção Financeira'!$M$22/'Projeção Financeira'!$G$22,0)) | P22: =IF(OR('Projeção Financeira'!$J$22="",'Projeção Financeira'!$D$22="",'Projeção Financeira'!$H$22=""),"",IFERROR('Projeção Financeira'!$J$22/('Projeção Financeira'!$D$22-'Projeção Financeira'!$H$22),0)) | Q22: =IF('Projeção Financeira'!$M$22="","",IF('Projeção Financeira'!$M$22>=0,"Positivo","Negativo"))
C23: =IF(OR('Projeção Financeira'!$B$23="",'Projeção Financeira'!$C$22=""),"",ROUND('Projeção Financeira'!$C$22*(1+'Premissas'!$B$9),0)) | E23: =IF(OR('Projeção Financeira'!$C$23="",'Projeção Financeira'!$D$23=""),"",'Projeção Financeira'!$C$23*'Projeção Financeira'!$D$23) | F23: =IF('Projeção Financeira'!$E$23="","",'Projeção Financeira'!$E$23*'Premissas'!$B$12) | G23: =IF('Projeção Financeira'!$E$23="","",'Projeção Financeira'!$E$23-'Projeção Financeira'!$F$23) | I23: =IF(OR('Projeção Financeira'!$C$23="",'Projeção Financeira'!$H$23=""),"",'Projeção Financeira'!$C$23*'Projeção Financeira'!$H$23) | J23: =IF('Projeção Financeira'!$B$23="","",'Premissas'!$B$11) | K23: =IF('Projeção Financeira'!$B$23="","",0) | L23: =IF(OR('Projeção Financeira'!$G$23="",'Projeção Financeira'!$I$23="",'Projeção Financeira'!$J$23=""),"",'Projeção Financeira'!$G$23-'Projeção Financeira'!$I$23-'Projeção Financeira'!$J$23) | M23: =IF('Projeção Financeira'!$L$23="","",'Projeção Financeira'!$K$23+'Projeção Financeira'!$L$23) | N23: =IF('Projeção Financeira'!$M$23="","",'Projeção Financeira'!$N$22+'Projeção Financeira'!$M$23) | O23: =IF('Projeção Financeira'!$G$23="","",IFERROR('Projeção Financeira'!$M$23/'Projeção Financeira'!$G$23,0)) | P23: =IF(OR('Projeção Financeira'!$J$23="",'Projeção Financeira'!$D$23="",'Projeção Financeira'!$H$23=""),"",IFERROR('Projeção Financeira'!$J$23/('Projeção Financeira'!$D$23-'Projeção Financeira'!$H$23),0)) | Q23: =IF('Projeção Financeira'!$M$23="","",IF('Projeção Financeira'!$M$23>=0,"Positivo","Negativo"))
C24: =IF(OR('Projeção Financeira'!$B$24="",'Projeção Financeira'!$C$23=""),"",ROUND('Projeção Financeira'!$C$23*(1+'Premissas'!$B$9),0)) | E24: =IF(OR('Projeção Financeira'!$C$24="",'Projeção Financeira'!$D$24=""),"",'Projeção Financeira'!$C$24*'Projeção Financeira'!$D$24) | F24: =IF('Projeção Financeira'!$E$24="","",'Projeção Financeira'!$E$24*'Premissas'!$B$12) | G24: =IF('Projeção Financeira'!$E$24="","",'Projeção Financeira'!$E$24-'Projeção Financeira'!$F$24) | I24: =IF(OR('Projeção Financeira'!$C$24="",'Projeção Financeira'!$H$24=""),"",'Projeção Financeira'!$C$24*'Projeção Financeira'!$H$24) | J24: =IF('Projeção Financeira'!$B$24="","",'Premissas'!$B$11) | K24: =IF('Projeção Financeira'!$B$24="","",0) | L24: =IF(OR('Projeção Financeira'!$G$24="",'Projeção Financeira'!$I$24="",'Projeção Financeira'!$J$24=""),"",'Projeção Financeira'!$G$24-'Projeção Financeira'!$I$24-'Projeção Financeira'!$J$24) | M24: =IF('Projeção Financeira'!$L$24="","",'Projeção Financeira'!$K$24+'Projeção Financeira'!$L$24) | N24: =IF('Projeção Financeira'!$M$24="","",'Projeção Financeira'!$N$23+'Projeção Financeira'!$M$24) | O24: =IF('Projeção Financeira'!$G$24="","",IFERROR('Projeção Financeira'!$M$24/'Projeção Financeira'!$G$24,0)) | P24: =IF(OR('Projeção Financeira'!$J$24="",'Projeção Financeira'!$D$24="",'Projeção Financeira'!$H$24=""),"",IFERROR('Projeção Financeira'!$J$24/('Projeção Financeira'!$D$24-'Projeção Financeira'!$H$24),0)) | Q24: =IF('Projeção Financeira'!$M$24="","",IF('Projeção Financeira'!$M$24>=0,"Positivo","Negativo"))
C25: =IF(OR('Projeção Financeira'!$B$25="",'Projeção Financeira'!$C$24=""),"",ROUND('Projeção Financeira'!$C$24*(1+'Premissas'!$B$9),0)) | E25: =IF(OR('Projeção Financeira'!$C$25="",'Projeção Financeira'!$D$25=""),"",'Projeção Financeira'!$C$25*'Projeção Financeira'!$D$25) | F25: =IF('Projeção Financeira'!$E$25="","",'Projeção Financeira'!$E$25*'Premissas'!$B$12) | G25: =IF('Projeção Financeira'!$E$25="","",'Projeção Financeira'!$E$25-'Projeção Financeira'!$F$25) | I25: =IF(OR('Projeção Financeira'!$C$25="",'Projeção Financeira'!$H$25=""),"",'Projeção Financeira'!$C$25*'Projeção Financeira'!$H$25) | J25: =IF('Projeção Financeira'!$B$25="","",'Premissas'!$B$11) | K25: =IF('Projeção Financeira'!$B$25="","",0) | L25: =IF(OR('Projeção Financeira'!$G$25="",'Projeção Financeira'!$I$25="",'Projeção Financeira'!$J$25=""),"",'Projeção Financeira'!$G$25-'Projeção Financeira'!$I$25-'Projeção Financeira'!$J$25) | M25: =IF('Projeção Financeira'!$L$25="","",'Projeção Financeira'!$K$25+'Projeção Financeira'!$L$25) | N25: =IF('Projeção Financeira'!$M$25="","",'Projeção Financeira'!$N$24+'Projeção Financeira'!$M$25) | O25: =IF('Projeção Financeira'!$G$25="","",IFERROR('Projeção Financeira'!$M$25/'Projeção Financeira'!$G$25,0)) | P25: =IF(OR('Projeção Financeira'!$J$25="",'Projeção Financeira'!$D$25="",'Projeção Financeira'!$H$25=""),"",IFERROR('Projeção Financeira'!$J$25/('Projeção Financeira'!$D$25-'Projeção Financeira'!$H$25),0)) | Q25: =IF('Projeção Financeira'!$M$25="","",IF('Projeção Financeira'!$M$25>=0,"Positivo","Negativo"))
C26: =IF(OR('Projeção Financeira'!$B$26="",'Projeção Financeira'!$C$25=""),"",ROUND('Projeção Financeira'!$C$25*(1+'Premissas'!$B$9),0)) | E26: =IF(OR('Projeção Financeira'!$C$26="",'Projeção Financeira'!$D$26=""),"",'Projeção Financeira'!$C$26*'Projeção Financeira'!$D$26) | F26: =IF('Projeção Financeira'!$E$26="","",'Projeção Financeira'!$E$26*'Premissas'!$B$12) | G26: =IF('Projeção Financeira'!$E$26="","",'Projeção Financeira'!$E$26-'Projeção Financeira'!$F$26) | I26: =IF(OR('Projeção Financeira'!$C$26="",'Projeção Financeira'!$H$26=""),"",'Projeção Financeira'!$C$26*'Projeção Financeira'!$H$26) | J26: =IF('Projeção Financeira'!$B$26="","",'Premissas'!$B$11) | K26: =IF('Projeção Financeira'!$B$26="","",0) | L26: =IF(OR('Projeção Financeira'!$G$26="",'Projeção Financeira'!$I$26="",'Projeção Financeira'!$J$26=""),"",'Projeção Financeira'!$G$26-'Projeção Financeira'!$I$26-'Projeção Financeira'!$J$26) | M26: =IF('Projeção Financeira'!$L$26="","",'Projeção Financeira'!$K$26+'Projeção Financeira'!$L$26) | N26: =IF('Projeção Financeira'!$M$26="","",'Projeção Financeira'!$N$25+'Projeção Financeira'!$M$26) | O26: =IF('Projeção Financeira'!$G$26="","",IFERROR('Projeção Financeira'!$M$26/'Projeção Financeira'!$G$26,0)) | P26: =IF(OR('Projeção Financeira'!$J$26="",'Projeção Financeira'!$D$26="",'Projeção Financeira'!$H$26=""),"",IFERROR('Projeção Financeira'!$J$26/('Projeção Financeira'!$D$26-'Projeção Financeira'!$H$26),0)) | Q26: =IF('Projeção Financeira'!$M$26="","",IF('Projeção Financeira'!$M$26>=0,"Positivo","Negativo"))
C27: =IF(OR('Projeção Financeira'!$B$27="",'Projeção Financeira'!$C$26=""),"",ROUND('Projeção Financeira'!$C$26*(1+'Premissas'!$B$9),0)) | E27: =IF(OR('Projeção Financeira'!$C$27="",'Projeção Financeira'!$D$27=""),"",'Projeção Financeira'!$C$27*'Projeção Financeira'!$D$27) | F27: =IF('Projeção Financeira'!$E$27="","",'Projeção Financeira'!$E$27*'Premissas'!$B$12) | G27: =IF('Projeção Financeira'!$E$27="","",'Projeção Financeira'!$E$27-'Projeção Financeira'!$F$27) | I27: =IF(OR('Projeção Financeira'!$C$27="",'Projeção Financeira'!$H$27=""),"",'Projeção Financeira'!$C$27*'Projeção Financeira'!$H$27) | J27: =IF('Projeção Financeira'!$B$27="","",'Premissas'!$B$11) | K27: =IF('Projeção Financeira'!$B$27="","",0) | L27: =IF(OR('Projeção Financeira'!$G$27="",'Projeção Financeira'!$I$27="",'Projeção Financeira'!$J$27=""),"",'Projeção Financeira'!$G$27-'Projeção Financeira'!$I$27-'Projeção Financeira'!$J$27) | M27: =IF('Projeção Financeira'!$L$27="","",'Projeção Financeira'!$K$27+'Projeção Financeira'!$L$27) | N27: =IF('Projeção Financeira'!$M$27="","",'Projeção Financeira'!$N$26+'Projeção Financeira'!$M$27) | O27: =IF('Projeção Financeira'!$G$27="","",IFERROR('Projeção Financeira'!$M$27/'Projeção Financeira'!$G$27,0)) | P27: =IF(OR('Projeção Financeira'!$J$27="",'Projeção Financeira'!$D$27="",'Projeção Financeira'!$H$27=""),"",IFERROR('Projeção Financeira'!$J$27/('Projeção Financeira'!$D$27-'Projeção Financeira'!$H$27),0)) | Q27: =IF('Projeção Financeira'!$M$27="","",IF('Projeção Financeira'!$M$27>=0,"Positivo","Negativo"))
C28: =IF(OR('Projeção Financeira'!$B$28="",'Projeção Financeira'!$C$27=""),"",ROUND('Projeção Financeira'!$C$27*(1+'Premissas'!$B$9),0)) | E28: =IF(OR('Projeção Financeira'!$C$28="",'Projeção Financeira'!$D$28=""),"",'Projeção Financeira'!$C$28*'Projeção Financeira'!$D$28) | F28: =IF('Projeção Financeira'!$E$28="","",'Projeção Financeira'!$E$28*'Premissas'!$B$12) | G28: =IF('Projeção Financeira'!$E$28="","",'Projeção Financeira'!$E$28-'Projeção Financeira'!$F$28) | I28: =IF(OR('Projeção Financeira'!$C$28="",'Projeção Financeira'!$H$28=""),"",'Projeção Financeira'!$C$28*'Projeção Financeira'!$H$28) | J28: =IF('Projeção Financeira'!$B$28="","",'Premissas'!$B$11) | K28: =IF('Projeção Financeira'!$B$28="","",0) | L28: =IF(OR('Projeção Financeira'!$G$28="",'Projeção Financeira'!$I$28="",'Projeção Financeira'!$J$28=""),"",'Projeção Financeira'!$G$28-'Projeção Financeira'!$I$28-'Projeção Financeira'!$J$28) | M28: =IF('Projeção Financeira'!$L$28="","",'Projeção Financeira'!$K$28+'Projeção Financeira'!$L$28) | N28: =IF('Projeção Financeira'!$M$28="","",'Projeção Financeira'!$N$27+'Projeção Financeira'!$M$28) | O28: =IF('Projeção Financeira'!$G$28="","",IFERROR('Projeção Financeira'!$M$28/'Projeção Financeira'!$G$28,0)) | P28: =IF(OR('Projeção Financeira'!$J$28="",'Projeção Financeira'!$D$28="",'Projeção Financeira'!$H$28=""),"",IFERROR('Projeção Financeira'!$J$28/('Projeção Financeira'!$D$28-'Projeção Financeira'!$H$28),0)) | Q28: =IF('Projeção Financeira'!$M$28="","",IF('Projeção Financeira'!$M$28>=0,"Positivo","Negativo"))
C29: =IF(OR('Projeção Financeira'!$B$29="",'Projeção Financeira'!$C$28=""),"",ROUND('Projeção Financeira'!$C$28*(1+'Premissas'!$B$9),0)) | E29: =IF(OR('Projeção Financeira'!$C$29="",'Projeção Financeira'!$D$29=""),"",'Projeção Financeira'!$C$29*'Projeção Financeira'!$D$29) | F29: =IF('Projeção Financeira'!$E$29="","",'Projeção Financeira'!$E$29*'Premissas'!$B$12) | G29: =IF('Projeção Financeira'!$E$29="","",'Projeção Financeira'!$E$29-'Projeção Financeira'!$F$29) | I29: =IF(OR('Projeção Financeira'!$C$29="",'Projeção Financeira'!$H$29=""),"",'Projeção Financeira'!$C$29*'Projeção Financeira'!$H$29) | J29: =IF('Projeção Financeira'!$B$29="","",'Premissas'!$B$11) | K29: =IF('Projeção Financeira'!$B$29="","",0) | L29: =IF(OR('Projeção Financeira'!$G$29="",'Projeção Financeira'!$I$29="",'Projeção Financeira'!$J$29=""),"",'Projeção Financeira'!$G$29-'Projeção Financeira'!$I$29-'Projeção Financeira'!$J$29) | M29: =IF('Projeção Financeira'!$L$29="","",'Projeção Financeira'!$K$29+'Projeção Financeira'!$L$29) | N29: =IF('Projeção Financeira'!$M$29="","",'Projeção Financeira'!$N$28+'Projeção Financeira'!$M$29) | O29: =IF('Projeção Financeira'!$G$29="","",IFERROR('Projeção Financeira'!$M$29/'Projeção Financeira'!$G$29,0)) | P29: =IF(OR('Projeção Financeira'!$J$29="",'Projeção Financeira'!$D$29="",'Projeção Financeira'!$H$29=""),"",IFERROR('Projeção Financeira'!$J$29/('Projeção Financeira'!$D$29-'Projeção Financeira'!$H$29),0)) | Q29: =IF('Projeção Financeira'!$M$29="","",IF('Projeção Financeira'!$M$29>=0,"Positivo","Negativo"))
C30: =IF(OR('Projeção Financeira'!$B$30="",'Projeção Financeira'!$C$29=""),"",ROUND('Projeção Financeira'!$C$29*(1+'Premissas'!$B$9),0)) | E30: =IF(OR('Projeção Financeira'!$C$30="",'Projeção Financeira'!$D$30=""),"",'Projeção Financeira'!$C$30*'Projeção Financeira'!$D$30) | F30: =IF('Projeção Financeira'!$E$30="","",'Projeção Financeira'!$E$30*'Premissas'!$B$12) | G30: =IF('Projeção Financeira'!$E$30="","",'Projeção Financeira'!$E$30-'Projeção Financeira'!$F$30) | I30: =IF(OR('Projeção Financeira'!$C$30="",'Projeção Financeira'!$H$30=""),"",'Projeção Financeira'!$C$30*'Projeção Financeira'!$H$30) | J30: =IF('Projeção Financeira'!$B$30="","",'Premissas'!$B$11) | K30: =IF('Projeção Financeira'!$B$30="","",0) | L30: =IF(OR('Projeção Financeira'!$G$30="",'Projeção Financeira'!$I$30="",'Projeção Financeira'!$J$30=""),"",'Projeção Financeira'!$G$30-'Projeção Financeira'!$I$30-'Projeção Financeira'!$J$30) | M30: =IF('Projeção Financeira'!$L$30="","",'Projeção Financeira'!$K$30+'Projeção Financeira'!$L$30) | N30: =IF('Projeção Financeira'!$M$30="","",'Projeção Financeira'!$N$29+'Projeção Financeira'!$M$30) | O30: =IF('Projeção Financeira'!$G$30="","",IFERROR('Projeção Financeira'!$M$30/'Projeção Financeira'!$G$30,0)) | P30: =IF(OR('Projeção Financeira'!$J$30="",'Projeção Financeira'!$D$30="",'Projeção Financeira'!$H$30=""),"",IFERROR('Projeção Financeira'!$J$30/('Projeção Financeira'!$D$30-'Projeção Financeira'!$H$30),0)) | Q30: =IF('Projeção Financeira'!$M$30="","",IF('Projeção Financeira'!$M$30>=0,"Positivo","Negativo"))
C31: =IF(OR('Projeção Financeira'!$B$31="",'Projeção Financeira'!$C$30=""),"",ROUND('Projeção Financeira'!$C$30*(1+'Premissas'!$B$9),0)) | E31: =IF(OR('Projeção Financeira'!$C$31="",'Projeção Financeira'!$D$31=""),"",'Projeção Financeira'!$C$31*'Projeção Financeira'!$D$31) | F31: =IF('Projeção Financeira'!$E$31="","",'Projeção Financeira'!$E$31*'Premissas'!$B$12) | G31: =IF('Projeção Financeira'!$E$31="","",'Projeção Financeira'!$E$31-'Projeção Financeira'!$F$31) | I31: =IF(OR('Projeção Financeira'!$C$31="",'Projeção Financeira'!$H$31=""),"",'Projeção Financeira'!$C$31*'Projeção Financeira'!$H$31) | J31: =IF('Projeção Financeira'!$B$31="","",'Premissas'!$B$11) | K31: =IF('Projeção Financeira'!$B$31="","",0) | L31: =IF(OR('Projeção Financeira'!$G$31="",'Projeção Financeira'!$I$31="",'Projeção Financeira'!$J$31=""),"",'Projeção Financeira'!$G$31-'Projeção Financeira'!$I$31-'Projeção Financeira'!$J$31) | M31: =IF('Projeção Financeira'!$L$31="","",'Projeção Financeira'!$K$31+'Projeção Financeira'!$L$31) | N31: =IF('Projeção Financeira'!$M$31="","",'Projeção Financeira'!$N$30+'Projeção Financeira'!$M$31) | O31: =IF('Projeção Financeira'!$G$31="","",IFERROR('Projeção Financeira'!$M$31/'Projeção Financeira'!$G$31,0)) | P31: =IF(OR('Projeção Financeira'!$J$31="",'Projeção Financeira'!$D$31="",'Projeção Financeira'!$H$31=""),"",IFERROR('Projeção Financeira'!$J$31/('Projeção Financeira'!$D$31-'Projeção Financeira'!$H$31),0)) | Q31: =IF('Projeção Financeira'!$M$31="","",IF('Projeção Financeira'!$M$31>=0,"Positivo","Negativo"))
C32: =IF(OR('Projeção Financeira'!$B$32="",'Projeção Financeira'!$C$31=""),"",ROUND('Projeção Financeira'!$C$31*(1+'Premissas'!$B$9),0)) | E32: =IF(OR('Projeção Financeira'!$C$32="",'Projeção Financeira'!$D$32=""),"",'Projeção Financeira'!$C$32*'Projeção Financeira'!$D$32) | F32: =IF('Projeção Financeira'!$E$32="","",'Projeção Financeira'!$E$32*'Premissas'!$B$12) | G32: =IF('Projeção Financeira'!$E$32="","",'Projeção Financeira'!$E$32-'Projeção Financeira'!$F$32) | I32: =IF(OR('Projeção Financeira'!$C$32="",'Projeção Financeira'!$H$32=""),"",'Projeção Financeira'!$C$32*'Projeção Financeira'!$H$32) | J32: =IF('Projeção Financeira'!$B$32="","",'Premissas'!$B$11) | K32: =IF('Projeção Financeira'!$B$32="","",0) | L32: =IF(OR('Projeção Financeira'!$G$32="",'Projeção Financeira'!$I$32="",'Projeção Financeira'!$J$32=""),"",'Projeção Financeira'!$G$32-'Projeção Financeira'!$I$32-'Projeção Financeira'!$J$32) | M32: =IF('Projeção Financeira'!$L$32="","",'Projeção Financeira'!$K$32+'Projeção Financeira'!$L$32) | N32: =IF('Projeção Financeira'!$M$32="","",'Projeção Financeira'!$N$31+'Projeção Financeira'!$M$32) | O32: =IF('Projeção Financeira'!$G$32="","",IFERROR('Projeção Financeira'!$M$32/'Projeção Financeira'!$G$32,0)) | P32: =IF(OR('Projeção Financeira'!$J$32="",'Projeção Financeira'!$D$32="",'Projeção Financeira'!$H$32=""),"",IFERROR('Projeção Financeira'!$J$32/('Projeção Financeira'!$D$32-'Projeção Financeira'!$H$32),0)) | Q32: =IF('Projeção Financeira'!$M$32="","",IF('Projeção Financeira'!$M$32>=0,"Positivo","Negativo"))
C33: =IF(OR('Projeção Financeira'!$B$33="",'Projeção Financeira'!$C$32=""),"",ROUND('Projeção Financeira'!$C$32*(1+'Premissas'!$B$9),0)) | E33: =IF(OR('Projeção Financeira'!$C$33="",'Projeção Financeira'!$D$33=""),"",'Projeção Financeira'!$C$33*'Projeção Financeira'!$D$33) | F33: =IF('Projeção Financeira'!$E$33="","",'Projeção Financeira'!$E$33*'Premissas'!$B$12) | G33: =IF('Projeção Financeira'!$E$33="","",'Projeção Financeira'!$E$33-'Projeção Financeira'!$F$33) | I33: =IF(OR('Projeção Financeira'!$C$33="",'Projeção Financeira'!$H$33=""),"",'Projeção Financeira'!$C$33*'Projeção Financeira'!$H$33) | J33: =IF('Projeção Financeira'!$B$33="","",'Premissas'!$B$11) | K33: =IF('Projeção Financeira'!$B$33="","",0) | L33: =IF(OR('Projeção Financeira'!$G$33="",'Projeção Financeira'!$I$33="",'Projeção Financeira'!$J$33=""),"",'Projeção Financeira'!$G$33-'Projeção Financeira'!$I$33-'Projeção Financeira'!$J$33) | M33: =IF('Projeção Financeira'!$L$33="","",'Projeção Financeira'!$K$33+'Projeção Financeira'!$L$33) | N33: =IF('Projeção Financeira'!$M$33="","",'Projeção Financeira'!$N$32+'Projeção Financeira'!$M$33) | O33: =IF('Projeção Financeira'!$G$33="","",IFERROR('Projeção Financeira'!$M$33/'Projeção Financeira'!$G$33,0)) | P33: =IF(OR('Projeção Financeira'!$J$33="",'Projeção Financeira'!$D$33="",'Projeção Financeira'!$H$33=""),"",IFERROR('Projeção Financeira'!$J$33/('Projeção Financeira'!$D$33-'Projeção Financeira'!$H$33),0)) | Q33: =IF('Projeção Financeira'!$M$33="","",IF('Projeção Financeira'!$M$33>=0,"Positivo","Negativo"))
C34: =IF(OR('Projeção Financeira'!$B$34="",'Projeção Financeira'!$C$33=""),"",ROUND('Projeção Financeira'!$C$33*(1+'Premissas'!$B$9),0)) | E34: =IF(OR('Projeção Financeira'!$C$34="",'Projeção Financeira'!$D$34=""),"",'Projeção Financeira'!$C$34*'Projeção Financeira'!$D$34) | F34: =IF('Projeção Financeira'!$E$34="","",'Projeção Financeira'!$E$34*'Premissas'!$B$12) | G34: =IF('Projeção Financeira'!$E$34="","",'Projeção Financeira'!$E$34-'Projeção Financeira'!$F$34) | I34: =IF(OR('Projeção Financeira'!$C$34="",'Projeção Financeira'!$H$34=""),"",'Projeção Financeira'!$C$34*'Projeção Financeira'!$H$34) | J34: =IF('Projeção Financeira'!$B$34="","",'Premissas'!$B$11) | K34: =IF('Projeção Financeira'!$B$34="","",0) | L34: =IF(OR('Projeção Financeira'!$G$34="",'Projeção Financeira'!$I$34="",'Projeção Financeira'!$J$34=""),"",'Projeção Financeira'!$G$34-'Projeção Financeira'!$I$34-'Projeção Financeira'!$J$34) | M34: =IF('Projeção Financeira'!$L$34="","",'Projeção Financeira'!$K$34+'Projeção Financeira'!$L$34) | N34: =IF('Projeção Financeira'!$M$34="","",'Projeção Financeira'!$N$33+'Projeção Financeira'!$M$34) | O34: =IF('Projeção Financeira'!$G$34="","",IFERROR('Projeção Financeira'!$M$34/'Projeção Financeira'!$G$34,0)) | P34: =IF(OR('Projeção Financeira'!$J$34="",'Projeção Financeira'!$D$34="",'Projeção Financeira'!$H$34=""),"",IFERROR('Projeção Financeira'!$J$34/('Projeção Financeira'!$D$34-'Projeção Financeira'!$H$34),0)) | Q34: =IF('Projeção Financeira'!$M$34="","",IF('Projeção Financeira'!$M$34>=0,"Positivo","Negativo"))
C35: =IF(OR('Projeção Financeira'!$B$35="",'Projeção Financeira'!$C$34=""),"",ROUND('Projeção Financeira'!$C$34*(1+'Premissas'!$B$9),0)) | E35: =IF(OR('Projeção Financeira'!$C$35="",'Projeção Financeira'!$D$35=""),"",'Projeção Financeira'!$C$35*'Projeção Financeira'!$D$35) | F35: =IF('Projeção Financeira'!$E$35="","",'Projeção Financeira'!$E$35*'Premissas'!$B$12) | G35: =IF('Projeção Financeira'!$E$35="","",'Projeção Financeira'!$E$35-'Projeção Financeira'!$F$35) | I35: =IF(OR('Projeção Financeira'!$C$35="",'Projeção Financeira'!$H$35=""),"",'Projeção Financeira'!$C$35*'Projeção Financeira'!$H$35) | J35: =IF('Projeção Financeira'!$B$35="","",'Premissas'!$B$11) | K35: =IF('Projeção Financeira'!$B$35="","",0) | L35: =IF(OR('Projeção Financeira'!$G$35="",'Projeção Financeira'!$I$35="",'Projeção Financeira'!$J$35=""),"",'Projeção Financeira'!$G$35-'Projeção Financeira'!$I$35-'Projeção Financeira'!$J$35) | M35: =IF('Projeção Financeira'!$L$35="","",'Projeção Financeira'!$K$35+'Projeção Financeira'!$L$35) | N35: =IF('Projeção Financeira'!$M$35="","",'Projeção Financeira'!$N$34+'Projeção Financeira'!$M$35) | O35: =IF('Projeção Financeira'!$G$35="","",IFERROR('Projeção Financeira'!$M$35/'Projeção Financeira'!$G$35,0)) | P35: =IF(OR('Projeção Financeira'!$J$35="",'Projeção Financeira'!$D$35="",'Projeção Financeira'!$H$35=""),"",IFERROR('Projeção Financeira'!$J$35/('Projeção Financeira'!$D$35-'Projeção Financeira'!$H$35),0)) | Q35: =IF('Projeção Financeira'!$M$35="","",IF('Projeção Financeira'!$M$35>=0,"Positivo","Negativo"))
C36: =IF(OR('Projeção Financeira'!$B$36="",'Projeção Financeira'!$C$35=""),"",ROUND('Projeção Financeira'!$C$35*(1+'Premissas'!$B$9),0)) | E36: =IF(OR('Projeção Financeira'!$C$36="",'Projeção Financeira'!$D$36=""),"",'Projeção Financeira'!$C$36*'Projeção Financeira'!$D$36) | F36: =IF('Projeção Financeira'!$E$36="","",'Projeção Financeira'!$E$36*'Premissas'!$B$12) | G36: =IF('Projeção Financeira'!$E$36="","",'Projeção Financeira'!$E$36-'Projeção Financeira'!$F$36) | I36: =IF(OR('Projeção Financeira'!$C$36="",'Projeção Financeira'!$H$36=""),"",'Projeção Financeira'!$C$36*'Projeção Financeira'!$H$36) | J36: =IF('Projeção Financeira'!$B$36="","",'Premissas'!$B$11) | K36: =IF('Projeção Financeira'!$B$36="","",0) | L36: =IF(OR('Projeção Financeira'!$G$36="",'Projeção Financeira'!$I$36="",'Projeção Financeira'!$J$36=""),"",'Projeção Financeira'!$G$36-'Projeção Financeira'!$I$36-'Projeção Financeira'!$J$36) | M36: =IF('Projeção Financeira'!$L$36="","",'Projeção Financeira'!$K$36+'Projeção Financeira'!$L$36) | N36: =IF('Projeção Financeira'!$M$36="","",'Projeção Financeira'!$N$35+'Projeção Financeira'!$M$36) | O36: =IF('Projeção Financeira'!$G$36="","",IFERROR('Projeção Financeira'!$M$36/'Projeção Financeira'!$G$36,0)) | P36: =IF(OR('Projeção Financeira'!$J$36="",'Projeção Financeira'!$D$36="",'Projeção Financeira'!$H$36=""),"",IFERROR('Projeção Financeira'!$J$36/('Projeção Financeira'!$D$36-'Projeção Financeira'!$H$36),0)) | Q36: =IF('Projeção Financeira'!$M$36="","",IF('Projeção Financeira'!$M$36>=0,"Positivo","Negativo"))
C37: =IF(OR('Projeção Financeira'!$B$37="",'Projeção Financeira'!$C$36=""),"",ROUND('Projeção Financeira'!$C$36*(1+'Premissas'!$B$9),0)) | E37: =IF(OR('Projeção Financeira'!$C$37="",'Projeção Financeira'!$D$37=""),"",'Projeção Financeira'!$C$37*'Projeção Financeira'!$D$37) | F37: =IF('Projeção Financeira'!$E$37="","",'Projeção Financeira'!$E$37*'Premissas'!$B$12) | G37: =IF('Projeção Financeira'!$E$37="","",'Projeção Financeira'!$E$37-'Projeção Financeira'!$F$37) | I37: =IF(OR('Projeção Financeira'!$C$37="",'Projeção Financeira'!$H$37=""),"",'Projeção Financeira'!$C$37*'Projeção Financeira'!$H$37) | J37: =IF('Projeção Financeira'!$B$37="","",'Premissas'!$B$11) | K37: =IF('Projeção Financeira'!$B$37="","",0) | L37: =IF(OR('Projeção Financeira'!$G$37="",'Projeção Financeira'!$I$37="",'Projeção Financeira'!$J$37=""),"",'Projeção Financeira'!$G$37-'Projeção Financeira'!$I$37-'Projeção Financeira'!$J$37) | M37: =IF('Projeção Financeira'!$L$37="","",'Projeção Financeira'!$K$37+'Projeção Financeira'!$L$37) | N37: =IF('Projeção Financeira'!$M$37="","",'Projeção Financeira'!$N$36+'Projeção Financeira'!$M$37) | O37: =IF('Projeção Financeira'!$G$37="","",IFERROR('Projeção Financeira'!$M$37/'Projeção Financeira'!$G$37,0)) | P37: =IF(OR('Projeção Financeira'!$J$37="",'Projeção Financeira'!$D$37="",'Projeção Financeira'!$H$37=""),"",IFERROR('Projeção Financeira'!$J$37/('Projeção Financeira'!$D$37-'Projeção Financeira'!$H$37),0)) | Q37: =IF('Projeção Financeira'!$M$37="","",IF('Projeção Financeira'!$M$37>=0,"Positivo","Negativo"))
C38: =IF(OR('Projeção Financeira'!$B$38="",'Projeção Financeira'!$C$37=""),"",ROUND('Projeção Financeira'!$C$37*(1+'Premissas'!$B$9),0)) | E38: =IF(OR('Projeção Financeira'!$C$38="",'Projeção Financeira'!$D$38=""),"",'Projeção Financeira'!$C$38*'Projeção Financeira'!$D$38) | F38: =IF('Projeção Financeira'!$E$38="","",'Projeção Financeira'!$E$38*'Premissas'!$B$12) | G38: =IF('Projeção Financeira'!$E$38="","",'Projeção Financeira'!$E$38-'Projeção Financeira'!$F$38) | I38: =IF(OR('Projeção Financeira'!$C$38="",'Projeção Financeira'!$H$38=""),"",'Projeção Financeira'!$C$38*'Projeção Financeira'!$H$38) | J38: =IF('Projeção Financeira'!$B$38="","",'Premissas'!$B$11) | K38: =IF('Projeção Financeira'!$B$38="","",0) | L38: =IF(OR('Projeção Financeira'!$G$38="",'Projeção Financeira'!$I$38="",'Projeção Financeira'!$J$38=""),"",'Projeção Financeira'!$G$38-'Projeção Financeira'!$I$38-'Projeção Financeira'!$J$38) | M38: =IF('Projeção Financeira'!$L$38="","",'Projeção Financeira'!$K$38+'Projeção Financeira'!$L$38) | N38: =IF('Projeção Financeira'!$M$38="","",'Projeção Financeira'!$N$37+'Projeção Financeira'!$M$38) | O38: =IF('Projeção Financeira'!$G$38="","",IFERROR('Projeção Financeira'!$M$38/'Projeção Financeira'!$G$38,0)) | P38: =IF(OR('Projeção Financeira'!$J$38="",'Projeção Financeira'!$D$38="",'Projeção Financeira'!$H$38=""),"",IFERROR('Projeção Financeira'!$J$38/('Projeção Financeira'!$D$38-'Projeção Financeira'!$H$38),0)) | Q38: =IF('Projeção Financeira'!$M$38="","",IF('Projeção Financeira'!$M$38>=0,"Positivo","Negativo"))
C39: =IF(OR('Projeção Financeira'!$B$39="",'Projeção Financeira'!$C$38=""),"",ROUND('Projeção Financeira'!$C$38*(1+'Premissas'!$B$9),0)) | E39: =IF(OR('Projeção Financeira'!$C$39="",'Projeção Financeira'!$D$39=""),"",'Projeção Financeira'!$C$39*'Projeção Financeira'!$D$39) | F39: =IF('Projeção Financeira'!$E$39="","",'Projeção Financeira'!$E$39*'Premissas'!$B$12) | G39: =IF('Projeção Financeira'!$E$39="","",'Projeção Financeira'!$E$39-'Projeção Financeira'!$F$39) | I39: =IF(OR('Projeção Financeira'!$C$39="",'Projeção Financeira'!$H$39=""),"",'Projeção Financeira'!$C$39*'Projeção Financeira'!$H$39) | J39: =IF('Projeção Financeira'!$B$39="","",'Premissas'!$B$11) | K39: =IF('Projeção Financeira'!$B$39="","",0) | L39: =IF(OR('Projeção Financeira'!$G$39="",'Projeção Financeira'!$I$39="",'Projeção Financeira'!$J$39=""),"",'Projeção Financeira'!$G$39-'Projeção Financeira'!$I$39-'Projeção Financeira'!$J$39) | M39: =IF('Projeção Financeira'!$L$39="","",'Projeção Financeira'!$K$39+'Projeção Financeira'!$L$39) | N39: =IF('Projeção Financeira'!$M$39="","",'Projeção Financeira'!$N$38+'Projeção Financeira'!$M$39) | O39: =IF('Projeção Financeira'!$G$39="","",IFERROR('Projeção Financeira'!$M$39/'Projeção Financeira'!$G$39,0)) | P39: =IF(OR('Projeção Financeira'!$J$39="",'Projeção Financeira'!$D$39="",'Projeção Financeira'!$H$39=""),"",IFERROR('Projeção Financeira'!$J$39/('Projeção Financeira'!$D$39-'Projeção Financeira'!$H$39),0)) | Q39: =IF('Projeção Financeira'!$M$39="","",IF('Projeção Financeira'!$M$39>=0,"Positivo","Negativo"))
C40: =IF(OR('Projeção Financeira'!$B$40="",'Projeção Financeira'!$C$39=""),"",ROUND('Projeção Financeira'!$C$39*(1+'Premissas'!$B$9),0)) | E40: =IF(OR('Projeção Financeira'!$C$40="",'Projeção Financeira'!$D$40=""),"",'Projeção Financeira'!$C$40*'Projeção Financeira'!$D$40) | F40: =IF('Projeção Financeira'!$E$40="","",'Projeção Financeira'!$E$40*'Premissas'!$B$12) | G40: =IF('Projeção Financeira'!$E$40="","",'Projeção Financeira'!$E$40-'Projeção Financeira'!$F$40) | I40: =IF(OR('Projeção Financeira'!$C$40="",'Projeção Financeira'!$H$40=""),"",'Projeção Financeira'!$C$40*'Projeção Financeira'!$H$40) | J40: =IF('Projeção Financeira'!$B$40="","",'Premissas'!$B$11) | K40: =IF('Projeção Financeira'!$B$40="","",0) | L40: =IF(OR('Projeção Financeira'!$G$40="",'Projeção Financeira'!$I$40="",'Projeção Financeira'!$J$40=""),"",'Projeção Financeira'!$G$40-'Projeção Financeira'!$I$40-'Projeção Financeira'!$J$40) | M40: =IF('Projeção Financeira'!$L$40="","",'Projeção Financeira'!$K$40+'Projeção Financeira'!$L$40) | N40: =IF('Projeção Financeira'!$M$40="","",'Projeção Financeira'!$N$39+'Projeção Financeira'!$M$40) | O40: =IF('Projeção Financeira'!$G$40="","",IFERROR('Projeção Financeira'!$M$40/'Projeção Financeira'!$G$40,0)) | P40: =IF(OR('Projeção Financeira'!$J$40="",'Projeção Financeira'!$D$40="",'Projeção Financeira'!$H$40=""),"",IFERROR('Projeção Financeira'!$J$40/('Projeção Financeira'!$D$40-'Projeção Financeira'!$H$40),0)) | Q40: =IF('Projeção Financeira'!$M$40="","",IF('Projeção Financeira'!$M$40>=0,"Positivo","Negativo"))
C41: =IF(OR('Projeção Financeira'!$B$41="",'Projeção Financeira'!$C$40=""),"",ROUND('Projeção Financeira'!$C$40*(1+'Premissas'!$B$9),0)) | E41: =IF(OR('Projeção Financeira'!$C$41="",'Projeção Financeira'!$D$41=""),"",'Projeção Financeira'!$C$41*'Projeção Financeira'!$D$41) | F41: =IF('Projeção Financeira'!$E$41="","",'Projeção Financeira'!$E$41*'Premissas'!$B$12) | G41: =IF('Projeção Financeira'!$E$41="","",'Projeção Financeira'!$E$41-'Projeção Financeira'!$F$41) | I41: =IF(OR('Projeção Financeira'!$C$41="",'Projeção Financeira'!$H$41=""),"",'Projeção Financeira'!$C$41*'Projeção Financeira'!$H$41) | J41: =IF('Projeção Financeira'!$B$41="","",'Premissas'!$B$11) | K41: =IF('Projeção Financeira'!$B$41="","",0) | L41: =IF(OR('Projeção Financeira'!$G$41="",'Projeção Financeira'!$I$41="",'Projeção Financeira'!$J$41=""),"",'Projeção Financeira'!$G$41-'Projeção Financeira'!$I$41-'Projeção Financeira'!$J$41) | M41: =IF('Projeção Financeira'!$L$41="","",'Projeção Financeira'!$K$41+'Projeção Financeira'!$L$41) | N41: =IF('Projeção Financeira'!$M$41="","",'Projeção Financeira'!$N$40+'Projeção Financeira'!$M$41) | O41: =IF('Projeção Financeira'!$G$41="","",IFERROR('Projeção Financeira'!$M$41/'Projeção Financeira'!$G$41,0)) | P41: =IF(OR('Projeção Financeira'!$J$41="",'Projeção Financeira'!$D$41="",'Projeção Financeira'!$H$41=""),"",IFERROR('Projeção Financeira'!$J$41/('Projeção Financeira'!$D$41-'Projeção Financeira'!$H$41),0)) | Q41: =IF('Projeção Financeira'!$M$41="","",IF('Projeção Financeira'!$M$41>=0,"Positivo","Negativo"))
C42: =IF(OR('Projeção Financeira'!$B$42="",'Projeção Financeira'!$C$41=""),"",ROUND('Projeção Financeira'!$C$41*(1+'Premissas'!$B$9),0)) | E42: =IF(OR('Projeção Financeira'!$C$42="",'Projeção Financeira'!$D$42=""),"",'Projeção Financeira'!$C$42*'Projeção Financeira'!$D$42) | F42: =IF('Projeção Financeira'!$E$42="","",'Projeção Financeira'!$E$42*'Premissas'!$B$12) | G42: =IF('Projeção Financeira'!$E$42="","",'Projeção Financeira'!$E$42-'Projeção Financeira'!$F$42) | I42: =IF(OR('Projeção Financeira'!$C$42="",'Projeção Financeira'!$H$42=""),"",'Projeção Financeira'!$C$42*'Projeção Financeira'!$H$42) | J42: =IF('Projeção Financeira'!$B$42="","",'Premissas'!$B$11) | K42: =IF('Projeção Financeira'!$B$42="","",0) | L42: =IF(OR('Projeção Financeira'!$G$42="",'Projeção Financeira'!$I$42="",'Projeção Financeira'!$J$42=""),"",'Projeção Financeira'!$G$42-'Projeção Financeira'!$I$42-'Projeção Financeira'!$J$42) | M42: =IF('Projeção Financeira'!$L$42="","",'Projeção Financeira'!$K$42+'Projeção Financeira'!$L$42) | N42: =IF('Projeção Financeira'!$M$42="","",'Projeção Financeira'!$N$41+'Projeção Financeira'!$M$42) | O42: =IF('Projeção Financeira'!$G$42="","",IFERROR('Projeção Financeira'!$M$42/'Projeção Financeira'!$G$42,0)) | P42: =IF(OR('Projeção Financeira'!$J$42="",'Projeção Financeira'!$D$42="",'Projeção Financeira'!$H$42=""),"",IFERROR('Projeção Financeira'!$J$42/('Projeção Financeira'!$D$42-'Projeção Financeira'!$H$42),0)) | Q42: =IF('Projeção Financeira'!$M$42="","",IF('Projeção Financeira'!$M$42>=0,"Positivo","Negativo"))
C43: =IF(OR('Projeção Financeira'!$B$43="",'Projeção Financeira'!$C$42=""),"",ROUND('Projeção Financeira'!$C$42*(1+'Premissas'!$B$9),0)) | E43: =IF(OR('Projeção Financeira'!$C$43="",'Projeção Financeira'!$D$43=""),"",'Projeção Financeira'!$C$43*'Projeção Financeira'!$D$43) | F43: =IF('Projeção Financeira'!$E$43="","",'Projeção Financeira'!$E$43*'Premissas'!$B$12) | G43: =IF('Projeção Financeira'!$E$43="","",'Projeção Financeira'!$E$43-'Projeção Financeira'!$F$43) | I43: =IF(OR('Projeção Financeira'!$C$43="",'Projeção Financeira'!$H$43=""),"",'Projeção Financeira'!$C$43*'Projeção Financeira'!$H$43) | J43: =IF('Projeção Financeira'!$B$43="","",'Premissas'!$B$11) | K43: =IF('Projeção Financeira'!$B$43="","",0) | L43: =IF(OR('Projeção Financeira'!$G$43="",'Projeção Financeira'!$I$43="",'Projeção Financeira'!$J$43=""),"",'Projeção Financeira'!$G$43-'Projeção Financeira'!$I$43-'Projeção Financeira'!$J$43) | M43: =IF('Projeção Financeira'!$L$43="","",'Projeção Financeira'!$K$43+'Projeção Financeira'!$L$43) | N43: =IF('Projeção Financeira'!$M$43="","",'Projeção Financeira'!$N$42+'Projeção Financeira'!$M$43) | O43: =IF('Projeção Financeira'!$G$43="","",IFERROR('Projeção Financeira'!$M$43/'Projeção Financeira'!$G$43,0)) | P43: =IF(OR('Projeção Financeira'!$J$43="",'Projeção Financeira'!$D$43="",'Projeção Financeira'!$H$43=""),"",IFERROR('Projeção Financeira'!$J$43/('Projeção Financeira'!$D$43-'Projeção Financeira'!$H$43),0)) | Q43: =IF('Projeção Financeira'!$M$43="","",IF('Projeção Financeira'!$M$43>=0,"Positivo","Negativo"))
C44: =IF(OR('Projeção Financeira'!$B$44="",'Projeção Financeira'!$C$43=""),"",ROUND('Projeção Financeira'!$C$43*(1+'Premissas'!$B$9),0)) | E44: =IF(OR('Projeção Financeira'!$C$44="",'Projeção Financeira'!$D$44=""),"",'Projeção Financeira'!$C$44*'Projeção Financeira'!$D$44) | F44: =IF('Projeção Financeira'!$E$44="","",'Projeção Financeira'!$E$44*'Premissas'!$B$12) | G44: =IF('Projeção Financeira'!$E$44="","",'Projeção Financeira'!$E$44-'Projeção Financeira'!$F$44) | I44: =IF(OR('Projeção Financeira'!$C$44="",'Projeção Financeira'!$H$44=""),"",'Projeção Financeira'!$C$44*'Projeção Financeira'!$H$44) | J44: =IF('Projeção Financeira'!$B$44="","",'Premissas'!$B$11) | K44: =IF('Projeção Financeira'!$B$44="","",0) | L44: =IF(OR('Projeção Financeira'!$G$44="",'Projeção Financeira'!$I$44="",'Projeção Financeira'!$J$44=""),"",'Projeção Financeira'!$G$44-'Projeção Financeira'!$I$44-'Projeção Financeira'!$J$44) | M44: =IF('Projeção Financeira'!$L$44="","",'Projeção Financeira'!$K$44+'Projeção Financeira'!$L$44) | N44: =IF('Projeção Financeira'!$M$44="","",'Projeção Financeira'!$N$43+'Projeção Financeira'!$M$44) | O44: =IF('Projeção Financeira'!$G$44="","",IFERROR('Projeção Financeira'!$M$44/'Projeção Financeira'!$G$44,0)) | P44: =IF(OR('Projeção Financeira'!$J$44="",'Projeção Financeira'!$D$44="",'Projeção Financeira'!$H$44=""),"",IFERROR('Projeção Financeira'!$J$44/('Projeção Financeira'!$D$44-'Projeção Financeira'!$H$44),0)) | Q44: =IF('Projeção Financeira'!$M$44="","",IF('Projeção Financeira'!$M$44>=0,"Positivo","Negativo"))
C45: =IF(OR('Projeção Financeira'!$B$45="",'Projeção Financeira'!$C$44=""),"",ROUND('Projeção Financeira'!$C$44*(1+'Premissas'!$B$9),0)) | E45: =IF(OR('Projeção Financeira'!$C$45="",'Projeção Financeira'!$D$45=""),"",'Projeção Financeira'!$C$45*'Projeção Financeira'!$D$45) | F45: =IF('Projeção Financeira'!$E$45="","",'Projeção Financeira'!$E$45*'Premissas'!$B$12) | G45: =IF('Projeção Financeira'!$E$45="","",'Projeção Financeira'!$E$45-'Projeção Financeira'!$F$45) | I45: =IF(OR('Projeção Financeira'!$C$45="",'Projeção Financeira'!$H$45=""),"",'Projeção Financeira'!$C$45*'Projeção Financeira'!$H$45) | J45: =IF('Projeção Financeira'!$B$45="","",'Premissas'!$B$11) | K45: =IF('Projeção Financeira'!$B$45="","",0) | L45: =IF(OR('Projeção Financeira'!$G$45="",'Projeção Financeira'!$I$45="",'Projeção Financeira'!$J$45=""),"",'Projeção Financeira'!$G$45-'Projeção Financeira'!$I$45-'Projeção Financeira'!$J$45) | M45: =IF('Projeção Financeira'!$L$45="","",'Projeção Financeira'!$K$45+'Projeção Financeira'!$L$45) | N45: =IF('Projeção Financeira'!$M$45="","",'Projeção Financeira'!$N$44+'Projeção Financeira'!$M$45) | O45: =IF('Projeção Financeira'!$G$45="","",IFERROR('Projeção Financeira'!$M$45/'Projeção Financeira'!$G$45,0)) | P45: =IF(OR('Projeção Financeira'!$J$45="",'Projeção Financeira'!$D$45="",'Projeção Financeira'!$H$45=""),"",IFERROR('Projeção Financeira'!$J$45/('Projeção Financeira'!$D$45-'Projeção Financeira'!$H$45),0)) | Q45: =IF('Projeção Financeira'!$M$45="","",IF('Projeção Financeira'!$M$45>=0,"Positivo","Negativo"))
C46: =IF(OR('Projeção Financeira'!$B$46="",'Projeção Financeira'!$C$45=""),"",ROUND('Projeção Financeira'!$C$45*(1+'Premissas'!$B$9),0)) | E46: =IF(OR('Projeção Financeira'!$C$46="",'Projeção Financeira'!$D$46=""),"",'Projeção Financeira'!$C$46*'Projeção Financeira'!$D$46) | F46: =IF('Projeção Financeira'!$E$46="","",'Projeção Financeira'!$E$46*'Premissas'!$B$12) | G46: =IF('Projeção Financeira'!$E$46="","",'Projeção Financeira'!$E$46-'Projeção Financeira'!$F$46) | I46: =IF(OR('Projeção Financeira'!$C$46="",'Projeção Financeira'!$H$46=""),"",'Projeção Financeira'!$C$46*'Projeção Financeira'!$H$46) | J46: =IF('Projeção Financeira'!$B$46="","",'Premissas'!$B$11) | K46: =IF('Projeção Financeira'!$B$46="","",0) | L46: =IF(OR('Projeção Financeira'!$G$46="",'Projeção Financeira'!$I$46="",'Projeção Financeira'!$J$46=""),"",'Projeção Financeira'!$G$46-'Projeção Financeira'!$I$46-'Projeção Financeira'!$J$46) | M46: =IF('Projeção Financeira'!$L$46="","",'Projeção Financeira'!$K$46+'Projeção Financeira'!$L$46) | N46: =IF('Projeção Financeira'!$M$46="","",'Projeção Financeira'!$N$45+'Projeção Financeira'!$M$46) | O46: =IF('Projeção Financeira'!$G$46="","",IFERROR('Projeção Financeira'!$M$46/'Projeção Financeira'!$G$46,0)) | P46: =IF(OR('Projeção Financeira'!$J$46="",'Projeção Financeira'!$D$46="",'Projeção Financeira'!$H$46=""),"",IFERROR('Projeção Financeira'!$J$46/('Projeção Financeira'!$D$46-'Projeção Financeira'!$H$46),0)) | Q46: =IF('Projeção Financeira'!$M$46="","",IF('Projeção Financeira'!$M$46>=0,"Positivo","Negativo"))
C47: =IF(OR('Projeção Financeira'!$B$47="",'Projeção Financeira'!$C$46=""),"",ROUND('Projeção Financeira'!$C$46*(1+'Premissas'!$B$9),0)) | E47: =IF(OR('Projeção Financeira'!$C$47="",'Projeção Financeira'!$D$47=""),"",'Projeção Financeira'!$C$47*'Projeção Financeira'!$D$47) | F47: =IF('Projeção Financeira'!$E$47="","",'Projeção Financeira'!$E$47*'Premissas'!$B$12) | G47: =IF('Projeção Financeira'!$E$47="","",'Projeção Financeira'!$E$47-'Projeção Financeira'!$F$47) | I47: =IF(OR('Projeção Financeira'!$C$47="",'Projeção Financeira'!$H$47=""),"",'Projeção Financeira'!$C$47*'Projeção Financeira'!$H$47) | J47: =IF('Projeção Financeira'!$B$47="","",'Premissas'!$B$11) | K47: =IF('Projeção Financeira'!$B$47="","",0) | L47: =IF(OR('Projeção Financeira'!$G$47="",'Projeção Financeira'!$I$47="",'Projeção Financeira'!$J$47=""),"",'Projeção Financeira'!$G$47-'Projeção Financeira'!$I$47-'Projeção Financeira'!$J$47) | M47: =IF('Projeção Financeira'!$L$47="","",'Projeção Financeira'!$K$47+'Projeção Financeira'!$L$47) | N47: =IF('Projeção Financeira'!$M$47="","",'Projeção Financeira'!$N$46+'Projeção Financeira'!$M$47) | O47: =IF('Projeção Financeira'!$G$47="","",IFERROR('Projeção Financeira'!$M$47/'Projeção Financeira'!$G$47,0)) | P47: =IF(OR('Projeção Financeira'!$J$47="",'Projeção Financeira'!$D$47="",'Projeção Financeira'!$H$47=""),"",IFERROR('Projeção Financeira'!$J$47/('Projeção Financeira'!$D$47-'Projeção Financeira'!$H$47),0)) | Q47: =IF('Projeção Financeira'!$M$47="","",IF('Projeção Financeira'!$M$47>=0,"Positivo","Negativo"))
C48: =IF(OR('Projeção Financeira'!$B$48="",'Projeção Financeira'!$C$47=""),"",ROUND('Projeção Financeira'!$C$47*(1+'Premissas'!$B$9),0)) | E48: =IF(OR('Projeção Financeira'!$C$48="",'Projeção Financeira'!$D$48=""),"",'Projeção Financeira'!$C$48*'Projeção Financeira'!$D$48) | F48: =IF('Projeção Financeira'!$E$48="","",'Projeção Financeira'!$E$48*'Premissas'!$B$12) | G48: =IF('Projeção Financeira'!$E$48="","",'Projeção Financeira'!$E$48-'Projeção Financeira'!$F$48) | I48: =IF(OR('Projeção Financeira'!$C$48="",'Projeção Financeira'!$H$48=""),"",'Projeção Financeira'!$C$48*'Projeção Financeira'!$H$48) | J48: =IF('Projeção Financeira'!$B$48="","",'Premissas'!$B$11) | K48: =IF('Projeção Financeira'!$B$48="","",0) | L48: =IF(OR('Projeção Financeira'!$G$48="",'Projeção Financeira'!$I$48="",'Projeção Financeira'!$J$48=""),"",'Projeção Financeira'!$G$48-'Projeção Financeira'!$I$48-'Projeção Financeira'!$J$48) | M48: =IF('Projeção Financeira'!$L$48="","",'Projeção Financeira'!$K$48+'Projeção Financeira'!$L$48) | N48: =IF('Projeção Financeira'!$M$48="","",'Projeção Financeira'!$N$47+'Projeção Financeira'!$M$48) | O48: =IF('Projeção Financeira'!$G$48="","",IFERROR('Projeção Financeira'!$M$48/'Projeção Financeira'!$G$48,0)) | P48: =IF(OR('Projeção Financeira'!$J$48="",'Projeção Financeira'!$D$48="",'Projeção Financeira'!$H$48=""),"",IFERROR('Projeção Financeira'!$J$48/('Projeção Financeira'!$D$48-'Projeção Financeira'!$H$48),0)) | Q48: =IF('Projeção Financeira'!$M$48="","",IF('Projeção Financeira'!$M$48>=0,"Positivo","Negativo"))
C49: =IF(OR('Projeção Financeira'!$B$49="",'Projeção Financeira'!$C$48=""),"",ROUND('Projeção Financeira'!$C$48*(1+'Premissas'!$B$9),0)) | E49: =IF(OR('Projeção Financeira'!$C$49="",'Projeção Financeira'!$D$49=""),"",'Projeção Financeira'!$C$49*'Projeção Financeira'!$D$49) | F49: =IF('Projeção Financeira'!$E$49="","",'Projeção Financeira'!$E$49*'Premissas'!$B$12) | G49: =IF('Projeção Financeira'!$E$49="","",'Projeção Financeira'!$E$49-'Projeção Financeira'!$F$49) | I49: =IF(OR('Projeção Financeira'!$C$49="",'Projeção Financeira'!$H$49=""),"",'Projeção Financeira'!$C$49*'Projeção Financeira'!$H$49) | J49: =IF('Projeção Financeira'!$B$49="","",'Premissas'!$B$11) | K49: =IF('Projeção Financeira'!$B$49="","",0) | L49: =IF(OR('Projeção Financeira'!$G$49="",'Projeção Financeira'!$I$49="",'Projeção Financeira'!$J$49=""),"",'Projeção Financeira'!$G$49-'Projeção Financeira'!$I$49-'Projeção Financeira'!$J$49) | M49: =IF('Projeção Financeira'!$L$49="","",'Projeção Financeira'!$K$49+'Projeção Financeira'!$L$49) | N49: =IF('Projeção Financeira'!$M$49="","",'Projeção Financeira'!$N$48+'Projeção Financeira'!$M$49) | O49: =IF('Projeção Financeira'!$G$49="","",IFERROR('Projeção Financeira'!$M$49/'Projeção Financeira'!$G$49,0)) | P49: =IF(OR('Projeção Financeira'!$J$49="",'Projeção Financeira'!$D$49="",'Projeção Financeira'!$H$49=""),"",IFERROR('Projeção Financeira'!$J$49/('Projeção Financeira'!$D$49-'Projeção Financeira'!$H$49),0)) | Q49: =IF('Projeção Financeira'!$M$49="","",IF('Projeção Financeira'!$M$49>=0,"Positivo","Negativo"))
C50: =IF(OR('Projeção Financeira'!$B$50="",'Projeção Financeira'!$C$49=""),"",ROUND('Projeção Financeira'!$C$49*(1+'Premissas'!$B$9),0)) | E50: =IF(OR('Projeção Financeira'!$C$50="",'Projeção Financeira'!$D$50=""),"",'Projeção Financeira'!$C$50*'Projeção Financeira'!$D$50) | F50: =IF('Projeção Financeira'!$E$50="","",'Projeção Financeira'!$E$50*'Premissas'!$B$12) | G50: =IF('Projeção Financeira'!$E$50="","",'Projeção Financeira'!$E$50-'Projeção Financeira'!$F$50) | I50: =IF(OR('Projeção Financeira'!$C$50="",'Projeção Financeira'!$H$50=""),"",'Projeção Financeira'!$C$50*'Projeção Financeira'!$H$50) | J50: =IF('Projeção Financeira'!$B$50="","",'Premissas'!$B$11) | K50: =IF('Projeção Financeira'!$B$50="","",0) | L50: =IF(OR('Projeção Financeira'!$G$50="",'Projeção Financeira'!$I$50="",'Projeção Financeira'!$J$50=""),"",'Projeção Financeira'!$G$50-'Projeção Financeira'!$I$50-'Projeção Financeira'!$J$50) | M50: =IF('Projeção Financeira'!$L$50="","",'Projeção Financeira'!$K$50+'Projeção Financeira'!$L$50) | N50: =IF('Projeção Financeira'!$M$50="","",'Projeção Financeira'!$N$49+'Projeção Financeira'!$M$50) | O50: =IF('Projeção Financeira'!$G$50="","",IFERROR('Projeção Financeira'!$M$50/'Projeção Financeira'!$G$50,0)) | P50: =IF(OR('Projeção Financeira'!$J$50="",'Projeção Financeira'!$D$50="",'Projeção Financeira'!$H$50=""),"",IFERROR('Projeção Financeira'!$J$50/('Projeção Financeira'!$D$50-'Projeção Financeira'!$H$50),0)) | Q50: =IF('Projeção Financeira'!$M$50="","",IF('Projeção Financeira'!$M$50>=0,"Positivo","Negativo"))
C51: =IF(OR('Projeção Financeira'!$B$51="",'Projeção Financeira'!$C$50=""),"",ROUND('Projeção Financeira'!$C$50*(1+'Premissas'!$B$9),0)) | E51: =IF(OR('Projeção Financeira'!$C$51="",'Projeção Financeira'!$D$51=""),"",'Projeção Financeira'!$C$51*'Projeção Financeira'!$D$51) | F51: =IF('Projeção Financeira'!$E$51="","",'Projeção Financeira'!$E$51*'Premissas'!$B$12) | G51: =IF('Projeção Financeira'!$E$51="","",'Projeção Financeira'!$E$51-'Projeção Financeira'!$F$51) | I51: =IF(OR('Projeção Financeira'!$C$51="",'Projeção Financeira'!$H$51=""),"",'Projeção Financeira'!$C$51*'Projeção Financeira'!$H$51) | J51: =IF('Projeção Financeira'!$B$51="","",'Premissas'!$B$11) | K51: =IF('Projeção Financeira'!$B$51="","",0) | L51: =IF(OR('Projeção Financeira'!$G$51="",'Projeção Financeira'!$I$51="",'Projeção Financeira'!$J$51=""),"",'Projeção Financeira'!$G$51-'Projeção Financeira'!$I$51-'Projeção Financeira'!$J$51) | M51: =IF('Projeção Financeira'!$L$51="","",'Projeção Financeira'!$K$51+'Projeção Financeira'!$L$51) | N51: =IF('Projeção Financeira'!$M$51="","",'Projeção Financeira'!$N$50+'Projeção Financeira'!$M$51) | O51: =IF('Projeção Financeira'!$G$51="","",IFERROR('Projeção Financeira'!$M$51/'Projeção Financeira'!$G$51,0)) | P51: =IF(OR('Projeção Financeira'!$J$51="",'Projeção Financeira'!$D$51="",'Projeção Financeira'!$H$51=""),"",IFERROR('Projeção Financeira'!$J$51/('Projeção Financeira'!$D$51-'Projeção Financeira'!$H$51),0)) | Q51: =IF('Projeção Financeira'!$M$51="","",IF('Projeção Financeira'!$M$51>=0,"Positivo","Negativo"))
C52: =IF(OR('Projeção Financeira'!$B$52="",'Projeção Financeira'!$C$51=""),"",ROUND('Projeção Financeira'!$C$51*(1+'Premissas'!$B$9),0)) | E52: =IF(OR('Projeção Financeira'!$C$52="",'Projeção Financeira'!$D$52=""),"",'Projeção Financeira'!$C$52*'Projeção Financeira'!$D$52) | F52: =IF('Projeção Financeira'!$E$52="","",'Projeção Financeira'!$E$52*'Premissas'!$B$12) | G52: =IF('Projeção Financeira'!$E$52="","",'Projeção Financeira'!$E$52-'Projeção Financeira'!$F$52) | I52: =IF(OR('Projeção Financeira'!$C$52="",'Projeção Financeira'!$H$52=""),"",'Projeção Financeira'!$C$52*'Projeção Financeira'!$H$52) | J52: =IF('Projeção Financeira'!$B$52="","",'Premissas'!$B$11) | K52: =IF('Projeção Financeira'!$B$52="","",0) | L52: =IF(OR('Projeção Financeira'!$G$52="",'Projeção Financeira'!$I$52="",'Projeção Financeira'!$J$52=""),"",'Projeção Financeira'!$G$52-'Projeção Financeira'!$I$52-'Projeção Financeira'!$J$52) | M52: =IF('Projeção Financeira'!$L$52="","",'Projeção Financeira'!$K$52+'Projeção Financeira'!$L$52) | N52: =IF('Projeção Financeira'!$M$52="","",'Projeção Financeira'!$N$51+'Projeção Financeira'!$M$52) | O52: =IF('Projeção Financeira'!$G$52="","",IFERROR('Projeção Financeira'!$M$52/'Projeção Financeira'!$G$52,0)) | P52: =IF(OR('Projeção Financeira'!$J$52="",'Projeção Financeira'!$D$52="",'Projeção Financeira'!$H$52=""),"",IFERROR('Projeção Financeira'!$J$52/('Projeção Financeira'!$D$52-'Projeção Financeira'!$H$52),0)) | Q52: =IF('Projeção Financeira'!$M$52="","",IF('Projeção Financeira'!$M$52>=0,"Positivo","Negativo"))
C53: =IF(OR('Projeção Financeira'!$B$53="",'Projeção Financeira'!$C$52=""),"",ROUND('Projeção Financeira'!$C$52*(1+'Premissas'!$B$9),0)) | E53: =IF(OR('Projeção Financeira'!$C$53="",'Projeção Financeira'!$D$53=""),"",'Projeção Financeira'!$C$53*'Projeção Financeira'!$D$53) | F53: =IF('Projeção Financeira'!$E$53="","",'Projeção Financeira'!$E$53*'Premissas'!$B$12) | G53: =IF('Projeção Financeira'!$E$53="","",'Projeção Financeira'!$E$53-'Projeção Financeira'!$F$53) | I53: =IF(OR('Projeção Financeira'!$C$53="",'Projeção Financeira'!$H$53=""),"",'Projeção Financeira'!$C$53*'Projeção Financeira'!$H$53) | J53: =IF('Projeção Financeira'!$B$53="","",'Premissas'!$B$11) | K53: =IF('Projeção Financeira'!$B$53="","",0) | L53: =IF(OR('Projeção Financeira'!$G$53="",'Projeção Financeira'!$I$53="",'Projeção Financeira'!$J$53=""),"",'Projeção Financeira'!$G$53-'Projeção Financeira'!$I$53-'Projeção Financeira'!$J$53) | M53: =IF('Projeção Financeira'!$L$53="","",'Projeção Financeira'!$K$53+'Projeção Financeira'!$L$53) | N53: =IF('Projeção Financeira'!$M$53="","",'Projeção Financeira'!$N$52+'Projeção Financeira'!$M$53) | O53: =IF('Projeção Financeira'!$G$53="","",IFERROR('Projeção Financeira'!$M$53/'Projeção Financeira'!$G$53,0)) | P53: =IF(OR('Projeção Financeira'!$J$53="",'Projeção Financeira'!$D$53="",'Projeção Financeira'!$H$53=""),"",IFERROR('Projeção Financeira'!$J$53/('Projeção Financeira'!$D$53-'Projeção Financeira'!$H$53),0)) | Q53: =IF('Projeção Financeira'!$M$53="","",IF('Projeção Financeira'!$M$53>=0,"Positivo","Negativo"))
C54: =IF(OR('Projeção Financeira'!$B$54="",'Projeção Financeira'!$C$53=""),"",ROUND('Projeção Financeira'!$C$53*(1+'Premissas'!$B$9),0)) | E54: =IF(OR('Projeção Financeira'!$C$54="",'Projeção Financeira'!$D$54=""),"",'Projeção Financeira'!$C$54*'Projeção Financeira'!$D$54) | F54: =IF('Projeção Financeira'!$E$54="","",'Projeção Financeira'!$E$54*'Premissas'!$B$12) | G54: =IF('Projeção Financeira'!$E$54="","",'Projeção Financeira'!$E$54-'Projeção Financeira'!$F$54) | I54: =IF(OR('Projeção Financeira'!$C$54="",'Projeção Financeira'!$H$54=""),"",'Projeção Financeira'!$C$54*'Projeção Financeira'!$H$54) | J54: =IF('Projeção Financeira'!$B$54="","",'Premissas'!$B$11) | K54: =IF('Projeção Financeira'!$B$54="","",0) | L54: =IF(OR('Projeção Financeira'!$G$54="",'Projeção Financeira'!$I$54="",'Projeção Financeira'!$J$54=""),"",'Projeção Financeira'!$G$54-'Projeção Financeira'!$I$54-'Projeção Financeira'!$J$54) | M54: =IF('Projeção Financeira'!$L$54="","",'Projeção Financeira'!$K$54+'Projeção Financeira'!$L$54) | N54: =IF('Projeção Financeira'!$M$54="","",'Projeção Financeira'!$N$53+'Projeção Financeira'!$M$54) | O54: =IF('Projeção Financeira'!$G$54="","",IFERROR('Projeção Financeira'!$M$54/'Projeção Financeira'!$G$54,0)) | P54: =IF(OR('Projeção Financeira'!$J$54="",'Projeção Financeira'!$D$54="",'Projeção Financeira'!$H$54=""),"",IFERROR('Projeção Financeira'!$J$54/('Projeção Financeira'!$D$54-'Projeção Financeira'!$H$54),0)) | Q54: =IF('Projeção Financeira'!$M$54="","",IF('Projeção Financeira'!$M$54>=0,"Positivo","Negativo"))
C55: =IF(OR('Projeção Financeira'!$B$55="",'Projeção Financeira'!$C$54=""),"",ROUND('Projeção Financeira'!$C$54*(1+'Premissas'!$B$9),0)) | E55: =IF(OR('Projeção Financeira'!$C$55="",'Projeção Financeira'!$D$55=""),"",'Projeção Financeira'!$C$55*'Projeção Financeira'!$D$55) | F55: =IF('Projeção Financeira'!$E$55="","",'Projeção Financeira'!$E$55*'Premissas'!$B$12) | G55: =IF('Projeção Financeira'!$E$55="","",'Projeção Financeira'!$E$55-'Projeção Financeira'!$F$55) | I55: =IF(OR('Projeção Financeira'!$C$55="",'Projeção Financeira'!$H$55=""),"",'Projeção Financeira'!$C$55*'Projeção Financeira'!$H$55) | J55: =IF('Projeção Financeira'!$B$55="","",'Premissas'!$B$11) | K55: =IF('Projeção Financeira'!$B$55="","",0) | L55: =IF(OR('Projeção Financeira'!$G$55="",'Projeção Financeira'!$I$55="",'Projeção Financeira'!$J$55=""),"",'Projeção Financeira'!$G$55-'Projeção Financeira'!$I$55-'Projeção Financeira'!$J$55) | M55: =IF('Projeção Financeira'!$L$55="","",'Projeção Financeira'!$K$55+'Projeção Financeira'!$L$55) | N55: =IF('Projeção Financeira'!$M$55="","",'Projeção Financeira'!$N$54+'Projeção Financeira'!$M$55) | O55: =IF('Projeção Financeira'!$G$55="","",IFERROR('Projeção Financeira'!$M$55/'Projeção Financeira'!$G$55,0)) | P55: =IF(OR('Projeção Financeira'!$J$55="",'Projeção Financeira'!$D$55="",'Projeção Financeira'!$H$55=""),"",IFERROR('Projeção Financeira'!$J$55/('Projeção Financeira'!$D$55-'Projeção Financeira'!$H$55),0)) | Q55: =IF('Projeção Financeira'!$M$55="","",IF('Projeção Financeira'!$M$55>=0,"Positivo","Negativo"))
C56: =IF(OR('Projeção Financeira'!$B$56="",'Projeção Financeira'!$C$55=""),"",ROUND('Projeção Financeira'!$C$55*(1+'Premissas'!$B$9),0)) | E56: =IF(OR('Projeção Financeira'!$C$56="",'Projeção Financeira'!$D$56=""),"",'Projeção Financeira'!$C$56*'Projeção Financeira'!$D$56) | F56: =IF('Projeção Financeira'!$E$56="","",'Projeção Financeira'!$E$56*'Premissas'!$B$12) | G56: =IF('Projeção Financeira'!$E$56="","",'Projeção Financeira'!$E$56-'Projeção Financeira'!$F$56) | I56: =IF(OR('Projeção Financeira'!$C$56="",'Projeção Financeira'!$H$56=""),"",'Projeção Financeira'!$C$56*'Projeção Financeira'!$H$56) | J56: =IF('Projeção Financeira'!$B$56="","",'Premissas'!$B$11) | K56: =IF('Projeção Financeira'!$B$56="","",0) | L56: =IF(OR('Projeção Financeira'!$G$56="",'Projeção Financeira'!$I$56="",'Projeção Financeira'!$J$56=""),"",'Projeção Financeira'!$G$56-'Projeção Financeira'!$I$56-'Projeção Financeira'!$J$56) | M56: =IF('Projeção Financeira'!$L$56="","",'Projeção Financeira'!$K$56+'Projeção Financeira'!$L$56) | N56: =IF('Projeção Financeira'!$M$56="","",'Projeção Financeira'!$N$55+'Projeção Financeira'!$M$56) | O56: =IF('Projeção Financeira'!$G$56="","",IFERROR('Projeção Financeira'!$M$56/'Projeção Financeira'!$G$56,0)) | P56: =IF(OR('Projeção Financeira'!$J$56="",'Projeção Financeira'!$D$56="",'Projeção Financeira'!$H$56=""),"",IFERROR('Projeção Financeira'!$J$56/('Projeção Financeira'!$D$56-'Projeção Financeira'!$H$56),0)) | Q56: =IF('Projeção Financeira'!$M$56="","",IF('Projeção Financeira'!$M$56>=0,"Positivo","Negativo"))
C57: =IF(OR('Projeção Financeira'!$B$57="",'Projeção Financeira'!$C$56=""),"",ROUND('Projeção Financeira'!$C$56*(1+'Premissas'!$B$9),0)) | E57: =IF(OR('Projeção Financeira'!$C$57="",'Projeção Financeira'!$D$57=""),"",'Projeção Financeira'!$C$57*'Projeção Financeira'!$D$57) | F57: =IF('Projeção Financeira'!$E$57="","",'Projeção Financeira'!$E$57*'Premissas'!$B$12) | G57: =IF('Projeção Financeira'!$E$57="","",'Projeção Financeira'!$E$57-'Projeção Financeira'!$F$57) | I57: =IF(OR('Projeção Financeira'!$C$57="",'Projeção Financeira'!$H$57=""),"",'Projeção Financeira'!$C$57*'Projeção Financeira'!$H$57) | J57: =IF('Projeção Financeira'!$B$57="","",'Premissas'!$B$11) | K57: =IF('Projeção Financeira'!$B$57="","",0) | L57: =IF(OR('Projeção Financeira'!$G$57="",'Projeção Financeira'!$I$57="",'Projeção Financeira'!$J$57=""),"",'Projeção Financeira'!$G$57-'Projeção Financeira'!$I$57-'Projeção Financeira'!$J$57) | M57: =IF('Projeção Financeira'!$L$57="","",'Projeção Financeira'!$K$57+'Projeção Financeira'!$L$57) | N57: =IF('Projeção Financeira'!$M$57="","",'Projeção Financeira'!$N$56+'Projeção Financeira'!$M$57) | O57: =IF('Projeção Financeira'!$G$57="","",IFERROR('Projeção Financeira'!$M$57/'Projeção Financeira'!$G$57,0)) | P57: =IF(OR('Projeção Financeira'!$J$57="",'Projeção Financeira'!$D$57="",'Projeção Financeira'!$H$57=""),"",IFERROR('Projeção Financeira'!$J$57/('Projeção Financeira'!$D$57-'Projeção Financeira'!$H$57),0)) | Q57: =IF('Projeção Financeira'!$M$57="","",IF('Projeção Financeira'!$M$57>=0,"Positivo","Negativo"))
C58: =IF(OR('Projeção Financeira'!$B$58="",'Projeção Financeira'!$C$57=""),"",ROUND('Projeção Financeira'!$C$57*(1+'Premissas'!$B$9),0)) | E58: =IF(OR('Projeção Financeira'!$C$58="",'Projeção Financeira'!$D$58=""),"",'Projeção Financeira'!$C$58*'Projeção Financeira'!$D$58) | F58: =IF('Projeção Financeira'!$E$58="","",'Projeção Financeira'!$E$58*'Premissas'!$B$12) | G58: =IF('Projeção Financeira'!$E$58="","",'Projeção Financeira'!$E$58-'Projeção Financeira'!$F$58) | I58: =IF(OR('Projeção Financeira'!$C$58="",'Projeção Financeira'!$H$58=""),"",'Projeção Financeira'!$C$58*'Projeção Financeira'!$H$58) | J58: =IF('Projeção Financeira'!$B$58="","",'Premissas'!$B$11) | K58: =IF('Projeção Financeira'!$B$58="","",0) | L58: =IF(OR('Projeção Financeira'!$G$58="",'Projeção Financeira'!$I$58="",'Projeção Financeira'!$J$58=""),"",'Projeção Financeira'!$G$58-'Projeção Financeira'!$I$58-'Projeção Financeira'!$J$58) | M58: =IF('Projeção Financeira'!$L$58="","",'Projeção Financeira'!$K$58+'Projeção Financeira'!$L$58) | N58: =IF('Projeção Financeira'!$M$58="","",'Projeção Financeira'!$N$57+'Projeção Financeira'!$M$58) | O58: =IF('Projeção Financeira'!$G$58="","",IFERROR('Projeção Financeira'!$M$58/'Projeção Financeira'!$G$58,0)) | P58: =IF(OR('Projeção Financeira'!$J$58="",'Projeção Financeira'!$D$58="",'Projeção Financeira'!$H$58=""),"",IFERROR('Projeção Financeira'!$J$58/('Projeção Financeira'!$D$58-'Projeção Financeira'!$H$58),0)) | Q58: =IF('Projeção Financeira'!$M$58="","",IF('Projeção Financeira'!$M$58>=0,"Positivo","Negativo"))
C59: =IF(OR('Projeção Financeira'!$B$59="",'Projeção Financeira'!$C$58=""),"",ROUND('Projeção Financeira'!$C$58*(1+'Premissas'!$B$9),0)) | E59: =IF(OR('Projeção Financeira'!$C$59="",'Projeção Financeira'!$D$59=""),"",'Projeção Financeira'!$C$59*'Projeção Financeira'!$D$59) | F59: =IF('Projeção Financeira'!$E$59="","",'Projeção Financeira'!$E$59*'Premissas'!$B$12) | G59: =IF('Projeção Financeira'!$E$59="","",'Projeção Financeira'!$E$59-'Projeção Financeira'!$F$59) | I59: =IF(OR('Projeção Financeira'!$C$59="",'Projeção Financeira'!$H$59=""),"",'Projeção Financeira'!$C$59*'Projeção Financeira'!$H$59) | J59: =IF('Projeção Financeira'!$B$59="","",'Premissas'!$B$11) | K59: =IF('Projeção Financeira'!$B$59="","",0) | L59: =IF(OR('Projeção Financeira'!$G$59="",'Projeção Financeira'!$I$59="",'Projeção Financeira'!$J$59=""),"",'Projeção Financeira'!$G$59-'Projeção Financeira'!$I$59-'Projeção Financeira'!$J$59) | M59: =IF('Projeção Financeira'!$L$59="","",'Projeção Financeira'!$K$59+'Projeção Financeira'!$L$59) | N59: =IF('Projeção Financeira'!$M$59="","",'Projeção Financeira'!$N$58+'Projeção Financeira'!$M$59) | O59: =IF('Projeção Financeira'!$G$59="","",IFERROR('Projeção Financeira'!$M$59/'Projeção Financeira'!$G$59,0)) | P59: =IF(OR('Projeção Financeira'!$J$59="",'Projeção Financeira'!$D$59="",'Projeção Financeira'!$H$59=""),"",IFERROR('Projeção Financeira'!$J$59/('Projeção Financeira'!$D$59-'Projeção Financeira'!$H$59),0)) | Q59: =IF('Projeção Financeira'!$M$59="","",IF('Projeção Financeira'!$M$59>=0,"Positivo","Negativo"))
C60: =IF(OR('Projeção Financeira'!$B$60="",'Projeção Financeira'!$C$59=""),"",ROUND('Projeção Financeira'!$C$59*(1+'Premissas'!$B$9),0)) | E60: =IF(OR('Projeção Financeira'!$C$60="",'Projeção Financeira'!$D$60=""),"",'Projeção Financeira'!$C$60*'Projeção Financeira'!$D$60) | F60: =IF('Projeção Financeira'!$E$60="","",'Projeção Financeira'!$E$60*'Premissas'!$B$12) | G60: =IF('Projeção Financeira'!$E$60="","",'Projeção Financeira'!$E$60-'Projeção Financeira'!$F$60) | I60: =IF(OR('Projeção Financeira'!$C$60="",'Projeção Financeira'!$H$60=""),"",'Projeção Financeira'!$C$60*'Projeção Financeira'!$H$60) | J60: =IF('Projeção Financeira'!$B$60="","",'Premissas'!$B$11) | K60: =IF('Projeção Financeira'!$B$60="","",0) | L60: =IF(OR('Projeção Financeira'!$G$60="",'Projeção Financeira'!$I$60="",'Projeção Financeira'!$J$60=""),"",'Projeção Financeira'!$G$60-'Projeção Financeira'!$I$60-'Projeção Financeira'!$J$60) | M60: =IF('Projeção Financeira'!$L$60="","",'Projeção Financeira'!$K$60+'Projeção Financeira'!$L$60) | N60: =IF('Projeção Financeira'!$M$60="","",'Projeção Financeira'!$N$59+'Projeção Financeira'!$M$60) | O60: =IF('Projeção Financeira'!$G$60="","",IFERROR('Projeção Financeira'!$M$60/'Projeção Financeira'!$G$60,0)) | P60: =IF(OR('Projeção Financeira'!$J$60="",'Projeção Financeira'!$D$60="",'Projeção Financeira'!$H$60=""),"",IFERROR('Projeção Financeira'!$J$60/('Projeção Financeira'!$D$60-'Projeção Financeira'!$H$60),0)) | Q60: =IF('Projeção Financeira'!$M$60="","",IF('Projeção Financeira'!$M$60>=0,"Positivo","Negativo"))
C61: =IF(OR('Projeção Financeira'!$B$61="",'Projeção Financeira'!$C$60=""),"",ROUND('Projeção Financeira'!$C$60*(1+'Premissas'!$B$9),0)) | E61: =IF(OR('Projeção Financeira'!$C$61="",'Projeção Financeira'!$D$61=""),"",'Projeção Financeira'!$C$61*'Projeção Financeira'!$D$61) | F61: =IF('Projeção Financeira'!$E$61="","",'Projeção Financeira'!$E$61*'Premissas'!$B$12) | G61: =IF('Projeção Financeira'!$E$61="","",'Projeção Financeira'!$E$61-'Projeção Financeira'!$F$61) | I61: =IF(OR('Projeção Financeira'!$C$61="",'Projeção Financeira'!$H$61=""),"",'Projeção Financeira'!$C$61*'Projeção Financeira'!$H$61) | J61: =IF('Projeção Financeira'!$B$61="","",'Premissas'!$B$11) | K61: =IF('Projeção Financeira'!$B$61="","",0) | L61: =IF(OR('Projeção Financeira'!$G$61="",'Projeção Financeira'!$I$61="",'Projeção Financeira'!$J$61=""),"",'Projeção Financeira'!$G$61-'Projeção Financeira'!$I$61-'Projeção Financeira'!$J$61) | M61: =IF('Projeção Financeira'!$L$61="","",'Projeção Financeira'!$K$61+'Projeção Financeira'!$L$61) | N61: =IF('Projeção Financeira'!$M$61="","",'Projeção Financeira'!$N$60+'Projeção Financeira'!$M$61) | O61: =IF('Projeção Financeira'!$G$61="","",IFERROR('Projeção Financeira'!$M$61/'Projeção Financeira'!$G$61,0)) | P61: =IF(OR('Projeção Financeira'!$J$61="",'Projeção Financeira'!$D$61="",'Projeção Financeira'!$H$61=""),"",IFERROR('Projeção Financeira'!$J$61/('Projeção Financeira'!$D$61-'Projeção Financeira'!$H$61),0)) | Q61: =IF('Projeção Financeira'!$M$61="","",IF('Projeção Financeira'!$M$61>=0,"Positivo","Negativo"))
C62: =IF(OR('Projeção Financeira'!$B$62="",'Projeção Financeira'!$C$61=""),"",ROUND('Projeção Financeira'!$C$61*(1+'Premissas'!$B$9),0)) | E62: =IF(OR('Projeção Financeira'!$C$62="",'Projeção Financeira'!$D$62=""),"",'Projeção Financeira'!$C$62*'Projeção Financeira'!$D$62) | F62: =IF('Projeção Financeira'!$E$62="","",'Projeção Financeira'!$E$62*'Premissas'!$B$12) | G62: =IF('Projeção Financeira'!$E$62="","",'Projeção Financeira'!$E$62-'Projeção Financeira'!$F$62) | I62: =IF(OR('Projeção Financeira'!$C$62="",'Projeção Financeira'!$H$62=""),"",'Projeção Financeira'!$C$62*'Projeção Financeira'!$H$62) | J62: =IF('Projeção Financeira'!$B$62="","",'Premissas'!$B$11) | K62: =IF('Projeção Financeira'!$B$62="","",0) | L62: =IF(OR('Projeção Financeira'!$G$62="",'Projeção Financeira'!$I$62="",'Projeção Financeira'!$J$62=""),"",'Projeção Financeira'!$G$62-'Projeção Financeira'!$I$62-'Projeção Financeira'!$J$62) | M62: =IF('Projeção Financeira'!$L$62="","",'Projeção Financeira'!$K$62+'Projeção Financeira'!$L$62) | N62: =IF('Projeção Financeira'!$M$62="","",'Projeção Financeira'!$N$61+'Projeção Financeira'!$M$62) | O62: =IF('Projeção Financeira'!$G$62="","",IFERROR('Projeção Financeira'!$M$62/'Projeção Financeira'!$G$62,0)) | P62: =IF(OR('Projeção Financeira'!$J$62="",'Projeção Financeira'!$D$62="",'Projeção Financeira'!$H$62=""),"",IFERROR('Projeção Financeira'!$J$62/('Projeção Financeira'!$D$62-'Projeção Financeira'!$H$62),0)) | Q62: =IF('Projeção Financeira'!$M$62="","",IF('Projeção Financeira'!$M$62>=0,"Positivo","Negativo"))
C63: =IF(OR('Projeção Financeira'!$B$63="",'Projeção Financeira'!$C$62=""),"",ROUND('Projeção Financeira'!$C$62*(1+'Premissas'!$B$9),0)) | E63: =IF(OR('Projeção Financeira'!$C$63="",'Projeção Financeira'!$D$63=""),"",'Projeção Financeira'!$C$63*'Projeção Financeira'!$D$63) | F63: =IF('Projeção Financeira'!$E$63="","",'Projeção Financeira'!$E$63*'Premissas'!$B$12) | G63: =IF('Projeção Financeira'!$E$63="","",'Projeção Financeira'!$E$63-'Projeção Financeira'!$F$63) | I63: =IF(OR('Projeção Financeira'!$C$63="",'Projeção Financeira'!$H$63=""),"",'Projeção Financeira'!$C$63*'Projeção Financeira'!$H$63) | J63: =IF('Projeção Financeira'!$B$63="","",'Premissas'!$B$11) | K63: =IF('Projeção Financeira'!$B$63="","",0) | L63: =IF(OR('Projeção Financeira'!$G$63="",'Projeção Financeira'!$I$63="",'Projeção Financeira'!$J$63=""),"",'Projeção Financeira'!$G$63-'Projeção Financeira'!$I$63-'Projeção Financeira'!$J$63) | M63: =IF('Projeção Financeira'!$L$63="","",'Projeção Financeira'!$K$63+'Projeção Financeira'!$L$63) | N63: =IF('Projeção Financeira'!$M$63="","",'Projeção Financeira'!$N$62+'Projeção Financeira'!$M$63) | O63: =IF('Projeção Financeira'!$G$63="","",IFERROR('Projeção Financeira'!$M$63/'Projeção Financeira'!$G$63,0)) | P63: =IF(OR('Projeção Financeira'!$J$63="",'Projeção Financeira'!$D$63="",'Projeção Financeira'!$H$63=""),"",IFERROR('Projeção Financeira'!$J$63/('Projeção Financeira'!$D$63-'Projeção Financeira'!$H$63),0)) | Q63: =IF('Projeção Financeira'!$M$63="","",IF('Projeção Financeira'!$M$63>=0,"Positivo","Negativo"))
C64: =IF(OR('Projeção Financeira'!$B$64="",'Projeção Financeira'!$C$63=""),"",ROUND('Projeção Financeira'!$C$63*(1+'Premissas'!$B$9),0)) | E64: =IF(OR('Projeção Financeira'!$C$64="",'Projeção Financeira'!$D$64=""),"",'Projeção Financeira'!$C$64*'Projeção Financeira'!$D$64) | F64: =IF('Projeção Financeira'!$E$64="","",'Projeção Financeira'!$E$64*'Premissas'!$B$12) | G64: =IF('Projeção Financeira'!$E$64="","",'Projeção Financeira'!$E$64-'Projeção Financeira'!$F$64) | I64: =IF(OR('Projeção Financeira'!$C$64="",'Projeção Financeira'!$H$64=""),"",'Projeção Financeira'!$C$64*'Projeção Financeira'!$H$64) | J64: =IF('Projeção Financeira'!$B$64="","",'Premissas'!$B$11) | K64: =IF('Projeção Financeira'!$B$64="","",0) | L64: =IF(OR('Projeção Financeira'!$G$64="",'Projeção Financeira'!$I$64="",'Projeção Financeira'!$J$64=""),"",'Projeção Financeira'!$G$64-'Projeção Financeira'!$I$64-'Projeção Financeira'!$J$64) | M64: =IF('Projeção Financeira'!$L$64="","",'Projeção Financeira'!$K$64+'Projeção Financeira'!$L$64) | N64: =IF('Projeção Financeira'!$M$64="","",'Projeção Financeira'!$N$63+'Projeção Financeira'!$M$64) | O64: =IF('Projeção Financeira'!$G$64="","",IFERROR('Projeção Financeira'!$M$64/'Projeção Financeira'!$G$64,0)) | P64: =IF(OR('Projeção Financeira'!$J$64="",'Projeção Financeira'!$D$64="",'Projeção Financeira'!$H$64=""),"",IFERROR('Projeção Financeira'!$J$64/('Projeção Financeira'!$D$64-'Projeção Financeira'!$H$64),0)) | Q64: =IF('Projeção Financeira'!$M$64="","",IF('Projeção Financeira'!$M$64>=0,"Positivo","Negativo"))
C65: =IF(OR('Projeção Financeira'!$B$65="",'Projeção Financeira'!$C$64=""),"",ROUND('Projeção Financeira'!$C$64*(1+'Premissas'!$B$9),0)) | E65: =IF(OR('Projeção Financeira'!$C$65="",'Projeção Financeira'!$D$65=""),"",'Projeção Financeira'!$C$65*'Projeção Financeira'!$D$65) | F65: =IF('Projeção Financeira'!$E$65="","",'Projeção Financeira'!$E$65*'Premissas'!$B$12) | G65: =IF('Projeção Financeira'!$E$65="","",'Projeção Financeira'!$E$65-'Projeção Financeira'!$F$65) | I65: =IF(OR('Projeção Financeira'!$C$65="",'Projeção Financeira'!$H$65=""),"",'Projeção Financeira'!$C$65*'Projeção Financeira'!$H$65) | J65: =IF('Projeção Financeira'!$B$65="","",'Premissas'!$B$11) | K65: =IF('Projeção Financeira'!$B$65="","",0) | L65: =IF(OR('Projeção Financeira'!$G$65="",'Projeção Financeira'!$I$65="",'Projeção Financeira'!$J$65=""),"",'Projeção Financeira'!$G$65-'Projeção Financeira'!$I$65-'Projeção Financeira'!$J$65) | M65: =IF('Projeção Financeira'!$L$65="","",'Projeção Financeira'!$K$65+'Projeção Financeira'!$L$65) | N65: =IF('Projeção Financeira'!$M$65="","",'Projeção Financeira'!$N$64+'Projeção Financeira'!$M$65) | O65: =IF('Projeção Financeira'!$G$65="","",IFERROR('Projeção Financeira'!$M$65/'Projeção Financeira'!$G$65,0)) | P65: =IF(OR('Projeção Financeira'!$J$65="",'Projeção Financeira'!$D$65="",'Projeção Financeira'!$H$65=""),"",IFERROR('Projeção Financeira'!$J$65/('Projeção Financeira'!$D$65-'Projeção Financeira'!$H$65),0)) | Q65: =IF('Projeção Financeira'!$M$65="","",IF('Projeção Financeira'!$M$65>=0,"Positivo","Negativo"))
C66: =IF(OR('Projeção Financeira'!$B$66="",'Projeção Financeira'!$C$65=""),"",ROUND('Projeção Financeira'!$C$65*(1+'Premissas'!$B$9),0)) | E66: =IF(OR('Projeção Financeira'!$C$66="",'Projeção Financeira'!$D$66=""),"",'Projeção Financeira'!$C$66*'Projeção Financeira'!$D$66) | F66: =IF('Projeção Financeira'!$E$66="","",'Projeção Financeira'!$E$66*'Premissas'!$B$12) | G66: =IF('Projeção Financeira'!$E$66="","",'Projeção Financeira'!$E$66-'Projeção Financeira'!$F$66) | I66: =IF(OR('Projeção Financeira'!$C$66="",'Projeção Financeira'!$H$66=""),"",'Projeção Financeira'!$C$66*'Projeção Financeira'!$H$66) | J66: =IF('Projeção Financeira'!$B$66="","",'Premissas'!$B$11) | K66: =IF('Projeção Financeira'!$B$66="","",0) | L66: =IF(OR('Projeção Financeira'!$G$66="",'Projeção Financeira'!$I$66="",'Projeção Financeira'!$J$66=""),"",'Projeção Financeira'!$G$66-'Projeção Financeira'!$I$66-'Projeção Financeira'!$J$66) | M66: =IF('Projeção Financeira'!$L$66="","",'Projeção Financeira'!$K$66+'Projeção Financeira'!$L$66) | N66: =IF('Projeção Financeira'!$M$66="","",'Projeção Financeira'!$N$65+'Projeção Financeira'!$M$66) | O66: =IF('Projeção Financeira'!$G$66="","",IFERROR('Projeção Financeira'!$M$66/'Projeção Financeira'!$G$66,0)) | P66: =IF(OR('Projeção Financeira'!$J$66="",'Projeção Financeira'!$D$66="",'Projeção Financeira'!$H$66=""),"",IFERROR('Projeção Financeira'!$J$66/('Projeção Financeira'!$D$66-'Projeção Financeira'!$H$66),0)) | Q66: =IF('Projeção Financeira'!$M$66="","",IF('Projeção Financeira'!$M$66>=0,"Positivo","Negativo"))
C67: =IF(OR('Projeção Financeira'!$B$67="",'Projeção Financeira'!$C$66=""),"",ROUND('Projeção Financeira'!$C$66*(1+'Premissas'!$B$9),0)) | E67: =IF(OR('Projeção Financeira'!$C$67="",'Projeção Financeira'!$D$67=""),"",'Projeção Financeira'!$C$67*'Projeção Financeira'!$D$67) | F67: =IF('Projeção Financeira'!$E$67="","",'Projeção Financeira'!$E$67*'Premissas'!$B$12) | G67: =IF('Projeção Financeira'!$E$67="","",'Projeção Financeira'!$E$67-'Projeção Financeira'!$F$67) | I67: =IF(OR('Projeção Financeira'!$C$67="",'Projeção Financeira'!$H$67=""),"",'Projeção Financeira'!$C$67*'Projeção Financeira'!$H$67) | J67: =IF('Projeção Financeira'!$B$67="","",'Premissas'!$B$11) | K67: =IF('Projeção Financeira'!$B$67="","",0) | L67: =IF(OR('Projeção Financeira'!$G$67="",'Projeção Financeira'!$I$67="",'Projeção Financeira'!$J$67=""),"",'Projeção Financeira'!$G$67-'Projeção Financeira'!$I$67-'Projeção Financeira'!$J$67) | M67: =IF('Projeção Financeira'!$L$67="","",'Projeção Financeira'!$K$67+'Projeção Financeira'!$L$67) | N67: =IF('Projeção Financeira'!$M$67="","",'Projeção Financeira'!$N$66+'Projeção Financeira'!$M$67) | O67: =IF('Projeção Financeira'!$G$67="","",IFERROR('Projeção Financeira'!$M$67/'Projeção Financeira'!$G$67,0)) | P67: =IF(OR('Projeção Financeira'!$J$67="",'Projeção Financeira'!$D$67="",'Projeção Financeira'!$H$67=""),"",IFERROR('Projeção Financeira'!$J$67/('Projeção Financeira'!$D$67-'Projeção Financeira'!$H$67),0)) | Q67: =IF('Projeção Financeira'!$M$67="","",IF('Projeção Financeira'!$M$67>=0,"Positivo","Negativo"))
C68: =IF(OR('Projeção Financeira'!$B$68="",'Projeção Financeira'!$C$67=""),"",ROUND('Projeção Financeira'!$C$67*(1+'Premissas'!$B$9),0)) | E68: =IF(OR('Projeção Financeira'!$C$68="",'Projeção Financeira'!$D$68=""),"",'Projeção Financeira'!$C$68*'Projeção Financeira'!$D$68) | F68: =IF('Projeção Financeira'!$E$68="","",'Projeção Financeira'!$E$68*'Premissas'!$B$12) | G68: =IF('Projeção Financeira'!$E$68="","",'Projeção Financeira'!$E$68-'Projeção Financeira'!$F$68) | I68: =IF(OR('Projeção Financeira'!$C$68="",'Projeção Financeira'!$H$68=""),"",'Projeção Financeira'!$C$68*'Projeção Financeira'!$H$68) | J68: =IF('Projeção Financeira'!$B$68="","",'Premissas'!$B$11) | K68: =IF('Projeção Financeira'!$B$68="","",0) | L68: =IF(OR('Projeção Financeira'!$G$68="",'Projeção Financeira'!$I$68="",'Projeção Financeira'!$J$68=""),"",'Projeção Financeira'!$G$68-'Projeção Financeira'!$I$68-'Projeção Financeira'!$J$68) | M68: =IF('Projeção Financeira'!$L$68="","",'Projeção Financeira'!$K$68+'Projeção Financeira'!$L$68) | N68: =IF('Projeção Financeira'!$M$68="","",'Projeção Financeira'!$N$67+'Projeção Financeira'!$M$68) | O68: =IF('Projeção Financeira'!$G$68="","",IFERROR('Projeção Financeira'!$M$68/'Projeção Financeira'!$G$68,0)) | P68: =IF(OR('Projeção Financeira'!$J$68="",'Projeção Financeira'!$D$68="",'Projeção Financeira'!$H$68=""),"",IFERROR('Projeção Financeira'!$J$68/('Projeção Financeira'!$D$68-'Projeção Financeira'!$H$68),0)) | Q68: =IF('Projeção Financeira'!$M$68="","",IF('Projeção Financeira'!$M$68>=0,"Positivo","Negativo"))
C69: =IF(OR('Projeção Financeira'!$B$69="",'Projeção Financeira'!$C$68=""),"",ROUND('Projeção Financeira'!$C$68*(1+'Premissas'!$B$9),0)) | E69: =IF(OR('Projeção Financeira'!$C$69="",'Projeção Financeira'!$D$69=""),"",'Projeção Financeira'!$C$69*'Projeção Financeira'!$D$69) | F69: =IF('Projeção Financeira'!$E$69="","",'Projeção Financeira'!$E$69*'Premissas'!$B$12) | G69: =IF('Projeção Financeira'!$E$69="","",'Projeção Financeira'!$E$69-'Projeção Financeira'!$F$69) | I69: =IF(OR('Projeção Financeira'!$C$69="",'Projeção Financeira'!$H$69=""),"",'Projeção Financeira'!$C$69*'Projeção Financeira'!$H$69) | J69: =IF('Projeção Financeira'!$B$69="","",'Premissas'!$B$11) | K69: =IF('Projeção Financeira'!$B$69="","",0) | L69: =IF(OR('Projeção Financeira'!$G$69="",'Projeção Financeira'!$I$69="",'Projeção Financeira'!$J$69=""),"",'Projeção Financeira'!$G$69-'Projeção Financeira'!$I$69-'Projeção Financeira'!$J$69) | M69: =IF('Projeção Financeira'!$L$69="","",'Projeção Financeira'!$K$69+'Projeção Financeira'!$L$69) | N69: =IF('Projeção Financeira'!$M$69="","",'Projeção Financeira'!$N$68+'Projeção Financeira'!$M$69) | O69: =IF('Projeção Financeira'!$G$69="","",IFERROR('Projeção Financeira'!$M$69/'Projeção Financeira'!$G$69,0)) | P69: =IF(OR('Projeção Financeira'!$J$69="",'Projeção Financeira'!$D$69="",'Projeção Financeira'!$H$69=""),"",IFERROR('Projeção Financeira'!$J$69/('Projeção Financeira'!$D$69-'Projeção Financeira'!$H$69),0)) | Q69: =IF('Projeção Financeira'!$M$69="","",IF('Projeção Financeira'!$M$69>=0,"Positivo","Negativo"))
C70: =IF(OR('Projeção Financeira'!$B$70="",'Projeção Financeira'!$C$69=""),"",ROUND('Projeção Financeira'!$C$69*(1+'Premissas'!$B$9),0)) | E70: =IF(OR('Projeção Financeira'!$C$70="",'Projeção Financeira'!$D$70=""),"",'Projeção Financeira'!$C$70*'Projeção Financeira'!$D$70) | F70: =IF('Projeção Financeira'!$E$70="","",'Projeção Financeira'!$E$70*'Premissas'!$B$12) | G70: =IF('Projeção Financeira'!$E$70="","",'Projeção Financeira'!$E$70-'Projeção Financeira'!$F$70) | I70: =IF(OR('Projeção Financeira'!$C$70="",'Projeção Financeira'!$H$70=""),"",'Projeção Financeira'!$C$70*'Projeção Financeira'!$H$70) | J70: =IF('Projeção Financeira'!$B$70="","",'Premissas'!$B$11) | K70: =IF('Projeção Financeira'!$B$70="","",0) | L70: =IF(OR('Projeção Financeira'!$G$70="",'Projeção Financeira'!$I$70="",'Projeção Financeira'!$J$70=""),"",'Projeção Financeira'!$G$70-'Projeção Financeira'!$I$70-'Projeção Financeira'!$J$70) | M70: =IF('Projeção Financeira'!$L$70="","",'Projeção Financeira'!$K$70+'Projeção Financeira'!$L$70) | N70: =IF('Projeção Financeira'!$M$70="","",'Projeção Financeira'!$N$69+'Projeção Financeira'!$M$70) | O70: =IF('Projeção Financeira'!$G$70="","",IFERROR('Projeção Financeira'!$M$70/'Projeção Financeira'!$G$70,0)) | P70: =IF(OR('Projeção Financeira'!$J$70="",'Projeção Financeira'!$D$70="",'Projeção Financeira'!$H$70=""),"",IFERROR('Projeção Financeira'!$J$70/('Projeção Financeira'!$D$70-'Projeção Financeira'!$H$70),0)) | Q70: =IF('Projeção Financeira'!$M$70="","",IF('Projeção Financeira'!$M$70>=0,"Positivo","Negativo"))
C71: =IF(OR('Projeção Financeira'!$B$71="",'Projeção Financeira'!$C$70=""),"",ROUND('Projeção Financeira'!$C$70*(1+'Premissas'!$B$9),0)) | E71: =IF(OR('Projeção Financeira'!$C$71="",'Projeção Financeira'!$D$71=""),"",'Projeção Financeira'!$C$71*'Projeção Financeira'!$D$71) | F71: =IF('Projeção Financeira'!$E$71="","",'Projeção Financeira'!$E$71*'Premissas'!$B$12) | G71: =IF('Projeção Financeira'!$E$71="","",'Projeção Financeira'!$E$71-'Projeção Financeira'!$F$71) | I71: =IF(OR('Projeção Financeira'!$C$71="",'Projeção Financeira'!$H$71=""),"",'Projeção Financeira'!$C$71*'Projeção Financeira'!$H$71) | J71: =IF('Projeção Financeira'!$B$71="","",'Premissas'!$B$11) | K71: =IF('Projeção Financeira'!$B$71="","",0) | L71: =IF(OR('Projeção Financeira'!$G$71="",'Projeção Financeira'!$I$71="",'Projeção Financeira'!$J$71=""),"",'Projeção Financeira'!$G$71-'Projeção Financeira'!$I$71-'Projeção Financeira'!$J$71) | M71: =IF('Projeção Financeira'!$L$71="","",'Projeção Financeira'!$K$71+'Projeção Financeira'!$L$71) | N71: =IF('Projeção Financeira'!$M$71="","",'Projeção Financeira'!$N$70+'Projeção Financeira'!$M$71) | O71: =IF('Projeção Financeira'!$G$71="","",IFERROR('Projeção Financeira'!$M$71/'Projeção Financeira'!$G$71,0)) | P71: =IF(OR('Projeção Financeira'!$J$71="",'Projeção Financeira'!$D$71="",'Projeção Financeira'!$H$71=""),"",IFERROR('Projeção Financeira'!$J$71/('Projeção Financeira'!$D$71-'Projeção Financeira'!$H$71),0)) | Q71: =IF('Projeção Financeira'!$M$71="","",IF('Projeção Financeira'!$M$71>=0,"Positivo","Negativo"))
C72: =IF(OR('Projeção Financeira'!$B$72="",'Projeção Financeira'!$C$71=""),"",ROUND('Projeção Financeira'!$C$71*(1+'Premissas'!$B$9),0)) | E72: =IF(OR('Projeção Financeira'!$C$72="",'Projeção Financeira'!$D$72=""),"",'Projeção Financeira'!$C$72*'Projeção Financeira'!$D$72) | F72: =IF('Projeção Financeira'!$E$72="","",'Projeção Financeira'!$E$72*'Premissas'!$B$12) | G72: =IF('Projeção Financeira'!$E$72="","",'Projeção Financeira'!$E$72-'Projeção Financeira'!$F$72) | I72: =IF(OR('Projeção Financeira'!$C$72="",'Projeção Financeira'!$H$72=""),"",'Projeção Financeira'!$C$72*'Projeção Financeira'!$H$72) | J72: =IF('Projeção Financeira'!$B$72="","",'Premissas'!$B$11) | K72: =IF('Projeção Financeira'!$B$72="","",0) | L72: =IF(OR('Projeção Financeira'!$G$72="",'Projeção Financeira'!$I$72="",'Projeção Financeira'!$J$72=""),"",'Projeção Financeira'!$G$72-'Projeção Financeira'!$I$72-'Projeção Financeira'!$J$72) | M72: =IF('Projeção Financeira'!$L$72="","",'Projeção Financeira'!$K$72+'Projeção Financeira'!$L$72) | N72: =IF('Projeção Financeira'!$M$72="","",'Projeção Financeira'!$N$71+'Projeção Financeira'!$M$72) | O72: =IF('Projeção Financeira'!$G$72="","",IFERROR('Projeção Financeira'!$M$72/'Projeção Financeira'!$G$72,0)) | P72: =IF(OR('Projeção Financeira'!$J$72="",'Projeção Financeira'!$D$72="",'Projeção Financeira'!$H$72=""),"",IFERROR('Projeção Financeira'!$J$72/('Projeção Financeira'!$D$72-'Projeção Financeira'!$H$72),0)) | Q72: =IF('Projeção Financeira'!$M$72="","",IF('Projeção Financeira'!$M$72>=0,"Positivo","Negativo"))
C73: =IF(OR('Projeção Financeira'!$B$73="",'Projeção Financeira'!$C$72=""),"",ROUND('Projeção Financeira'!$C$72*(1+'Premissas'!$B$9),0)) | E73: =IF(OR('Projeção Financeira'!$C$73="",'Projeção Financeira'!$D$73=""),"",'Projeção Financeira'!$C$73*'Projeção Financeira'!$D$73) | F73: =IF('Projeção Financeira'!$E$73="","",'Projeção Financeira'!$E$73*'Premissas'!$B$12) | G73: =IF('Projeção Financeira'!$E$73="","",'Projeção Financeira'!$E$73-'Projeção Financeira'!$F$73) | I73: =IF(OR('Projeção Financeira'!$C$73="",'Projeção Financeira'!$H$73=""),"",'Projeção Financeira'!$C$73*'Projeção Financeira'!$H$73) | J73: =IF('Projeção Financeira'!$B$73="","",'Premissas'!$B$11) | K73: =IF('Projeção Financeira'!$B$73="","",0) | L73: =IF(OR('Projeção Financeira'!$G$73="",'Projeção Financeira'!$I$73="",'Projeção Financeira'!$J$73=""),"",'Projeção Financeira'!$G$73-'Projeção Financeira'!$I$73-'Projeção Financeira'!$J$73) | M73: =IF('Projeção Financeira'!$L$73="","",'Projeção Financeira'!$K$73+'Projeção Financeira'!$L$73) | N73: =IF('Projeção Financeira'!$M$73="","",'Projeção Financeira'!$N$72+'Projeção Financeira'!$M$73) | O73: =IF('Projeção Financeira'!$G$73="","",IFERROR('Projeção Financeira'!$M$73/'Projeção Financeira'!$G$73,0)) | P73: =IF(OR('Projeção Financeira'!$J$73="",'Projeção Financeira'!$D$73="",'Projeção Financeira'!$H$73=""),"",IFERROR('Projeção Financeira'!$J$73/('Projeção Financeira'!$D$73-'Projeção Financeira'!$H$73),0)) | Q73: =IF('Projeção Financeira'!$M$73="","",IF('Projeção Financeira'!$M$73>=0,"Positivo","Negativo"))
C74: =IF(OR('Projeção Financeira'!$B$74="",'Projeção Financeira'!$C$73=""),"",ROUND('Projeção Financeira'!$C$73*(1+'Premissas'!$B$9),0)) | E74: =IF(OR('Projeção Financeira'!$C$74="",'Projeção Financeira'!$D$74=""),"",'Projeção Financeira'!$C$74*'Projeção Financeira'!$D$74) | F74: =IF('Projeção Financeira'!$E$74="","",'Projeção Financeira'!$E$74*'Premissas'!$B$12) | G74: =IF('Projeção Financeira'!$E$74="","",'Projeção Financeira'!$E$74-'Projeção Financeira'!$F$74) | I74: =IF(OR('Projeção Financeira'!$C$74="",'Projeção Financeira'!$H$74=""),"",'Projeção Financeira'!$C$74*'Projeção Financeira'!$H$74) | J74: =IF('Projeção Financeira'!$B$74="","",'Premissas'!$B$11) | K74: =IF('Projeção Financeira'!$B$74="","",0) | L74: =IF(OR('Projeção Financeira'!$G$74="",'Projeção Financeira'!$I$74="",'Projeção Financeira'!$J$74=""),"",'Projeção Financeira'!$G$74-'Projeção Financeira'!$I$74-'Projeção Financeira'!$J$74) | M74: =IF('Projeção Financeira'!$L$74="","",'Projeção Financeira'!$K$74+'Projeção Financeira'!$L$74) | N74: =IF('Projeção Financeira'!$M$74="","",'Projeção Financeira'!$N$73+'Projeção Financeira'!$M$74) | O74: =IF('Projeção Financeira'!$G$74="","",IFERROR('Projeção Financeira'!$M$74/'Projeção Financeira'!$G$74,0)) | P74: =IF(OR('Projeção Financeira'!$J$74="",'Projeção Financeira'!$D$74="",'Projeção Financeira'!$H$74=""),"",IFERROR('Projeção Financeira'!$J$74/('Projeção Financeira'!$D$74-'Projeção Financeira'!$H$74),0)) | Q74: =IF('Projeção Financeira'!$M$74="","",IF('Projeção Financeira'!$M$74>=0,"Positivo","Negativo"))
C75: =IF(OR('Projeção Financeira'!$B$75="",'Projeção Financeira'!$C$74=""),"",ROUND('Projeção Financeira'!$C$74*(1+'Premissas'!$B$9),0)) | E75: =IF(OR('Projeção Financeira'!$C$75="",'Projeção Financeira'!$D$75=""),"",'Projeção Financeira'!$C$75*'Projeção Financeira'!$D$75) | F75: =IF('Projeção Financeira'!$E$75="","",'Projeção Financeira'!$E$75*'Premissas'!$B$12) | G75: =IF('Projeção Financeira'!$E$75="","",'Projeção Financeira'!$E$75-'Projeção Financeira'!$F$75) | I75: =IF(OR('Projeção Financeira'!$C$75="",'Projeção Financeira'!$H$75=""),"",'Projeção Financeira'!$C$75*'Projeção Financeira'!$H$75) | J75: =IF('Projeção Financeira'!$B$75="","",'Premissas'!$B$11) | K75: =IF('Projeção Financeira'!$B$75="","",0) | L75: =IF(OR('Projeção Financeira'!$G$75="",'Projeção Financeira'!$I$75="",'Projeção Financeira'!$J$75=""),"",'Projeção Financeira'!$G$75-'Projeção Financeira'!$I$75-'Projeção Financeira'!$J$75) | M75: =IF('Projeção Financeira'!$L$75="","",'Projeção Financeira'!$K$75+'Projeção Financeira'!$L$75) | N75: =IF('Projeção Financeira'!$M$75="","",'Projeção Financeira'!$N$74+'Projeção Financeira'!$M$75) | O75: =IF('Projeção Financeira'!$G$75="","",IFERROR('Projeção Financeira'!$M$75/'Projeção Financeira'!$G$75,0)) | P75: =IF(OR('Projeção Financeira'!$J$75="",'Projeção Financeira'!$D$75="",'Projeção Financeira'!$H$75=""),"",IFERROR('Projeção Financeira'!$J$75/('Projeção Financeira'!$D$75-'Projeção Financeira'!$H$75),0)) | Q75: =IF('Projeção Financeira'!$M$75="","",IF('Projeção Financeira'!$M$75>=0,"Positivo","Negativo"))
C76: =IF(OR('Projeção Financeira'!$B$76="",'Projeção Financeira'!$C$75=""),"",ROUND('Projeção Financeira'!$C$75*(1+'Premissas'!$B$9),0)) | E76: =IF(OR('Projeção Financeira'!$C$76="",'Projeção Financeira'!$D$76=""),"",'Projeção Financeira'!$C$76*'Projeção Financeira'!$D$76) | F76: =IF('Projeção Financeira'!$E$76="","",'Projeção Financeira'!$E$76*'Premissas'!$B$12) | G76: =IF('Projeção Financeira'!$E$76="","",'Projeção Financeira'!$E$76-'Projeção Financeira'!$F$76) | I76: =IF(OR('Projeção Financeira'!$C$76="",'Projeção Financeira'!$H$76=""),"",'Projeção Financeira'!$C$76*'Projeção Financeira'!$H$76) | J76: =IF('Projeção Financeira'!$B$76="","",'Premissas'!$B$11) | K76: =IF('Projeção Financeira'!$B$76="","",0) | L76: =IF(OR('Projeção Financeira'!$G$76="",'Projeção Financeira'!$I$76="",'Projeção Financeira'!$J$76=""),"",'Projeção Financeira'!$G$76-'Projeção Financeira'!$I$76-'Projeção Financeira'!$J$76) | M76: =IF('Projeção Financeira'!$L$76="","",'Projeção Financeira'!$K$76+'Projeção Financeira'!$L$76) | N76: =IF('Projeção Financeira'!$M$76="","",'Projeção Financeira'!$N$75+'Projeção Financeira'!$M$76) | O76: =IF('Projeção Financeira'!$G$76="","",IFERROR('Projeção Financeira'!$M$76/'Projeção Financeira'!$G$76,0)) | P76: =IF(OR('Projeção Financeira'!$J$76="",'Projeção Financeira'!$D$76="",'Projeção Financeira'!$H$76=""),"",IFERROR('Projeção Financeira'!$J$76/('Projeção Financeira'!$D$76-'Projeção Financeira'!$H$76),0)) | Q76: =IF('Projeção Financeira'!$M$76="","",IF('Projeção Financeira'!$M$76>=0,"Positivo","Negativo"))
C77: =IF(OR('Projeção Financeira'!$B$77="",'Projeção Financeira'!$C$76=""),"",ROUND('Projeção Financeira'!$C$76*(1+'Premissas'!$B$9),0)) | E77: =IF(OR('Projeção Financeira'!$C$77="",'Projeção Financeira'!$D$77=""),"",'Projeção Financeira'!$C$77*'Projeção Financeira'!$D$77) | F77: =IF('Projeção Financeira'!$E$77="","",'Projeção Financeira'!$E$77*'Premissas'!$B$12) | G77: =IF('Projeção Financeira'!$E$77="","",'Projeção Financeira'!$E$77-'Projeção Financeira'!$F$77) | I77: =IF(OR('Projeção Financeira'!$C$77="",'Projeção Financeira'!$H$77=""),"",'Projeção Financeira'!$C$77*'Projeção Financeira'!$H$77) | J77: =IF('Projeção Financeira'!$B$77="","",'Premissas'!$B$11) | K77: =IF('Projeção Financeira'!$B$77="","",0) | L77: =IF(OR('Projeção Financeira'!$G$77="",'Projeção Financeira'!$I$77="",'Projeção Financeira'!$J$77=""),"",'Projeção Financeira'!$G$77-'Projeção Financeira'!$I$77-'Projeção Financeira'!$J$77) | M77: =IF('Projeção Financeira'!$L$77="","",'Projeção Financeira'!$K$77+'Projeção Financeira'!$L$77) | N77: =IF('Projeção Financeira'!$M$77="","",'Projeção Financeira'!$N$76+'Projeção Financeira'!$M$77) | O77: =IF('Projeção Financeira'!$G$77="","",IFERROR('Projeção Financeira'!$M$77/'Projeção Financeira'!$G$77,0)) | P77: =IF(OR('Projeção Financeira'!$J$77="",'Projeção Financeira'!$D$77="",'Projeção Financeira'!$H$77=""),"",IFERROR('Projeção Financeira'!$J$77/('Projeção Financeira'!$D$77-'Projeção Financeira'!$H$77),0)) | Q77: =IF('Projeção Financeira'!$M$77="","",IF('Projeção Financeira'!$M$77>=0,"Positivo","Negativo"))
C78: =IF(OR('Projeção Financeira'!$B$78="",'Projeção Financeira'!$C$77=""),"",ROUND('Projeção Financeira'!$C$77*(1+'Premissas'!$B$9),0)) | E78: =IF(OR('Projeção Financeira'!$C$78="",'Projeção Financeira'!$D$78=""),"",'Projeção Financeira'!$C$78*'Projeção Financeira'!$D$78) | F78: =IF('Projeção Financeira'!$E$78="","",'Projeção Financeira'!$E$78*'Premissas'!$B$12) | G78: =IF('Projeção Financeira'!$E$78="","",'Projeção Financeira'!$E$78-'Projeção Financeira'!$F$78) | I78: =IF(OR('Projeção Financeira'!$C$78="",'Projeção Financeira'!$H$78=""),"",'Projeção Financeira'!$C$78*'Projeção Financeira'!$H$78) | J78: =IF('Projeção Financeira'!$B$78="","",'Premissas'!$B$11) | K78: =IF('Projeção Financeira'!$B$78="","",0) | L78: =IF(OR('Projeção Financeira'!$G$78="",'Projeção Financeira'!$I$78="",'Projeção Financeira'!$J$78=""),"",'Projeção Financeira'!$G$78-'Projeção Financeira'!$I$78-'Projeção Financeira'!$J$78) | M78: =IF('Projeção Financeira'!$L$78="","",'Projeção Financeira'!$K$78+'Projeção Financeira'!$L$78) | N78: =IF('Projeção Financeira'!$M$78="","",'Projeção Financeira'!$N$77+'Projeção Financeira'!$M$78) | O78: =IF('Projeção Financeira'!$G$78="","",IFERROR('Projeção Financeira'!$M$78/'Projeção Financeira'!$G$78,0)) | P78: =IF(OR('Projeção Financeira'!$J$78="",'Projeção Financeira'!$D$78="",'Projeção Financeira'!$H$78=""),"",IFERROR('Projeção Financeira'!$J$78/('Projeção Financeira'!$D$78-'Projeção Financeira'!$H$78),0)) | Q78: =IF('Projeção Financeira'!$M$78="","",IF('Projeção Financeira'!$M$78>=0,"Positivo","Negativo"))
C79: =IF(OR('Projeção Financeira'!$B$79="",'Projeção Financeira'!$C$78=""),"",ROUND('Projeção Financeira'!$C$78*(1+'Premissas'!$B$9),0)) | E79: =IF(OR('Projeção Financeira'!$C$79="",'Projeção Financeira'!$D$79=""),"",'Projeção Financeira'!$C$79*'Projeção Financeira'!$D$79) | F79: =IF('Projeção Financeira'!$E$79="","",'Projeção Financeira'!$E$79*'Premissas'!$B$12) | G79: =IF('Projeção Financeira'!$E$79="","",'Projeção Financeira'!$E$79-'Projeção Financeira'!$F$79) | I79: =IF(OR('Projeção Financeira'!$C$79="",'Projeção Financeira'!$H$79=""),"",'Projeção Financeira'!$C$79*'Projeção Financeira'!$H$79) | J79: =IF('Projeção Financeira'!$B$79="","",'Premissas'!$B$11) | K79: =IF('Projeção Financeira'!$B$79="","",0) | L79: =IF(OR('Projeção Financeira'!$G$79="",'Projeção Financeira'!$I$79="",'Projeção Financeira'!$J$79=""),"",'Projeção Financeira'!$G$79-'Projeção Financeira'!$I$79-'Projeção Financeira'!$J$79) | M79: =IF('Projeção Financeira'!$L$79="","",'Projeção Financeira'!$K$79+'Projeção Financeira'!$L$79) | N79: =IF('Projeção Financeira'!$M$79="","",'Projeção Financeira'!$N$78+'Projeção Financeira'!$M$79) | O79: =IF('Projeção Financeira'!$G$79="","",IFERROR('Projeção Financeira'!$M$79/'Projeção Financeira'!$G$79,0)) | P79: =IF(OR('Projeção Financeira'!$J$79="",'Projeção Financeira'!$D$79="",'Projeção Financeira'!$H$79=""),"",IFERROR('Projeção Financeira'!$J$79/('Projeção Financeira'!$D$79-'Projeção Financeira'!$H$79),0)) | Q79: =IF('Projeção Financeira'!$M$79="","",IF('Projeção Financeira'!$M$79>=0,"Positivo","Negativo"))
C80: =IF(OR('Projeção Financeira'!$B$80="",'Projeção Financeira'!$C$79=""),"",ROUND('Projeção Financeira'!$C$79*(1+'Premissas'!$B$9),0)) | E80: =IF(OR('Projeção Financeira'!$C$80="",'Projeção Financeira'!$D$80=""),"",'Projeção Financeira'!$C$80*'Projeção Financeira'!$D$80) | F80: =IF('Projeção Financeira'!$E$80="","",'Projeção Financeira'!$E$80*'Premissas'!$B$12) | G80: =IF('Projeção Financeira'!$E$80="","",'Projeção Financeira'!$E$80-'Projeção Financeira'!$F$80) | I80: =IF(OR('Projeção Financeira'!$C$80="",'Projeção Financeira'!$H$80=""),"",'Projeção Financeira'!$C$80*'Projeção Financeira'!$H$80) | J80: =IF('Projeção Financeira'!$B$80="","",'Premissas'!$B$11) | K80: =IF('Projeção Financeira'!$B$80="","",0) | L80: =IF(OR('Projeção Financeira'!$G$80="",'Projeção Financeira'!$I$80="",'Projeção Financeira'!$J$80=""),"",'Projeção Financeira'!$G$80-'Projeção Financeira'!$I$80-'Projeção Financeira'!$J$80) | M80: =IF('Projeção Financeira'!$L$80="","",'Projeção Financeira'!$K$80+'Projeção Financeira'!$L$80) | N80: =IF('Projeção Financeira'!$M$80="","",'Projeção Financeira'!$N$79+'Projeção Financeira'!$M$80) | O80: =IF('Projeção Financeira'!$G$80="","",IFERROR('Projeção Financeira'!$M$80/'Projeção Financeira'!$G$80,0)) | P80: =IF(OR('Projeção Financeira'!$J$80="",'Projeção Financeira'!$D$80="",'Projeção Financeira'!$H$80=""),"",IFERROR('Projeção Financeira'!$J$80/('Projeção Financeira'!$D$80-'Projeção Financeira'!$H$80),0)) | Q80: =IF('Projeção Financeira'!$M$80="","",IF('Projeção Financeira'!$M$80>=0,"Positivo","Negativo"))
C81: =IF(OR('Projeção Financeira'!$B$81="",'Projeção Financeira'!$C$80=""),"",ROUND('Projeção Financeira'!$C$80*(1+'Premissas'!$B$9),0)) | E81: =IF(OR('Projeção Financeira'!$C$81="",'Projeção Financeira'!$D$81=""),"",'Projeção Financeira'!$C$81*'Projeção Financeira'!$D$81) | F81: =IF('Projeção Financeira'!$E$81="","",'Projeção Financeira'!$E$81*'Premissas'!$B$12) | G81: =IF('Projeção Financeira'!$E$81="","",'Projeção Financeira'!$E$81-'Projeção Financeira'!$F$81) | I81: =IF(OR('Projeção Financeira'!$C$81="",'Projeção Financeira'!$H$81=""),"",'Projeção Financeira'!$C$81*'Projeção Financeira'!$H$81) | J81: =IF('Projeção Financeira'!$B$81="","",'Premissas'!$B$11) | K81: =IF('Projeção Financeira'!$B$81="","",0) | L81: =IF(OR('Projeção Financeira'!$G$81="",'Projeção Financeira'!$I$81="",'Projeção Financeira'!$J$81=""),"",'Projeção Financeira'!$G$81-'Projeção Financeira'!$I$81-'Projeção Financeira'!$J$81) | M81: =IF('Projeção Financeira'!$L$81="","",'Projeção Financeira'!$K$81+'Projeção Financeira'!$L$81) | N81: =IF('Projeção Financeira'!$M$81="","",'Projeção Financeira'!$N$80+'Projeção Financeira'!$M$81) | O81: =IF('Projeção Financeira'!$G$81="","",IFERROR('Projeção Financeira'!$M$81/'Projeção Financeira'!$G$81,0)) | P81: =IF(OR('Projeção Financeira'!$J$81="",'Projeção Financeira'!$D$81="",'Projeção Financeira'!$H$81=""),"",IFERROR('Projeção Financeira'!$J$81/('Projeção Financeira'!$D$81-'Projeção Financeira'!$H$81),0)) | Q81: =IF('Projeção Financeira'!$M$81="","",IF('Projeção Financeira'!$M$81>=0,"Positivo","Negativo"))
C82: =IF(OR('Projeção Financeira'!$B$82="",'Projeção Financeira'!$C$81=""),"",ROUND('Projeção Financeira'!$C$81*(1+'Premissas'!$B$9),0)) | E82: =IF(OR('Projeção Financeira'!$C$82="",'Projeção Financeira'!$D$82=""),"",'Projeção Financeira'!$C$82*'Projeção Financeira'!$D$82) | F82: =IF('Projeção Financeira'!$E$82="","",'Projeção Financeira'!$E$82*'Premissas'!$B$12) | G82: =IF('Projeção Financeira'!$E$82="","",'Projeção Financeira'!$E$82-'Projeção Financeira'!$F$82) | I82: =IF(OR('Projeção Financeira'!$C$82="",'Projeção Financeira'!$H$82=""),"",'Projeção Financeira'!$C$82*'Projeção Financeira'!$H$82) | J82: =IF('Projeção Financeira'!$B$82="","",'Premissas'!$B$11) | K82: =IF('Projeção Financeira'!$B$82="","",0) | L82: =IF(OR('Projeção Financeira'!$G$82="",'Projeção Financeira'!$I$82="",'Projeção Financeira'!$J$82=""),"",'Projeção Financeira'!$G$82-'Projeção Financeira'!$I$82-'Projeção Financeira'!$J$82) | M82: =IF('Projeção Financeira'!$L$82="","",'Projeção Financeira'!$K$82+'Projeção Financeira'!$L$82) | N82: =IF('Projeção Financeira'!$M$82="","",'Projeção Financeira'!$N$81+'Projeção Financeira'!$M$82) | O82: =IF('Projeção Financeira'!$G$82="","",IFERROR('Projeção Financeira'!$M$82/'Projeção Financeira'!$G$82,0)) | P82: =IF(OR('Projeção Financeira'!$J$82="",'Projeção Financeira'!$D$82="",'Projeção Financeira'!$H$82=""),"",IFERROR('Projeção Financeira'!$J$82/('Projeção Financeira'!$D$82-'Projeção Financeira'!$H$82),0)) | Q82: =IF('Projeção Financeira'!$M$82="","",IF('Projeção Financeira'!$M$82>=0,"Positivo","Negativo"))
C83: =IF(OR('Projeção Financeira'!$B$83="",'Projeção Financeira'!$C$82=""),"",ROUND('Projeção Financeira'!$C$82*(1+'Premissas'!$B$9),0)) | E83: =IF(OR('Projeção Financeira'!$C$83="",'Projeção Financeira'!$D$83=""),"",'Projeção Financeira'!$C$83*'Projeção Financeira'!$D$83) | F83: =IF('Projeção Financeira'!$E$83="","",'Projeção Financeira'!$E$83*'Premissas'!$B$12) | G83: =IF('Projeção Financeira'!$E$83="","",'Projeção Financeira'!$E$83-'Projeção Financeira'!$F$83) | I83: =IF(OR('Projeção Financeira'!$C$83="",'Projeção Financeira'!$H$83=""),"",'Projeção Financeira'!$C$83*'Projeção Financeira'!$H$83) | J83: =IF('Projeção Financeira'!$B$83="","",'Premissas'!$B$11) | K83: =IF('Projeção Financeira'!$B$83="","",0) | L83: =IF(OR('Projeção Financeira'!$G$83="",'Projeção Financeira'!$I$83="",'Projeção Financeira'!$J$83=""),"",'Projeção Financeira'!$G$83-'Projeção Financeira'!$I$83-'Projeção Financeira'!$J$83) | M83: =IF('Projeção Financeira'!$L$83="","",'Projeção Financeira'!$K$83+'Projeção Financeira'!$L$83) | N83: =IF('Projeção Financeira'!$M$83="","",'Projeção Financeira'!$N$82+'Projeção Financeira'!$M$83) | O83: =IF('Projeção Financeira'!$G$83="","",IFERROR('Projeção Financeira'!$M$83/'Projeção Financeira'!$G$83,0)) | P83: =IF(OR('Projeção Financeira'!$J$83="",'Projeção Financeira'!$D$83="",'Projeção Financeira'!$H$83=""),"",IFERROR('Projeção Financeira'!$J$83/('Projeção Financeira'!$D$83-'Projeção Financeira'!$H$83),0)) | Q83: =IF('Projeção Financeira'!$M$83="","",IF('Projeção Financeira'!$M$83>=0,"Positivo","Negativo"))
C84: =IF(OR('Projeção Financeira'!$B$84="",'Projeção Financeira'!$C$83=""),"",ROUND('Projeção Financeira'!$C$83*(1+'Premissas'!$B$9),0)) | E84: =IF(OR('Projeção Financeira'!$C$84="",'Projeção Financeira'!$D$84=""),"",'Projeção Financeira'!$C$84*'Projeção Financeira'!$D$84) | F84: =IF('Projeção Financeira'!$E$84="","",'Projeção Financeira'!$E$84*'Premissas'!$B$12) | G84: =IF('Projeção Financeira'!$E$84="","",'Projeção Financeira'!$E$84-'Projeção Financeira'!$F$84) | I84: =IF(OR('Projeção Financeira'!$C$84="",'Projeção Financeira'!$H$84=""),"",'Projeção Financeira'!$C$84*'Projeção Financeira'!$H$84) | J84: =IF('Projeção Financeira'!$B$84="","",'Premissas'!$B$11) | K84: =IF('Projeção Financeira'!$B$84="","",0) | L84: =IF(OR('Projeção Financeira'!$G$84="",'Projeção Financeira'!$I$84="",'Projeção Financeira'!$J$84=""),"",'Projeção Financeira'!$G$84-'Projeção Financeira'!$I$84-'Projeção Financeira'!$J$84) | M84: =IF('Projeção Financeira'!$L$84="","",'Projeção Financeira'!$K$84+'Projeção Financeira'!$L$84) | N84: =IF('Projeção Financeira'!$M$84="","",'Projeção Financeira'!$N$83+'Projeção Financeira'!$M$84) | O84: =IF('Projeção Financeira'!$G$84="","",IFERROR('Projeção Financeira'!$M$84/'Projeção Financeira'!$G$84,0)) | P84: =IF(OR('Projeção Financeira'!$J$84="",'Projeção Financeira'!$D$84="",'Projeção Financeira'!$H$84=""),"",IFERROR('Projeção Financeira'!$J$84/('Projeção Financeira'!$D$84-'Projeção Financeira'!$H$84),0)) | Q84: =IF('Projeção Financeira'!$M$84="","",IF('Projeção Financeira'!$M$84>=0,"Positivo","Negativo"))
C85: =IF(OR('Projeção Financeira'!$B$85="",'Projeção Financeira'!$C$84=""),"",ROUND('Projeção Financeira'!$C$84*(1+'Premissas'!$B$9),0)) | E85: =IF(OR('Projeção Financeira'!$C$85="",'Projeção Financeira'!$D$85=""),"",'Projeção Financeira'!$C$85*'Projeção Financeira'!$D$85) | F85: =IF('Projeção Financeira'!$E$85="","",'Projeção Financeira'!$E$85*'Premissas'!$B$12) | G85: =IF('Projeção Financeira'!$E$85="","",'Projeção Financeira'!$E$85-'Projeção Financeira'!$F$85) | I85: =IF(OR('Projeção Financeira'!$C$85="",'Projeção Financeira'!$H$85=""),"",'Projeção Financeira'!$C$85*'Projeção Financeira'!$H$85) | J85: =IF('Projeção Financeira'!$B$85="","",'Premissas'!$B$11) | K85: =IF('Projeção Financeira'!$B$85="","",0) | L85: =IF(OR('Projeção Financeira'!$G$85="",'Projeção Financeira'!$I$85="",'Projeção Financeira'!$J$85=""),"",'Projeção Financeira'!$G$85-'Projeção Financeira'!$I$85-'Projeção Financeira'!$J$85) | M85: =IF('Projeção Financeira'!$L$85="","",'Projeção Financeira'!$K$85+'Projeção Financeira'!$L$85) | N85: =IF('Projeção Financeira'!$M$85="","",'Projeção Financeira'!$N$84+'Projeção Financeira'!$M$85) | O85: =IF('Projeção Financeira'!$G$85="","",IFERROR('Projeção Financeira'!$M$85/'Projeção Financeira'!$G$85,0)) | P85: =IF(OR('Projeção Financeira'!$J$85="",'Projeção Financeira'!$D$85="",'Projeção Financeira'!$H$85=""),"",IFERROR('Projeção Financeira'!$J$85/('Projeção Financeira'!$D$85-'Projeção Financeira'!$H$85),0)) | Q85: =IF('Projeção Financeira'!$M$85="","",IF('Projeção Financeira'!$M$85>=0,"Positivo","Negativo"))
C86: =IF(OR('Projeção Financeira'!$B$86="",'Projeção Financeira'!$C$85=""),"",ROUND('Projeção Financeira'!$C$85*(1+'Premissas'!$B$9),0)) | E86: =IF(OR('Projeção Financeira'!$C$86="",'Projeção Financeira'!$D$86=""),"",'Projeção Financeira'!$C$86*'Projeção Financeira'!$D$86) | F86: =IF('Projeção Financeira'!$E$86="","",'Projeção Financeira'!$E$86*'Premissas'!$B$12) | G86: =IF('Projeção Financeira'!$E$86="","",'Projeção Financeira'!$E$86-'Projeção Financeira'!$F$86) | I86: =IF(OR('Projeção Financeira'!$C$86="",'Projeção Financeira'!$H$86=""),"",'Projeção Financeira'!$C$86*'Projeção Financeira'!$H$86) | J86: =IF('Projeção Financeira'!$B$86="","",'Premissas'!$B$11) | K86: =IF('Projeção Financeira'!$B$86="","",0) | L86: =IF(OR('Projeção Financeira'!$G$86="",'Projeção Financeira'!$I$86="",'Projeção Financeira'!$J$86=""),"",'Projeção Financeira'!$G$86-'Projeção Financeira'!$I$86-'Projeção Financeira'!$J$86) | M86: =IF('Projeção Financeira'!$L$86="","",'Projeção Financeira'!$K$86+'Projeção Financeira'!$L$86) | N86: =IF('Projeção Financeira'!$M$86="","",'Projeção Financeira'!$N$85+'Projeção Financeira'!$M$86) | O86: =IF('Projeção Financeira'!$G$86="","",IFERROR('Projeção Financeira'!$M$86/'Projeção Financeira'!$G$86,0)) | P86: =IF(OR('Projeção Financeira'!$J$86="",'Projeção Financeira'!$D$86="",'Projeção Financeira'!$H$86=""),"",IFERROR('Projeção Financeira'!$J$86/('Projeção Financeira'!$D$86-'Projeção Financeira'!$H$86),0)) | Q86: =IF('Projeção Financeira'!$M$86="","",IF('Projeção Financeira'!$M$86>=0,"Positivo","Negativo"))
C87: =IF(OR('Projeção Financeira'!$B$87="",'Projeção Financeira'!$C$86=""),"",ROUND('Projeção Financeira'!$C$86*(1+'Premissas'!$B$9),0)) | E87: =IF(OR('Projeção Financeira'!$C$87="",'Projeção Financeira'!$D$87=""),"",'Projeção Financeira'!$C$87*'Projeção Financeira'!$D$87) | F87: =IF('Projeção Financeira'!$E$87="","",'Projeção Financeira'!$E$87*'Premissas'!$B$12) | G87: =IF('Projeção Financeira'!$E$87="","",'Projeção Financeira'!$E$87-'Projeção Financeira'!$F$87) | I87: =IF(OR('Projeção Financeira'!$C$87="",'Projeção Financeira'!$H$87=""),"",'Projeção Financeira'!$C$87*'Projeção Financeira'!$H$87) | J87: =IF('Projeção Financeira'!$B$87="","",'Premissas'!$B$11) | K87: =IF('Projeção Financeira'!$B$87="","",0) | L87: =IF(OR('Projeção Financeira'!$G$87="",'Projeção Financeira'!$I$87="",'Projeção Financeira'!$J$87=""),"",'Projeção Financeira'!$G$87-'Projeção Financeira'!$I$87-'Projeção Financeira'!$J$87) | M87: =IF('Projeção Financeira'!$L$87="","",'Projeção Financeira'!$K$87+'Projeção Financeira'!$L$87) | N87: =IF('Projeção Financeira'!$M$87="","",'Projeção Financeira'!$N$86+'Projeção Financeira'!$M$87) | O87: =IF('Projeção Financeira'!$G$87="","",IFERROR('Projeção Financeira'!$M$87/'Projeção Financeira'!$G$87,0)) | P87: =IF(OR('Projeção Financeira'!$J$87="",'Projeção Financeira'!$D$87="",'Projeção Financeira'!$H$87=""),"",IFERROR('Projeção Financeira'!$J$87/('Projeção Financeira'!$D$87-'Projeção Financeira'!$H$87),0)) | Q87: =IF('Projeção Financeira'!$M$87="","",IF('Projeção Financeira'!$M$87>=0,"Positivo","Negativo"))
C88: =IF(OR('Projeção Financeira'!$B$88="",'Projeção Financeira'!$C$87=""),"",ROUND('Projeção Financeira'!$C$87*(1+'Premissas'!$B$9),0)) | E88: =IF(OR('Projeção Financeira'!$C$88="",'Projeção Financeira'!$D$88=""),"",'Projeção Financeira'!$C$88*'Projeção Financeira'!$D$88) | F88: =IF('Projeção Financeira'!$E$88="","",'Projeção Financeira'!$E$88*'Premissas'!$B$12) | G88: =IF('Projeção Financeira'!$E$88="","",'Projeção Financeira'!$E$88-'Projeção Financeira'!$F$88) | I88: =IF(OR('Projeção Financeira'!$C$88="",'Projeção Financeira'!$H$88=""),"",'Projeção Financeira'!$C$88*'Projeção Financeira'!$H$88) | J88: =IF('Projeção Financeira'!$B$88="","",'Premissas'!$B$11) | K88: =IF('Projeção Financeira'!$B$88="","",0) | L88: =IF(OR('Projeção Financeira'!$G$88="",'Projeção Financeira'!$I$88="",'Projeção Financeira'!$J$88=""),"",'Projeção Financeira'!$G$88-'Projeção Financeira'!$I$88-'Projeção Financeira'!$J$88) | M88: =IF('Projeção Financeira'!$L$88="","",'Projeção Financeira'!$K$88+'Projeção Financeira'!$L$88) | N88: =IF('Projeção Financeira'!$M$88="","",'Projeção Financeira'!$N$87+'Projeção Financeira'!$M$88) | O88: =IF('Projeção Financeira'!$G$88="","",IFERROR('Projeção Financeira'!$M$88/'Projeção Financeira'!$G$88,0)) | P88: =IF(OR('Projeção Financeira'!$J$88="",'Projeção Financeira'!$D$88="",'Projeção Financeira'!$H$88=""),"",IFERROR('Projeção Financeira'!$J$88/('Projeção Financeira'!$D$88-'Projeção Financeira'!$H$88),0)) | Q88: =IF('Projeção Financeira'!$M$88="","",IF('Projeção Financeira'!$M$88>=0,"Positivo","Negativo"))
C89: =IF(OR('Projeção Financeira'!$B$89="",'Projeção Financeira'!$C$88=""),"",ROUND('Projeção Financeira'!$C$88*(1+'Premissas'!$B$9),0)) | E89: =IF(OR('Projeção Financeira'!$C$89="",'Projeção Financeira'!$D$89=""),"",'Projeção Financeira'!$C$89*'Projeção Financeira'!$D$89) | F89: =IF('Projeção Financeira'!$E$89="","",'Projeção Financeira'!$E$89*'Premissas'!$B$12) | G89: =IF('Projeção Financeira'!$E$89="","",'Projeção Financeira'!$E$89-'Projeção Financeira'!$F$89) | I89: =IF(OR('Projeção Financeira'!$C$89="",'Projeção Financeira'!$H$89=""),"",'Projeção Financeira'!$C$89*'Projeção Financeira'!$H$89) | J89: =IF('Projeção Financeira'!$B$89="","",'Premissas'!$B$11) | K89: =IF('Projeção Financeira'!$B$89="","",0) | L89: =IF(OR('Projeção Financeira'!$G$89="",'Projeção Financeira'!$I$89="",'Projeção Financeira'!$J$89=""),"",'Projeção Financeira'!$G$89-'Projeção Financeira'!$I$89-'Projeção Financeira'!$J$89) | M89: =IF('Projeção Financeira'!$L$89="","",'Projeção Financeira'!$K$89+'Projeção Financeira'!$L$89) | N89: =IF('Projeção Financeira'!$M$89="","",'Projeção Financeira'!$N$88+'Projeção Financeira'!$M$89) | O89: =IF('Projeção Financeira'!$G$89="","",IFERROR('Projeção Financeira'!$M$89/'Projeção Financeira'!$G$89,0)) | P89: =IF(OR('Projeção Financeira'!$J$89="",'Projeção Financeira'!$D$89="",'Projeção Financeira'!$H$89=""),"",IFERROR('Projeção Financeira'!$J$89/('Projeção Financeira'!$D$89-'Projeção Financeira'!$H$89),0)) | Q89: =IF('Projeção Financeira'!$M$89="","",IF('Projeção Financeira'!$M$89>=0,"Positivo","Negativo"))
C90: =IF(OR('Projeção Financeira'!$B$90="",'Projeção Financeira'!$C$89=""),"",ROUND('Projeção Financeira'!$C$89*(1+'Premissas'!$B$9),0)) | E90: =IF(OR('Projeção Financeira'!$C$90="",'Projeção Financeira'!$D$90=""),"",'Projeção Financeira'!$C$90*'Projeção Financeira'!$D$90) | F90: =IF('Projeção Financeira'!$E$90="","",'Projeção Financeira'!$E$90*'Premissas'!$B$12) | G90: =IF('Projeção Financeira'!$E$90="","",'Projeção Financeira'!$E$90-'Projeção Financeira'!$F$90) | I90: =IF(OR('Projeção Financeira'!$C$90="",'Projeção Financeira'!$H$90=""),"",'Projeção Financeira'!$C$90*'Projeção Financeira'!$H$90) | J90: =IF('Projeção Financeira'!$B$90="","",'Premissas'!$B$11) | K90: =IF('Projeção Financeira'!$B$90="","",0) | L90: =IF(OR('Projeção Financeira'!$G$90="",'Projeção Financeira'!$I$90="",'Projeção Financeira'!$J$90=""),"",'Projeção Financeira'!$G$90-'Projeção Financeira'!$I$90-'Projeção Financeira'!$J$90) | M90: =IF('Projeção Financeira'!$L$90="","",'Projeção Financeira'!$K$90+'Projeção Financeira'!$L$90) | N90: =IF('Projeção Financeira'!$M$90="","",'Projeção Financeira'!$N$89+'Projeção Financeira'!$M$90) | O90: =IF('Projeção Financeira'!$G$90="","",IFERROR('Projeção Financeira'!$M$90/'Projeção Financeira'!$G$90,0)) | P90: =IF(OR('Projeção Financeira'!$J$90="",'Projeção Financeira'!$D$90="",'Projeção Financeira'!$H$90=""),"",IFERROR('Projeção Financeira'!$J$90/('Projeção Financeira'!$D$90-'Projeção Financeira'!$H$90),0)) | Q90: =IF('Projeção Financeira'!$M$90="","",IF('Projeção Financeira'!$M$90>=0,"Positivo","Negativo"))
C91: =IF(OR('Projeção Financeira'!$B$91="",'Projeção Financeira'!$C$90=""),"",ROUND('Projeção Financeira'!$C$90*(1+'Premissas'!$B$9),0)) | E91: =IF(OR('Projeção Financeira'!$C$91="",'Projeção Financeira'!$D$91=""),"",'Projeção Financeira'!$C$91*'Projeção Financeira'!$D$91) | F91: =IF('Projeção Financeira'!$E$91="","",'Projeção Financeira'!$E$91*'Premissas'!$B$12) | G91: =IF('Projeção Financeira'!$E$91="","",'Projeção Financeira'!$E$91-'Projeção Financeira'!$F$91) | I91: =IF(OR('Projeção Financeira'!$C$91="",'Projeção Financeira'!$H$91=""),"",'Projeção Financeira'!$C$91*'Projeção Financeira'!$H$91) | J91: =IF('Projeção Financeira'!$B$91="","",'Premissas'!$B$11) | K91: =IF('Projeção Financeira'!$B$91="","",0) | L91: =IF(OR('Projeção Financeira'!$G$91="",'Projeção Financeira'!$I$91="",'Projeção Financeira'!$J$91=""),"",'Projeção Financeira'!$G$91-'Projeção Financeira'!$I$91-'Projeção Financeira'!$J$91) | M91: =IF('Projeção Financeira'!$L$91="","",'Projeção Financeira'!$K$91+'Projeção Financeira'!$L$91) | N91: =IF('Projeção Financeira'!$M$91="","",'Projeção Financeira'!$N$90+'Projeção Financeira'!$M$91) | O91: =IF('Projeção Financeira'!$G$91="","",IFERROR('Projeção Financeira'!$M$91/'Projeção Financeira'!$G$91,0)) | P91: =IF(OR('Projeção Financeira'!$J$91="",'Projeção Financeira'!$D$91="",'Projeção Financeira'!$H$91=""),"",IFERROR('Projeção Financeira'!$J$91/('Projeção Financeira'!$D$91-'Projeção Financeira'!$H$91),0)) | Q91: =IF('Projeção Financeira'!$M$91="","",IF('Projeção Financeira'!$M$91>=0,"Positivo","Negativo"))
C92: =IF(OR('Projeção Financeira'!$B$92="",'Projeção Financeira'!$C$91=""),"",ROUND('Projeção Financeira'!$C$91*(1+'Premissas'!$B$9),0)) | E92: =IF(OR('Projeção Financeira'!$C$92="",'Projeção Financeira'!$D$92=""),"",'Projeção Financeira'!$C$92*'Projeção Financeira'!$D$92) | F92: =IF('Projeção Financeira'!$E$92="","",'Projeção Financeira'!$E$92*'Premissas'!$B$12) | G92: =IF('Projeção Financeira'!$E$92="","",'Projeção Financeira'!$E$92-'Projeção Financeira'!$F$92) | I92: =IF(OR('Projeção Financeira'!$C$92="",'Projeção Financeira'!$H$92=""),"",'Projeção Financeira'!$C$92*'Projeção Financeira'!$H$92) | J92: =IF('Projeção Financeira'!$B$92="","",'Premissas'!$B$11) | K92: =IF('Projeção Financeira'!$B$92="","",0) | L92: =IF(OR('Projeção Financeira'!$G$92="",'Projeção Financeira'!$I$92="",'Projeção Financeira'!$J$92=""),"",'Projeção Financeira'!$G$92-'Projeção Financeira'!$I$92-'Projeção Financeira'!$J$92) | M92: =IF('Projeção Financeira'!$L$92="","",'Projeção Financeira'!$K$92+'Projeção Financeira'!$L$92) | N92: =IF('Projeção Financeira'!$M$92="","",'Projeção Financeira'!$N$91+'Projeção Financeira'!$M$92) | O92: =IF('Projeção Financeira'!$G$92="","",IFERROR('Projeção Financeira'!$M$92/'Projeção Financeira'!$G$92,0)) | P92: =IF(OR('Projeção Financeira'!$J$92="",'Projeção Financeira'!$D$92="",'Projeção Financeira'!$H$92=""),"",IFERROR('Projeção Financeira'!$J$92/('Projeção Financeira'!$D$92-'Projeção Financeira'!$H$92),0)) | Q92: =IF('Projeção Financeira'!$M$92="","",IF('Projeção Financeira'!$M$92>=0,"Positivo","Negativo"))
C93: =IF(OR('Projeção Financeira'!$B$93="",'Projeção Financeira'!$C$92=""),"",ROUND('Projeção Financeira'!$C$92*(1+'Premissas'!$B$9),0)) | E93: =IF(OR('Projeção Financeira'!$C$93="",'Projeção Financeira'!$D$93=""),"",'Projeção Financeira'!$C$93*'Projeção Financeira'!$D$93) | F93: =IF('Projeção Financeira'!$E$93="","",'Projeção Financeira'!$E$93*'Premissas'!$B$12) | G93: =IF('Projeção Financeira'!$E$93="","",'Projeção Financeira'!$E$93-'Projeção Financeira'!$F$93) | I93: =IF(OR('Projeção Financeira'!$C$93="",'Projeção Financeira'!$H$93=""),"",'Projeção Financeira'!$C$93*'Projeção Financeira'!$H$93) | J93: =IF('Projeção Financeira'!$B$93="","",'Premissas'!$B$11) | K93: =IF('Projeção Financeira'!$B$93="","",0) | L93: =IF(OR('Projeção Financeira'!$G$93="",'Projeção Financeira'!$I$93="",'Projeção Financeira'!$J$93=""),"",'Projeção Financeira'!$G$93-'Projeção Financeira'!$I$93-'Projeção Financeira'!$J$93) | M93: =IF('Projeção Financeira'!$L$93="","",'Projeção Financeira'!$K$93+'Projeção Financeira'!$L$93) | N93: =IF('Projeção Financeira'!$M$93="","",'Projeção Financeira'!$N$92+'Projeção Financeira'!$M$93) | O93: =IF('Projeção Financeira'!$G$93="","",IFERROR('Projeção Financeira'!$M$93/'Projeção Financeira'!$G$93,0)) | P93: =IF(OR('Projeção Financeira'!$J$93="",'Projeção Financeira'!$D$93="",'Projeção Financeira'!$H$93=""),"",IFERROR('Projeção Financeira'!$J$93/('Projeção Financeira'!$D$93-'Projeção Financeira'!$H$93),0)) | Q93: =IF('Projeção Financeira'!$M$93="","",IF('Projeção Financeira'!$M$93>=0,"Positivo","Negativo"))
C94: =IF(OR('Projeção Financeira'!$B$94="",'Projeção Financeira'!$C$93=""),"",ROUND('Projeção Financeira'!$C$93*(1+'Premissas'!$B$9),0)) | E94: =IF(OR('Projeção Financeira'!$C$94="",'Projeção Financeira'!$D$94=""),"",'Projeção Financeira'!$C$94*'Projeção Financeira'!$D$94) | F94: =IF('Projeção Financeira'!$E$94="","",'Projeção Financeira'!$E$94*'Premissas'!$B$12) | G94: =IF('Projeção Financeira'!$E$94="","",'Projeção Financeira'!$E$94-'Projeção Financeira'!$F$94) | I94: =IF(OR('Projeção Financeira'!$C$94="",'Projeção Financeira'!$H$94=""),"",'Projeção Financeira'!$C$94*'Projeção Financeira'!$H$94) | J94: =IF('Projeção Financeira'!$B$94="","",'Premissas'!$B$11) | K94: =IF('Projeção Financeira'!$B$94="","",0) | L94: =IF(OR('Projeção Financeira'!$G$94="",'Projeção Financeira'!$I$94="",'Projeção Financeira'!$J$94=""),"",'Projeção Financeira'!$G$94-'Projeção Financeira'!$I$94-'Projeção Financeira'!$J$94) | M94: =IF('Projeção Financeira'!$L$94="","",'Projeção Financeira'!$K$94+'Projeção Financeira'!$L$94) | N94: =IF('Projeção Financeira'!$M$94="","",'Projeção Financeira'!$N$93+'Projeção Financeira'!$M$94) | O94: =IF('Projeção Financeira'!$G$94="","",IFERROR('Projeção Financeira'!$M$94/'Projeção Financeira'!$G$94,0)) | P94: =IF(OR('Projeção Financeira'!$J$94="",'Projeção Financeira'!$D$94="",'Projeção Financeira'!$H$94=""),"",IFERROR('Projeção Financeira'!$J$94/('Projeção Financeira'!$D$94-'Projeção Financeira'!$H$94),0)) | Q94: =IF('Projeção Financeira'!$M$94="","",IF('Projeção Financeira'!$M$94>=0,"Positivo","Negativo"))
C95: =IF(OR('Projeção Financeira'!$B$95="",'Projeção Financeira'!$C$94=""),"",ROUND('Projeção Financeira'!$C$94*(1+'Premissas'!$B$9),0)) | E95: =IF(OR('Projeção Financeira'!$C$95="",'Projeção Financeira'!$D$95=""),"",'Projeção Financeira'!$C$95*'Projeção Financeira'!$D$95) | F95: =IF('Projeção Financeira'!$E$95="","",'Projeção Financeira'!$E$95*'Premissas'!$B$12) | G95: =IF('Projeção Financeira'!$E$95="","",'Projeção Financeira'!$E$95-'Projeção Financeira'!$F$95) | I95: =IF(OR('Projeção Financeira'!$C$95="",'Projeção Financeira'!$H$95=""),"",'Projeção Financeira'!$C$95*'Projeção Financeira'!$H$95) | J95: =IF('Projeção Financeira'!$B$95="","",'Premissas'!$B$11) | K95: =IF('Projeção Financeira'!$B$95="","",0) | L95: =IF(OR('Projeção Financeira'!$G$95="",'Projeção Financeira'!$I$95="",'Projeção Financeira'!$J$95=""),"",'Projeção Financeira'!$G$95-'Projeção Financeira'!$I$95-'Projeção Financeira'!$J$95) | M95: =IF('Projeção Financeira'!$L$95="","",'Projeção Financeira'!$K$95+'Projeção Financeira'!$L$95) | N95: =IF('Projeção Financeira'!$M$95="","",'Projeção Financeira'!$N$94+'Projeção Financeira'!$M$95) | O95: =IF('Projeção Financeira'!$G$95="","",IFERROR('Projeção Financeira'!$M$95/'Projeção Financeira'!$G$95,0)) | P95: =IF(OR('Projeção Financeira'!$J$95="",'Projeção Financeira'!$D$95="",'Projeção Financeira'!$H$95=""),"",IFERROR('Projeção Financeira'!$J$95/('Projeção Financeira'!$D$95-'Projeção Financeira'!$H$95),0)) | Q95: =IF('Projeção Financeira'!$M$95="","",IF('Projeção Financeira'!$M$95>=0,"Positivo","Negativo"))
C96: =IF(OR('Projeção Financeira'!$B$96="",'Projeção Financeira'!$C$95=""),"",ROUND('Projeção Financeira'!$C$95*(1+'Premissas'!$B$9),0)) | E96: =IF(OR('Projeção Financeira'!$C$96="",'Projeção Financeira'!$D$96=""),"",'Projeção Financeira'!$C$96*'Projeção Financeira'!$D$96) | F96: =IF('Projeção Financeira'!$E$96="","",'Projeção Financeira'!$E$96*'Premissas'!$B$12) | G96: =IF('Projeção Financeira'!$E$96="","",'Projeção Financeira'!$E$96-'Projeção Financeira'!$F$96) | I96: =IF(OR('Projeção Financeira'!$C$96="",'Projeção Financeira'!$H$96=""),"",'Projeção Financeira'!$C$96*'Projeção Financeira'!$H$96) | J96: =IF('Projeção Financeira'!$B$96="","",'Premissas'!$B$11) | K96: =IF('Projeção Financeira'!$B$96="","",0) | L96: =IF(OR('Projeção Financeira'!$G$96="",'Projeção Financeira'!$I$96="",'Projeção Financeira'!$J$96=""),"",'Projeção Financeira'!$G$96-'Projeção Financeira'!$I$96-'Projeção Financeira'!$J$96) | M96: =IF('Projeção Financeira'!$L$96="","",'Projeção Financeira'!$K$96+'Projeção Financeira'!$L$96) | N96: =IF('Projeção Financeira'!$M$96="","",'Projeção Financeira'!$N$95+'Projeção Financeira'!$M$96) | O96: =IF('Projeção Financeira'!$G$96="","",IFERROR('Projeção Financeira'!$M$96/'Projeção Financeira'!$G$96,0)) | P96: =IF(OR('Projeção Financeira'!$J$96="",'Projeção Financeira'!$D$96="",'Projeção Financeira'!$H$96=""),"",IFERROR('Projeção Financeira'!$J$96/('Projeção Financeira'!$D$96-'Projeção Financeira'!$H$96),0)) | Q96: =IF('Projeção Financeira'!$M$96="","",IF('Projeção Financeira'!$M$96>=0,"Positivo","Negativo"))
C97: =IF(OR('Projeção Financeira'!$B$97="",'Projeção Financeira'!$C$96=""),"",ROUND('Projeção Financeira'!$C$96*(1+'Premissas'!$B$9),0)) | E97: =IF(OR('Projeção Financeira'!$C$97="",'Projeção Financeira'!$D$97=""),"",'Projeção Financeira'!$C$97*'Projeção Financeira'!$D$97) | F97: =IF('Projeção Financeira'!$E$97="","",'Projeção Financeira'!$E$97*'Premissas'!$B$12) | G97: =IF('Projeção Financeira'!$E$97="","",'Projeção Financeira'!$E$97-'Projeção Financeira'!$F$97) | I97: =IF(OR('Projeção Financeira'!$C$97="",'Projeção Financeira'!$H$97=""),"",'Projeção Financeira'!$C$97*'Projeção Financeira'!$H$97) | J97: =IF('Projeção Financeira'!$B$97="","",'Premissas'!$B$11) | K97: =IF('Projeção Financeira'!$B$97="","",0) | L97: =IF(OR('Projeção Financeira'!$G$97="",'Projeção Financeira'!$I$97="",'Projeção Financeira'!$J$97=""),"",'Projeção Financeira'!$G$97-'Projeção Financeira'!$I$97-'Projeção Financeira'!$J$97) | M97: =IF('Projeção Financeira'!$L$97="","",'Projeção Financeira'!$K$97+'Projeção Financeira'!$L$97) | N97: =IF('Projeção Financeira'!$M$97="","",'Projeção Financeira'!$N$96+'Projeção Financeira'!$M$97) | O97: =IF('Projeção Financeira'!$G$97="","",IFERROR('Projeção Financeira'!$M$97/'Projeção Financeira'!$G$97,0)) | P97: =IF(OR('Projeção Financeira'!$J$97="",'Projeção Financeira'!$D$97="",'Projeção Financeira'!$H$97=""),"",IFERROR('Projeção Financeira'!$J$97/('Projeção Financeira'!$D$97-'Projeção Financeira'!$H$97),0)) | Q97: =IF('Projeção Financeira'!$M$97="","",IF('Projeção Financeira'!$M$97>=0,"Positivo","Negativo"))
C98: =IF(OR('Projeção Financeira'!$B$98="",'Projeção Financeira'!$C$97=""),"",ROUND('Projeção Financeira'!$C$97*(1+'Premissas'!$B$9),0)) | E98: =IF(OR('Projeção Financeira'!$C$98="",'Projeção Financeira'!$D$98=""),"",'Projeção Financeira'!$C$98*'Projeção Financeira'!$D$98) | F98: =IF('Projeção Financeira'!$E$98="","",'Projeção Financeira'!$E$98*'Premissas'!$B$12) | G98: =IF('Projeção Financeira'!$E$98="","",'Projeção Financeira'!$E$98-'Projeção Financeira'!$F$98) | I98: =IF(OR('Projeção Financeira'!$C$98="",'Projeção Financeira'!$H$98=""),"",'Projeção Financeira'!$C$98*'Projeção Financeira'!$H$98) | J98: =IF('Projeção Financeira'!$B$98="","",'Premissas'!$B$11) | K98: =IF('Projeção Financeira'!$B$98="","",0) | L98: =IF(OR('Projeção Financeira'!$G$98="",'Projeção Financeira'!$I$98="",'Projeção Financeira'!$J$98=""),"",'Projeção Financeira'!$G$98-'Projeção Financeira'!$I$98-'Projeção Financeira'!$J$98) | M98: =IF('Projeção Financeira'!$L$98="","",'Projeção Financeira'!$K$98+'Projeção Financeira'!$L$98) | N98: =IF('Projeção Financeira'!$M$98="","",'Projeção Financeira'!$N$97+'Projeção Financeira'!$M$98) | O98: =IF('Projeção Financeira'!$G$98="","",IFERROR('Projeção Financeira'!$M$98/'Projeção Financeira'!$G$98,0)) | P98: =IF(OR('Projeção Financeira'!$J$98="",'Projeção Financeira'!$D$98="",'Projeção Financeira'!$H$98=""),"",IFERROR('Projeção Financeira'!$J$98/('Projeção Financeira'!$D$98-'Projeção Financeira'!$H$98),0)) | Q98: =IF('Projeção Financeira'!$M$98="","",IF('Projeção Financeira'!$M$98>=0,"Positivo","Negativo"))
C99: =IF(OR('Projeção Financeira'!$B$99="",'Projeção Financeira'!$C$98=""),"",ROUND('Projeção Financeira'!$C$98*(1+'Premissas'!$B$9),0)) | E99: =IF(OR('Projeção Financeira'!$C$99="",'Projeção Financeira'!$D$99=""),"",'Projeção Financeira'!$C$99*'Projeção Financeira'!$D$99) | F99: =IF('Projeção Financeira'!$E$99="","",'Projeção Financeira'!$E$99*'Premissas'!$B$12) | G99: =IF('Projeção Financeira'!$E$99="","",'Projeção Financeira'!$E$99-'Projeção Financeira'!$F$99) | I99: =IF(OR('Projeção Financeira'!$C$99="",'Projeção Financeira'!$H$99=""),"",'Projeção Financeira'!$C$99*'Projeção Financeira'!$H$99) | J99: =IF('Projeção Financeira'!$B$99="","",'Premissas'!$B$11) | K99: =IF('Projeção Financeira'!$B$99="","",0) | L99: =IF(OR('Projeção Financeira'!$G$99="",'Projeção Financeira'!$I$99="",'Projeção Financeira'!$J$99=""),"",'Projeção Financeira'!$G$99-'Projeção Financeira'!$I$99-'Projeção Financeira'!$J$99) | M99: =IF('Projeção Financeira'!$L$99="","",'Projeção Financeira'!$K$99+'Projeção Financeira'!$L$99) | N99: =IF('Projeção Financeira'!$M$99="","",'Projeção Financeira'!$N$98+'Projeção Financeira'!$M$99) | O99: =IF('Projeção Financeira'!$G$99="","",IFERROR('Projeção Financeira'!$M$99/'Projeção Financeira'!$G$99,0)) | P99: =IF(OR('Projeção Financeira'!$J$99="",'Projeção Financeira'!$D$99="",'Projeção Financeira'!$H$99=""),"",IFERROR('Projeção Financeira'!$J$99/('Projeção Financeira'!$D$99-'Projeção Financeira'!$H$99),0)) | Q99: =IF('Projeção Financeira'!$M$99="","",IF('Projeção Financeira'!$M$99>=0,"Positivo","Negativo"))
C100: =IF(OR('Projeção Financeira'!$B$100="",'Projeção Financeira'!$C$99=""),"",ROUND('Projeção Financeira'!$C$99*(1+'Premissas'!$B$9),0)) | E100: =IF(OR('Projeção Financeira'!$C$100="",'Projeção Financeira'!$D$100=""),"",'Projeção Financeira'!$C$100*'Projeção Financeira'!$D$100) | F100: =IF('Projeção Financeira'!$E$100="","",'Projeção Financeira'!$E$100*'Premissas'!$B$12) | G100: =IF('Projeção Financeira'!$E$100="","",'Projeção Financeira'!$E$100-'Projeção Financeira'!$F$100) | I100: =IF(OR('Projeção Financeira'!$C$100="",'Projeção Financeira'!$H$100=""),"",'Projeção Financeira'!$C$100*'Projeção Financeira'!$H$100) | J100: =IF('Projeção Financeira'!$B$100="","",'Premissas'!$B$11) | K100: =IF('Projeção Financeira'!$B$100="","",0) | L100: =IF(OR('Projeção Financeira'!$G$100="",'Projeção Financeira'!$I$100="",'Projeção Financeira'!$J$100=""),"",'Projeção Financeira'!$G$100-'Projeção Financeira'!$I$100-'Projeção Financeira'!$J$100) | M100: =IF('Projeção Financeira'!$L$100="","",'Projeção Financeira'!$K$100+'Projeção Financeira'!$L$100) | N100: =IF('Projeção Financeira'!$M$100="","",'Projeção Financeira'!$N$99+'Projeção Financeira'!$M$100) | O100: =IF('Projeção Financeira'!$G$100="","",IFERROR('Projeção Financeira'!$M$100/'Projeção Financeira'!$G$100,0)) | P100: =IF(OR('Projeção Financeira'!$J$100="",'Projeção Financeira'!$D$100="",'Projeção Financeira'!$H$100=""),"",IFERROR('Projeção Financeira'!$J$100/('Projeção Financeira'!$D$100-'Projeção Financeira'!$H$100),0)) | Q100: =IF('Projeção Financeira'!$M$100="","",IF('Projeção Financeira'!$M$100>=0,"Positivo","Negativo"))
C101: =IF(OR('Projeção Financeira'!$B$101="",'Projeção Financeira'!$C$100=""),"",ROUND('Projeção Financeira'!$C$100*(1+'Premissas'!$B$9),0)) | E101: =IF(OR('Projeção Financeira'!$C$101="",'Projeção Financeira'!$D$101=""),"",'Projeção Financeira'!$C$101*'Projeção Financeira'!$D$101) | F101: =IF('Projeção Financeira'!$E$101="","",'Projeção Financeira'!$E$101*'Premissas'!$B$12) | G101: =IF('Projeção Financeira'!$E$101="","",'Projeção Financeira'!$E$101-'Projeção Financeira'!$F$101) | I101: =IF(OR('Projeção Financeira'!$C$101="",'Projeção Financeira'!$H$101=""),"",'Projeção Financeira'!$C$101*'Projeção Financeira'!$H$101) | J101: =IF('Projeção Financeira'!$B$101="","",'Premissas'!$B$11) | K101: =IF('Projeção Financeira'!$B$101="","",0) | L101: =IF(OR('Projeção Financeira'!$G$101="",'Projeção Financeira'!$I$101="",'Projeção Financeira'!$J$101=""),"",'Projeção Financeira'!$G$101-'Projeção Financeira'!$I$101-'Projeção Financeira'!$J$101) | M101: =IF('Projeção Financeira'!$L$101="","",'Projeção Financeira'!$K$101+'Projeção Financeira'!$L$101) | N101: =IF('Projeção Financeira'!$M$101="","",'Projeção Financeira'!$N$100+'Projeção Financeira'!$M$101) | O101: =IF('Projeção Financeira'!$G$101="","",IFERROR('Projeção Financeira'!$M$101/'Projeção Financeira'!$G$101,0)) | P101: =IF(OR('Projeção Financeira'!$J$101="",'Projeção Financeira'!$D$101="",'Projeção Financeira'!$H$101=""),"",IFERROR('Projeção Financeira'!$J$101/('Projeção Financeira'!$D$101-'Projeção Financeira'!$H$101),0)) | Q101: =IF('Projeção Financeira'!$M$101="","",IF('Projeção Financeira'!$M$101>=0,"Positivo","Negativo"))
...

Sheet Resumo Executivo
A1: Resumo executivo: decisão rápida, caixa sob controle
A2: Leitura direta: investimento, retorno, fôlego de caixa e cenário.
A4: Investimento total | B4: =SUM('Projeção Financeira'!$K$5:$K$104) | D4: Receita líquida acumulada | E4: =SUM('Projeção Financeira'!$G$5:$G$104)
A7: Fluxo de caixa livre acumulado | B7: =IFERROR(INDEX('Projeção Financeira'!$N$5:$N$104,COUNT('Projeção Financeira'!$N$5:$N$104)),0) | D7: Margem líquida média | E7: =IFERROR(AVERAGE('Projeção Financeira'!$O$5:$O$104),0)
A10: Ponto de equilíbrio médio | B10: =IFERROR(AVERAGE('Projeção Financeira'!$P$5:$P$104),0) | D10: Payback estimado | E10: =IFERROR(IF('Projeção Financeira'!$N$5>=0,'Projeção Financeira'!$A$5,IF('Projeção Financeira'!$N$6>=0,'Projeção Financeira'!$A$6,IF('Projeção Financeira'!$N$7>=0,'Projeção Financeira'!$A$7,IF('Projeção Financeira'!$N$8>=0,'Projeção Financeira'!$A$8,IF('Projeção Financeira'!$N$9>=0,'Projeção Financeira'!$A$9,IF('Projeção Financeira'!$N$10>=0,'Projeção Financeira'!$A$10,IF('Projeção Financeira'!$N$11>=0,'Projeção Financeira'!$A$11,IF('Projeção Financeira'!$N$12>=0,'Projeção Financeira'!$A$12,IF('Projeção Financeira'!$N$13>=0,'Projeção Financeira'!$A$13,IF('Projeção Financeira'!$N$14>=0,'Projeção Financeira'!$A$14,"Não atingido")))))))))),"Não atingido")
A13: VPL | B13: =SUM(IFERROR('Projeção Financeira'!$M$5/(1+'Premissas'!$B$13)^1,0),IFERROR('Projeção Financeira'!$M$6/(1+'Premissas'!$B$13)^2,0),IFERROR('Projeção Financeira'!$M$7/(1+'Premissas'!$B$13)^3,0),IFERROR('Projeção Financeira'!$M$8/(1+'Premissas'!$B$13)^4,0),IFERROR('Projeção Financeira'!$M$9/(1+'Premissas'!$B$13)^5,0),IFERROR('Projeção Financeira'!$M$10/(1+'Premissas'!$B$13)^6,0),IFERROR('Projeção Financeira'!$M$11/(1+'Premissas'!$B$13)^7,0),IFERROR('Projeção Financeira'!$M$12/(1+'Premissas'!$B$13)^8,0),IFERROR('Projeção Financeira'!$M$13/(1+'Premissas'!$B$13)^9,0),IFERROR('Projeção Financeira'!$M$14/(1+'Premissas'!$B$13)^10,0)) | D13: TIR | E13: =IFERROR(IRR('Projeção Financeira'!$M$5:$M$14),0)
A16: Meses positivos | B16: =COUNTIF('Projeção Financeira'!$Q$5:$Q$104,"Positivo") | D16: % de meses positivos | E16: =IFERROR(COUNTIF('Projeção Financeira'!$Q$5:$Q$104,"Positivo")/COUNTA('Projeção Financeira'!$A$5:$A$104),0)
A22: Mês | B22: Receita líquida | C22: Custos totais | D22: Fluxo acumulado
A23: =IF('Projeção Financeira'!$B$5="","",'Projeção Financeira'!$A$5) | B23: =IF('Projeção Financeira'!$B$5="","",'Projeção Financeira'!$G$5) | C23: =IF('Projeção Financeira'!$B$5="","",'Projeção Financeira'!$I$5+'Projeção Financeira'!$J$5-'Projeção Financeira'!$K$5) | D23: =IF('Projeção Financeira'!$B$5="","",'Projeção Financeira'!$N$5)
A24: =IF('Projeção Financeira'!$B$6="","",'Projeção Financeira'!$A$6) | B24: =IF('Projeção Financeira'!$B$6="","",'Projeção Financeira'!$G$6) | C24: =IF('Projeção Financeira'!$B$6="","",'Projeção Financeira'!$I$6+'Projeção Financeira'!$J$6-'Projeção Financeira'!$K$6) | D24: =IF('Projeção Financeira'!$B$6="","",'Projeção Financeira'!$N$6)
A25: =IF('Projeção Financeira'!$B$7="","",'Projeção Financeira'!$A$7) | B25: =IF('Projeção Financeira'!$B$7="","",'Projeção Financeira'!$G$7) | C25: =IF('Projeção Financeira'!$B$7="","",'Projeção Financeira'!$I$7+'Projeção Financeira'!$J$7-'Projeção Financeira'!$K$7) | D25: =IF('Projeção Financeira'!$B$7="","",'Projeção Financeira'!$N$7)
A26: =IF('Projeção Financeira'!$B$8="","",'Projeção Financeira'!$A$8) | B26: =IF('Projeção Financeira'!$B$8="","",'Projeção Financeira'!$G$8) | C26: =IF('Projeção Financeira'!$B$8="","",'Projeção Financeira'!$I$8+'Projeção Financeira'!$J$8-'Projeção Financeira'!$K$8) | D26: =IF('Projeção Financeira'!$B$8="","",'Projeção Financeira'!$N$8)
A27: =IF('Projeção Financeira'!$B$9="","",'Projeção Financeira'!$A$9) | B27: =IF('Projeção Financeira'!$B$9="","",'Projeção Financeira'!$G$9) | C27: =IF('Projeção Financeira'!$B$9="","",'Projeção Financeira'!$I$9+'Projeção Financeira'!$J$9-'Projeção Financeira'!$K$9) | D27: =IF('Projeção Financeira'!$B$9="","",'Projeção Financeira'!$N$9)
A28: =IF('Projeção Financeira'!$B$10="","",'Projeção Financeira'!$A$10) | B28: =IF('Projeção Financeira'!$B$10="","",'Projeção Financeira'!$G$10) | C28: =IF('Projeção Financeira'!$B$10="","",'Projeção Financeira'!$I$10+'Projeção Financeira'!$J$10-'Projeção Financeira'!$K$10) | D28: =IF('Projeção Financeira'!$B$10="","",'Projeção Financeira'!$N$10)
A29: =IF('Projeção Financeira'!$B$11="","",'Projeção Financeira'!$A$11) | B29: =IF('Projeção Financeira'!$B$11="","",'Projeção Financeira'!$G$11) | C29: =IF('Projeção Financeira'!$B$11="","",'Projeção Financeira'!$I$11+'Projeção Financeira'!$J$11-'Projeção Financeira'!$K$11) | D29: =IF('Projeção Financeira'!$B$11="","",'Projeção Financeira'!$N$11)
A30: =IF('Projeção Financeira'!$B$12="","",'Projeção Financeira'!$A$12) | B30: =IF('Projeção Financeira'!$B$12="","",'Projeção Financeira'!$G$12) | C30: =IF('Projeção Financeira'!$B$12="","",'Projeção Financeira'!$I$12+'Projeção Financeira'!$J$12-'Projeção Financeira'!$K$12) | D30: =IF('Projeção Financeira'!$B$12="","",'Projeção Financeira'!$N$12)
A31: =IF('Projeção Financeira'!$B$13="","",'Projeção Financeira'!$A$13) | B31: =IF('Projeção Financeira'!$B$13="","",'Projeção Financeira'!$G$13) | C31: =IF('Projeção Financeira'!$B$13="","",'Projeção Financeira'!$I$13+'Projeção Financeira'!$J$13-'Projeção Financeira'!$K$13) | D31: =IF('Projeção Financeira'!$B$13="","",'Projeção Financeira'!$N$13)
A32: =IF('Projeção Financeira'!$B$14="","",'Projeção Financeira'!$A$14) | B32: =IF('Projeção Financeira'!$B$14="","",'Projeção Financeira'!$G$14) | C32: =IF('Projeção Financeira'!$B$14="","",'Projeção Financeira'!$I$14+'Projeção Financeira'!$J$14-'Projeção Financeira'!$K$14) | D32: =IF('Projeção Financeira'!$B$14="","",'Projeção Financeira'!$N$14)
A33: =IF('Projeção Financeira'!$B$15="","",'Projeção Financeira'!$A$15) | B33: =IF('Projeção Financeira'!$B$15="","",'Projeção Financeira'!$G$15) | C33: =IF('Projeção Financeira'!$B$15="","",'Projeção Financeira'!$I$15+'Projeção Financeira'!$J$15-'Projeção Financeira'!$K$15) | D33: =IF('Projeção Financeira'!$B$15="","",'Projeção Financeira'!$N$15)
A34: =IF('Projeção Financeira'!$B$16="","",'Projeção Financeira'!$A$16) | B34: =IF('Projeção Financeira'!$B$16="","",'Projeção Financeira'!$G$16) | C34: =IF('Projeção Financeira'!$B$16="","",'Projeção Financeira'!$I$16+'Projeção Financeira'!$J$16-'Projeção Financeira'!$K$16) | D34: =IF('Projeção Financeira'!$B$16="","",'Projeção Financeira'!$N$16)
A35: =IF('Projeção Financeira'!$B$17="","",'Projeção Financeira'!$A$17) | B35: =IF('Projeção Financeira'!$B$17="","",'Projeção Financeira'!$G$17) | C35: =IF('Projeção Financeira'!$B$17="","",'Projeção Financeira'!$I$17+'Projeção Financeira'!$J$17-'Projeção Financeira'!$K$17) | D35: =IF('Projeção Financeira'!$B$17="","",'Projeção Financeira'!$N$17)
A36: =IF('Projeção Financeira'!$B$18="","",'Projeção Financeira'!$A$18) | B36: =IF('Projeção Financeira'!$B$18="","",'Projeção Financeira'!$G$18) | C36: =IF('Projeção Financeira'!$B$18="","",'Projeção Financeira'!$I$18+'Projeção Financeira'!$J$18-'Projeção Financeira'!$K$18) | D36: =IF('Projeção Financeira'!$B$18="","",'Projeção Financeira'!$N$18)
A37: =IF('Projeção Financeira'!$B$19="","",'Projeção Financeira'!$A$19) | B37: =IF('Projeção Financeira'!$B$19="","",'Projeção Financeira'!$G$19) | C37: =IF('Projeção Financeira'!$B$19="","",'Projeção Financeira'!$I$19+'Projeção Financeira'!$J$19-'Projeção Financeira'!$K$19) | D37: =IF('Projeção Financeira'!$B$19="","",'Projeção Financeira'!$N$19)
A38: =IF('Projeção Financeira'!$B$20="","",'Projeção Financeira'!$A$20) | B38: =IF('Projeção Financeira'!$B$20="","",'Projeção Financeira'!$G$20) | C38: =IF('Projeção Financeira'!$B$20="","",'Projeção Financeira'!$I$20+'Projeção Financeira'!$J$20-'Projeção Financeira'!$K$20) | D38: =IF('Projeção Financeira'!$B$20="","",'Projeção Financeira'!$N$20)
A39: =IF('Projeção Financeira'!$B$21="","",'Projeção Financeira'!$A$21) | B39: =IF('Projeção Financeira'!$B$21="","",'Projeção Financeira'!$G$21) | C39: =IF('Projeção Financeira'!$B$21="","",'Projeção Financeira'!$I$21+'Projeção Financeira'!$J$21-'Projeção Financeira'!$K$21) | D39: =IF('Projeção Financeira'!$B$21="","",'Projeção Financeira'!$N$21)
A40: =IF('Projeção Financeira'!$B$22="","",'Projeção Financeira'!$A$22) | B40: =IF('Projeção Financeira'!$B$22="","",'Projeção Financeira'!$G$22) | C40: =IF('Projeção Financeira'!$B$22="","",'Projeção Financeira'!$I$22+'Projeção Financeira'!$J$22-'Projeção Financeira'!$K$22) | D40: =IF('Projeção Financeira'!$B$22="","",'Projeção Financeira'!$N$22)
A41: =IF('Projeção Financeira'!$B$23="","",'Projeção Financeira'!$A$23) | B41: =IF('Projeção Financeira'!$B$23="","",'Projeção Financeira'!$G$23) | C41: =IF('Projeção Financeira'!$B$23="","",'Projeção Financeira'!$I$23+'Projeção Financeira'!$J$23-'Projeção Financeira'!$K$23) | D41: =IF('Projeção Financeira'!$B$23="","",'Projeção Financeira'!$N$23)
A42: =IF('Projeção Financeira'!$B$24="","",'Projeção Financeira'!$A$24) | B42: =IF('Projeção Financeira'!$B$24="","",'Projeção Financeira'!$G$24) | C42: =IF('Projeção Financeira'!$B$24="","",'Projeção Financeira'!$I$24+'Projeção Financeira'!$J$24-'Projeção Financeira'!$K$24) | D42: =IF('Projeção Financeira'!$B$24="","",'Projeção Financeira'!$N$24)
A43: =IF('Projeção Financeira'!$B$25="","",'Projeção Financeira'!$A$25) | B43: =IF('Projeção Financeira'!$B$25="","",'Projeção Financeira'!$G$25) | C43: =IF('Projeção Financeira'!$B$25="","",'Projeção Financeira'!$I$25+'Projeção Financeira'!$J$25-'Projeção Financeira'!$K$25) | D43: =IF('Projeção Financeira'!$B$25="","",'Projeção Financeira'!$N$25)
A44: =IF('Projeção Financeira'!$B$26="","",'Projeção Financeira'!$A$26) | B44: =IF('Projeção Financeira'!$B$26="","",'Projeção Financeira'!$G$26) | C44: =IF('Projeção Financeira'!$B$26="","",'Projeção Financeira'!$I$26+'Projeção Financeira'!$J$26-'Projeção Financeira'!$K$26) | D44: =IF('Projeção Financeira'!$B$26="","",'Projeção Financeira'!$N$26)
A45: =IF('Projeção Financeira'!$B$27="","",'Projeção Financeira'!$A$27) | B45: =IF('Projeção Financeira'!$B$27="","",'Projeção Financeira'!$G$27) | C45: =IF('Projeção Financeira'!$B$27="","",'Projeção Financeira'!$I$27+'Projeção Financeira'!$J$27-'Projeção Financeira'!$K$27) | D45: =IF('Projeção Financeira'!$B$27="","",'Projeção Financeira'!$N$27)
A46: =IF('Projeção Financeira'!$B$28="","",'Projeção Financeira'!$A$28) | B46: =IF('Projeção Financeira'!$B$28="","",'Projeção Financeira'!$G$28) | C46: =IF('Projeção Financeira'!$B$28="","",'Projeção Financeira'!$I$28+'Projeção Financeira'!$J$28-'Projeção Financeira'!$K$28) | D46: =IF('Projeção Financeira'!$B$28="","",'Projeção Financeira'!$N$28)
A47: =IF('Projeção Financeira'!$B$29="","",'Projeção Financeira'!$A$29) | B47: =IF('Projeção Financeira'!$B$29="","",'Projeção Financeira'!$G$29) | C47: =IF('Projeção Financeira'!$B$29="","",'Projeção Financeira'!$I$29+'Projeção Financeira'!$J$29-'Projeção Financeira'!$K$29) | D47: =IF('Projeção Financeira'!$B$29="","",'Projeção Financeira'!$N$29)
A48: =IF('Projeção Financeira'!$B$30="","",'Projeção Financeira'!$A$30) | B48: =IF('Projeção Financeira'!$B$30="","",'Projeção Financeira'!$G$30) | C48: =IF('Projeção Financeira'!$B$30="","",'Projeção Financeira'!$I$30+'Projeção Financeira'!$J$30-'Projeção Financeira'!$K$30) | D48: =IF('Projeção Financeira'!$B$30="","",'Projeção Financeira'!$N$30)
A49: =IF('Projeção Financeira'!$B$31="","",'Projeção Financeira'!$A$31) | B49: =IF('Projeção Financeira'!$B$31="","",'Projeção Financeira'!$G$31) | C49: =IF('Projeção Financeira'!$B$31="","",'Projeção Financeira'!$I$31+'Projeção Financeira'!$J$31-'Projeção Financeira'!$K$31) | D49: =IF('Projeção Financeira'!$B$31="","",'Projeção Financeira'!$N$31)
A50: =IF('Projeção Financeira'!$B$32="","",'Projeção Financeira'!$A$32) | B50: =IF('Projeção Financeira'!$B$32="","",'Projeção Financeira'!$G$32) | C50: =IF('Projeção Financeira'!$B$32="","",'Projeção Financeira'!$I$32+'Projeção Financeira'!$J$32-'Projeção Financeira'!$K$32) | D50: =IF('Projeção Financeira'!$B$32="","",'Projeção Financeira'!$N$32)
A51: =IF('Projeção Financeira'!$B$33="","",'Projeção Financeira'!$A$33) | B51: =IF('Projeção Financeira'!$B$33="","",'Projeção Financeira'!$G$33) | C51: =IF('Projeção Financeira'!$B$33="","",'Projeção Financeira'!$I$33+'Projeção Financeira'!$J$33-'Projeção Financeira'!$K$33) | D51: =IF('Projeção Financeira'!$B$33="","",'Projeção Financeira'!$N$33)
A52: =IF('Projeção Financeira'!$B$34="","",'Projeção Financeira'!$A$34) | B52: =IF('Projeção Financeira'!$B$34="","",'Projeção Financeira'!$G$34) | C52: =IF('Projeção Financeira'!$B$34="","",'Projeção Financeira'!$I$34+'Projeção Financeira'!$J$34-'Projeção Financeira'!$K$34) | D52: =IF('Projeção Financeira'!$B$34="","",'Projeção Financeira'!$N$34)
A53: =IF('Projeção Financeira'!$B$35="","",'Projeção Financeira'!$A$35) | B53: =IF('Projeção Financeira'!$B$35="","",'Projeção Financeira'!$G$35) | C53: =IF('Projeção Financeira'!$B$35="","",'Projeção Financeira'!$I$35+'Projeção Financeira'!$J$35-'Projeção Financeira'!$K$35) | D53: =IF('Projeção Financeira'!$B$35="","",'Projeção Financeira'!$N$35)
A54: =IF('Projeção Financeira'!$B$36="","",'Projeção Financeira'!$A$36) | B54: =IF('Projeção Financeira'!$B$36="","",'Projeção Financeira'!$G$36) | C54: =IF('Projeção Financeira'!$B$36="","",'Projeção Financeira'!$I$36+'Projeção Financeira'!$J$36-'Projeção Financeira'!$K$36) | D54: =IF('Projeção Financeira'!$B$36="","",'Projeção Financeira'!$N$36)
A55: =IF('Projeção Financeira'!$B$37="","",'Projeção Financeira'!$A$37) | B55: =IF('Projeção Financeira'!$B$37="","",'Projeção Financeira'!$G$37) | C55: =IF('Projeção Financeira'!$B$37="","",'Projeção Financeira'!$I$37+'Projeção Financeira'!$J$37-'Projeção Financeira'!$K$37) | D55: =IF('Projeção Financeira'!$B$37="","",'Projeção Financeira'!$N$37)
A56: =IF('Projeção Financeira'!$B$38="","",'Projeção Financeira'!$A$38) | B56: =IF('Projeção Financeira'!$B$38="","",'Projeção Financeira'!$G$38) | C56: =IF('Projeção Financeira'!$B$38="","",'Projeção Financeira'!$I$38+'Projeção Financeira'!$J$38-'Projeção Financeira'!$K$38) | D56: =IF('Projeção Financeira'!$B$38="","",'Projeção Financeira'!$N$38)
A57: =IF('Projeção Financeira'!$B$39="","",'Projeção Financeira'!$A$39) | B57: =IF('Projeção Financeira'!$B$39="","",'Projeção Financeira'!$G$39) | C57: =IF('Projeção Financeira'!$B$39="","",'Projeção Financeira'!$I$39+'Projeção Financeira'!$J$39-'Projeção Financeira'!$K$39) | D57: =IF('Projeção Financeira'!$B$39="","",'Projeção Financeira'!$N$39)
A58: =IF('Projeção Financeira'!$B$40="","",'Projeção Financeira'!$A$40) | B58: =IF('Projeção Financeira'!$B$40="","",'Projeção Financeira'!$G$40) | C58: =IF('Projeção Financeira'!$B$40="","",'Projeção Financeira'!$I$40+'Projeção Financeira'!$J$40-'Projeção Financeira'!$K$40) | D58: =IF('Projeção Financeira'!$B$40="","",'Projeção Financeira'!$N$40)
A59: =IF('Projeção Financeira'!$B$41="","",'Projeção Financeira'!$A$41) | B59: =IF('Projeção Financeira'!$B$41="","",'Projeção Financeira'!$G$41) | C59: =IF('Projeção Financeira'!$B$41="","",'Projeção Financeira'!$I$41+'Projeção Financeira'!$J$41-'Projeção Financeira'!$K$41) | D59: =IF('Projeção Financeira'!$B$41="","",'Projeção Financeira'!$N$41)
A60: =IF('Projeção Financeira'!$B$42="","",'Projeção Financeira'!$A$42) | B60: =IF('Projeção Financeira'!$B$42="","",'Projeção Financeira'!$G$42) | C60: =IF('Projeção Financeira'!$B$42="","",'Projeção Financeira'!$I$42+'Projeção Financeira'!$J$42-'Projeção Financeira'!$K$42) | D60: =IF('Projeção Financeira'!$B$42="","",'Projeção Financeira'!$N$42)
A61: =IF('Projeção Financeira'!$B$43="","",'Projeção Financeira'!$A$43) | B61: =IF('Projeção Financeira'!$B$43="","",'Projeção Financeira'!$G$43) | C61: =IF('Projeção Financeira'!$B$43="","",'Projeção Financeira'!$I$43+'Projeção Financeira'!$J$43-'Projeção Financeira'!$K$43) | D61: =IF('Projeção Financeira'!$B$43="","",'Projeção Financeira'!$N$43)
A62: =IF('Projeção Financeira'!$B$44="","",'Projeção Financeira'!$A$44) | B62: =IF('Projeção Financeira'!$B$44="","",'Projeção Financeira'!$G$44) | C62: =IF('Projeção Financeira'!$B$44="","",'Projeção Financeira'!$I$44+'Projeção Financeira'!$J$44-'Projeção Financeira'!$K$44) | D62: =IF('Projeção Financeira'!$B$44="","",'Projeção Financeira'!$N$44)
A63: =IF('Projeção Financeira'!$B$45="","",'Projeção Financeira'!$A$45) | B63: =IF('Projeção Financeira'!$B$45="","",'Projeção Financeira'!$G$45) | C63: =IF('Projeção Financeira'!$B$45="","",'Projeção Financeira'!$I$45+'Projeção Financeira'!$J$45-'Projeção Financeira'!$K$45) | D63: =IF('Projeção Financeira'!$B$45="","",'Projeção Financeira'!$N$45)
A64: =IF('Projeção Financeira'!$B$46="","",'Projeção Financeira'!$A$46) | B64: =IF('Projeção Financeira'!$B$46="","",'Projeção Financeira'!$G$46) | C64: =IF('Projeção Financeira'!$B$46="","",'Projeção Financeira'!$I$46+'Projeção Financeira'!$J$46-'Projeção Financeira'!$K$46) | D64: =IF('Projeção Financeira'!$B$46="","",'Projeção Financeira'!$N$46)
A65: =IF('Projeção Financeira'!$B$47="","",'Projeção Financeira'!$A$47) | B65: =IF('Projeção Financeira'!$B$47="","",'Projeção Financeira'!$G$47) | C65: =IF('Projeção Financeira'!$B$47="","",'Projeção Financeira'!$I$47+'Projeção Financeira'!$J$47-'Projeção Financeira'!$K$47) | D65: =IF('Projeção Financeira'!$B$47="","",'Projeção Financeira'!$N$47)
A66: =IF('Projeção Financeira'!$B$48="","",'Projeção Financeira'!$A$48) | B66: =IF('Projeção Financeira'!$B$48="","",'Projeção Financeira'!$G$48) | C66: =IF('Projeção Financeira'!$B$48="","",'Projeção Financeira'!$I$48+'Projeção Financeira'!$J$48-'Projeção Financeira'!$K$48) | D66: =IF('Projeção Financeira'!$B$48="","",'Projeção Financeira'!$N$48)
A67: =IF('Projeção Financeira'!$B$49="","",'Projeção Financeira'!$A$49) | B67: =IF('Projeção Financeira'!$B$49="","",'Projeção Financeira'!$G$49) | C67: =IF('Projeção Financeira'!$B$49="","",'Projeção Financeira'!$I$49+'Projeção Financeira'!$J$49-'Projeção Financeira'!$K$49) | D67: =IF('Projeção Financeira'!$B$49="","",'Projeção Financeira'!$N$49)
A68: =IF('Projeção Financeira'!$B$50="","",'Projeção Financeira'!$A$50) | B68: =IF('Projeção Financeira'!$B$50="","",'Projeção Financeira'!$G$50) | C68: =IF('Projeção Financeira'!$B$50="","",'Projeção Financeira'!$I$50+'Projeção Financeira'!$J$50-'Projeção Financeira'!$K$50) | D68: =IF('Projeção Financeira'!$B$50="","",'Projeção Financeira'!$N$50)
A69: =IF('Projeção Financeira'!$B$51="","",'Projeção Financeira'!$A$51) | B69: =IF('Projeção Financeira'!$B$51="","",'Projeção Financeira'!$G$51) | C69: =IF('Projeção Financeira'!$B$51="","",'Projeção Financeira'!$I$51+'Projeção Financeira'!$J$51-'Projeção Financeira'!$K$51) | D69: =IF('Projeção Financeira'!$B$51="","",'Projeção Financeira'!$N$51)
A70: =IF('Projeção Financeira'!$B$52="","",'Projeção Financeira'!$A$52) | B70: =IF('Projeção Financeira'!$B$52="","",'Projeção Financeira'!$G$52) | C70: =IF('Projeção Financeira'!$B$52="","",'Projeção Financeira'!$I$52+'Projeção Financeira'!$J$52-'Projeção Financeira'!$K$52) | D70: =IF('Projeção Financeira'!$B$52="","",'Projeção Financeira'!$N$52)
A71: =IF('Projeção Financeira'!$B$53="","",'Projeção Financeira'!$A$53) | B71: =IF('Projeção Financeira'!$B$53="","",'Projeção Financeira'!$G$53) | C71: =IF('Projeção Financeira'!$B$53="","",'Projeção Financeira'!$I$53+'Projeção Financeira'!$J$53-'Projeção Financeira'!$K$53) | D71: =IF('Projeção Financeira'!$B$53="","",'Projeção Financeira'!$N$53)
A72: =IF('Projeção Financeira'!$B$54="","",'Projeção Financeira'!$A$54) | B72: =IF('Projeção Financeira'!$B$54="","",'Projeção Financeira'!$G$54) | C72: =IF('Projeção Financeira'!$B$54="","",'Projeção Financeira'!$I$54+'Projeção Financeira'!$J$54-'Projeção Financeira'!$K$54) | D72: =IF('Projeção Financeira'!$B$54="","",'Projeção Financeira'!$N$54)
A73: =IF('Projeção Financeira'!$B$55="","",'Projeção Financeira'!$A$55) | B73: =IF('Projeção Financeira'!$B$55="","",'Projeção Financeira'!$G$55) | C73: =IF('Projeção Financeira'!$B$55="","",'Projeção Financeira'!$I$55+'Projeção Financeira'!$J$55-'Projeção Financeira'!$K$55) | D73: =IF('Projeção Financeira'!$B$55="","",'Projeção Financeira'!$N$55)
A74: =IF('Projeção Financeira'!$B$56="","",'Projeção Financeira'!$A$56) | B74: =IF('Projeção Financeira'!$B$56="","",'Projeção Financeira'!$G$56) | C74: =IF('Projeção Financeira'!$B$56="","",'Projeção Financeira'!$I$56+'Projeção Financeira'!$J$56-'Projeção Financeira'!$K$56) | D74: =IF('Projeção Financeira'!$B$56="","",'Projeção Financeira'!$N$56)
A75: =IF('Projeção Financeira'!$B$57="","",'Projeção Financeira'!$A$57) | B75: =IF('Projeção Financeira'!$B$57="","",'Projeção Financeira'!$G$57) | C75: =IF('Projeção Financeira'!$B$57="","",'Projeção Financeira'!$I$57+'Projeção Financeira'!$J$57-'Projeção Financeira'!$K$57) | D75: =IF('Projeção Financeira'!$B$57="","",'Projeção Financeira'!$N$57)
A76: =IF('Projeção Financeira'!$B$58="","",'Projeção Financeira'!$A$58) | B76: =IF('Projeção Financeira'!$B$58="","",'Projeção Financeira'!$G$58) | C76: =IF('Projeção Financeira'!$B$58="","",'Projeção Financeira'!$I$58+'Projeção Financeira'!$J$58-'Projeção Financeira'!$K$58) | D76: =IF('Projeção Financeira'!$B$58="","",'Projeção Financeira'!$N$58)
A77: =IF('Projeção Financeira'!$B$59="","",'Projeção Financeira'!$A$59) | B77: =IF('Projeção Financeira'!$B$59="","",'Projeção Financeira'!$G$59) | C77: =IF('Projeção Financeira'!$B$59="","",'Projeção Financeira'!$I$59+'Projeção Financeira'!$J$59-'Projeção Financeira'!$K$59) | D77: =IF('Projeção Financeira'!$B$59="","",'Projeção Financeira'!$N$59)
A78: =IF('Projeção Financeira'!$B$60="","",'Projeção Financeira'!$A$60) | B78: =IF('Projeção Financeira'!$B$60="","",'Projeção Financeira'!$G$60) | C78: =IF('Projeção Financeira'!$B$60="","",'Projeção Financeira'!$I$60+'Projeção Financeira'!$J$60-'Projeção Financeira'!$K$60) | D78: =IF('Projeção Financeira'!$B$60="","",'Projeção Financeira'!$N$60)
A79: =IF('Projeção Financeira'!$B$61="","",'Projeção Financeira'!$A$61) | B79: =IF('Projeção Financeira'!$B$61="","",'Projeção Financeira'!$G$61) | C79: =IF('Projeção Financeira'!$B$61="","",'Projeção Financeira'!$I$61+'Projeção Financeira'!$J$61-'Projeção Financeira'!$K$61) | D79: =IF('Projeção Financeira'!$B$61="","",'Projeção Financeira'!$N$61)
A80: =IF('Projeção Financeira'!$B$62="","",'Projeção Financeira'!$A$62) | B80: =IF('Projeção Financeira'!$B$62="","",'Projeção Financeira'!$G$62) | C80: =IF('Projeção Financeira'!$B$62="","",'Projeção Financeira'!$I$62+'Projeção Financeira'!$J$62-'Projeção Financeira'!$K$62) | D80: =IF('Projeção Financeira'!$B$62="","",'Projeção Financeira'!$N$62)
A81: =IF('Projeção Financeira'!$B$63="","",'Projeção Financeira'!$A$63) | B81: =IF('Projeção Financeira'!$B$63="","",'Projeção Financeira'!$G$63) | C81: =IF('Projeção Financeira'!$B$63="","",'Projeção Financeira'!$I$63+'Projeção Financeira'!$J$63-'Projeção Financeira'!$K$63) | D81: =IF('Projeção Financeira'!$B$63="","",'Projeção Financeira'!$N$63)
A82: =IF('Projeção Financeira'!$B$64="","",'Projeção Financeira'!$A$64) | B82: =IF('Projeção Financeira'!$B$64="","",'Projeção Financeira'!$G$64) | C82: =IF('Projeção Financeira'!$B$64="","",'Projeção Financeira'!$I$64+'Projeção Financeira'!$J$64-'Projeção Financeira'!$K$64) | D82: =IF('Projeção Financeira'!$B$64="","",'Projeção Financeira'!$N$64)
A83: =IF('Projeção Financeira'!$B$65="","",'Projeção Financeira'!$A$65) | B83: =IF('Projeção Financeira'!$B$65="","",'Projeção Financeira'!$G$65) | C83: =IF('Projeção Financeira'!$B$65="","",'Projeção Financeira'!$I$65+'Projeção Financeira'!$J$65-'Projeção Financeira'!$K$65) | D83: =IF('Projeção Financeira'!$B$65="","",'Projeção Financeira'!$N$65)
A84: =IF('Projeção Financeira'!$B$66="","",'Projeção Financeira'!$A$66) | B84: =IF('Projeção Financeira'!$B$66="","",'Projeção Financeira'!$G$66) | C84: =IF('Projeção Financeira'!$B$66="","",'Projeção Financeira'!$I$66+'Projeção Financeira'!$J$66-'Projeção Financeira'!$K$66) | D84: =IF('Projeção Financeira'!$B$66="","",'Projeção Financeira'!$N$66)
A85: =IF('Projeção Financeira'!$B$67="","",'Projeção Financeira'!$A$67) | B85: =IF('Projeção Financeira'!$B$67="","",'Projeção Financeira'!$G$67) | C85: =IF('Projeção Financeira'!$B$67="","",'Projeção Financeira'!$I$67+'Projeção Financeira'!$J$67-'Projeção Financeira'!$K$67) | D85: =IF('Projeção Financeira'!$B$67="","",'Projeção Financeira'!$N$67)
A86: =IF('Projeção Financeira'!$B$68="","",'Projeção Financeira'!$A$68) | B86: =IF('Projeção Financeira'!$B$68="","",'Projeção Financeira'!$G$68) | C86: =IF('Projeção Financeira'!$B$68="","",'Projeção Financeira'!$I$68+'Projeção Financeira'!$J$68-'Projeção Financeira'!$K$68) | D86: =IF('Projeção Financeira'!$B$68="","",'Projeção Financeira'!$N$68)
A87: =IF('Projeção Financeira'!$B$69="","",'Projeção Financeira'!$A$69) | B87: =IF('Projeção Financeira'!$B$69="","",'Projeção Financeira'!$G$69) | C87: =IF('Projeção Financeira'!$B$69="","",'Projeção Financeira'!$I$69+'Projeção Financeira'!$J$69-'Projeção Financeira'!$K$69) | D87: =IF('Projeção Financeira'!$B$69="","",'Projeção Financeira'!$N$69)
A88: =IF('Projeção Financeira'!$B$70="","",'Projeção Financeira'!$A$70) | B88: =IF('Projeção Financeira'!$B$70="","",'Projeção Financeira'!$G$70) | C88: =IF('Projeção Financeira'!$B$70="","",'Projeção Financeira'!$I$70+'Projeção Financeira'!$J$70-'Projeção Financeira'!$K$70) | D88: =IF('Projeção Financeira'!$B$70="","",'Projeção Financeira'!$N$70)
A89: =IF('Projeção Financeira'!$B$71="","",'Projeção Financeira'!$A$71) | B89: =IF('Projeção Financeira'!$B$71="","",'Projeção Financeira'!$G$71) | C89: =IF('Projeção Financeira'!$B$71="","",'Projeção Financeira'!$I$71+'Projeção Financeira'!$J$71-'Projeção Financeira'!$K$71) | D89: =IF('Projeção Financeira'!$B$71="","",'Projeção Financeira'!$N$71)
A90: =IF('Projeção Financeira'!$B$72="","",'Projeção Financeira'!$A$72) | B90: =IF('Projeção Financeira'!$B$72="","",'Projeção Financeira'!$G$72) | C90: =IF('Projeção Financeira'!$B$72="","",'Projeção Financeira'!$I$72+'Projeção Financeira'!$J$72-'Projeção Financeira'!$K$72) | D90: =IF('Projeção Financeira'!$B$72="","",'Projeção Financeira'!$N$72)
A91: =IF('Projeção Financeira'!$B$73="","",'Projeção Financeira'!$A$73) | B91: =IF('Projeção Financeira'!$B$73="","",'Projeção Financeira'!$G$73) | C91: =IF('Projeção Financeira'!$B$73="","",'Projeção Financeira'!$I$73+'Projeção Financeira'!$J$73-'Projeção Financeira'!$K$73) | D91: =IF('Projeção Financeira'!$B$73="","",'Projeção Financeira'!$N$73)
A92: =IF('Projeção Financeira'!$B$74="","",'Projeção Financeira'!$A$74) | B92: =IF('Projeção Financeira'!$B$74="","",'Projeção Financeira'!$G$74) | C92: =IF('Projeção Financeira'!$B$74="","",'Projeção Financeira'!$I$74+'Projeção Financeira'!$J$74-'Projeção Financeira'!$K$74) | D92: =IF('Projeção Financeira'!$B$74="","",'Projeção Financeira'!$N$74)
A93: =IF('Projeção Financeira'!$B$75="","",'Projeção Financeira'!$A$75) | B93: =IF('Projeção Financeira'!$B$75="","",'Projeção Financeira'!$G$75) | C93: =IF('Projeção Financeira'!$B$75="","",'Projeção Financeira'!$I$75+'Projeção Financeira'!$J$75-'Projeção Financeira'!$K$75) | D93: =IF('Projeção Financeira'!$B$75="","",'Projeção Financeira'!$N$75)
A94: =IF('Projeção Financeira'!$B$76="","",'Projeção Financeira'!$A$76) | B94: =IF('Projeção Financeira'!$B$76="","",'Projeção Financeira'!$G$76) | C94: =IF('Projeção Financeira'!$B$76="","",'Projeção Financeira'!$I$76+'Projeção Financeira'!$J$76-'Projeção Financeira'!$K$76) | D94: =IF('Projeção Financeira'!$B$76="","",'Projeção Financeira'!$N$76)
A95: =IF('Projeção Financeira'!$B$77="","",'Projeção Financeira'!$A$77) | B95: =IF('Projeção Financeira'!$B$77="","",'Projeção Financeira'!$G$77) | C95: =IF('Projeção Financeira'!$B$77="","",'Projeção Financeira'!$I$77+'Projeção Financeira'!$J$77-'Projeção Financeira'!$K$77) | D95: =IF('Projeção Financeira'!$B$77="","",'Projeção Financeira'!$N$77)
A96: =IF('Projeção Financeira'!$B$78="","",'Projeção Financeira'!$A$78) | B96: =IF('Projeção Financeira'!$B$78="","",'Projeção Financeira'!$G$78) | C96: =IF('Projeção Financeira'!$B$78="","",'Projeção Financeira'!$I$78+'Projeção Financeira'!$J$78-'Projeção Financeira'!$K$78) | D96: =IF('Projeção Financeira'!$B$78="","",'Projeção Financeira'!$N$78)
A97: =IF('Projeção Financeira'!$B$79="","",'Projeção Financeira'!$A$79) | B97: =IF('Projeção Financeira'!$B$79="","",'Projeção Financeira'!$G$79) | C97: =IF('Projeção Financeira'!$B$79="","",'Projeção Financeira'!$I$79+'Projeção Financeira'!$J$79-'Projeção Financeira'!$K$79) | D97: =IF('Projeção Financeira'!$B$79="","",'Projeção Financeira'!$N$79)
A98: =IF('Projeção Financeira'!$B$80="","",'Projeção Financeira'!$A$80) | B98: =IF('Projeção Financeira'!$B$80="","",'Projeção Financeira'!$G$80) | C98: =IF('Projeção Financeira'!$B$80="","",'Projeção Financeira'!$I$80+'Projeção Financeira'!$J$80-'Projeção Financeira'!$K$80) | D98: =IF('Projeção Financeira'!$B$80="","",'Projeção Financeira'!$N$80)
A99: =IF('Projeção Financeira'!$B$81="","",'Projeção Financeira'!$A$81) | B99: =IF('Projeção Financeira'!$B$81="","",'Projeção Financeira'!$G$81) | C99: =IF('Projeção Financeira'!$B$81="","",'Projeção Financeira'!$I$81+'Projeção Financeira'!$J$81-'Projeção Financeira'!$K$81) | D99: =IF('Projeção Financeira'!$B$81="","",'Projeção Financeira'!$N$81)
A100: =IF('Projeção Financeira'!$B$82="","",'Projeção Financeira'!$A$82) | B100: =IF('Projeção Financeira'!$B$82="","",'Projeção Financeira'!$G$82) | C100: =IF('Projeção Financeira'!$B$82="","",'Projeção Financeira'!$I$82+'Projeção Financeira'!$J$82-'Projeção Financeira'!$K$82) | D100: =IF('Projeção Financeira'!$B$82="","",'Projeção Financeira'!$N$82)
A101: =IF('Projeção Financeira'!$B$83="","",'Projeção Financeira'!$A$83) | B101: =IF('Projeção Financeira'!$B$83="","",'Projeção Financeira'!$G$83) | C101: =IF('Projeção Financeira'!$B$83="","",'Projeção Financeira'!$I$83+'Projeção Financeira'!$J$83-'Projeção Financeira'!$K$83) | D101: =IF('Projeção Financeira'!$B$83="","",'Projeção Financeira'!$N$83)
A102: =IF('Projeção Financeira'!$B$84="","",'Projeção Financeira'!$A$84) | B102: =IF('Projeção Financeira'!$B$84="","",'Projeção Financeira'!$G$84) | C102: =IF('Projeção Financeira'!$B$84="","",'Projeção Financeira'!$I$84+'Projeção Financeira'!$J$84-'Projeção Financeira'!$K$84) | D102: =IF('Projeção Financeira'!$B$84="","",'Projeção Financeira'!$N$84)
A103: =IF('Projeção Financeira'!$B$85="","",'Projeção Financeira'!$A$85) | B103: =IF('Projeção Financeira'!$B$85="","",'Projeção Financeira'!$G$85) | C103: =IF('Projeção Financeira'!$B$85="","",'Projeção Financeira'!$I$85+'Projeção Financeira'!$J$85-'Projeção Financeira'!$K$85) | D103: =IF('Projeção Financeira'!$B$85="","",'Projeção Financeira'!$N$85)
A104: =IF('Projeção Financeira'!$B$86="","",'Projeção Financeira'!$A$86) | B104: =IF('Projeção Financeira'!$B$86="","",'Projeção Financeira'!$G$86) | C104: =IF('Projeção Financeira'!$B$86="","",'Projeção Financeira'!$I$86+'Projeção Financeira'!$J$86-'Projeção Financeira'!$K$86) | D104: =IF('Projeção Financeira'!$B$86="","",'Projeção Financeira'!$N$86)
A105: =IF('Projeção Financeira'!$B$87="","",'Projeção Financeira'!$A$87) | B105: =IF('Projeção Financeira'!$B$87="","",'Projeção Financeira'!$G$87) | C105: =IF('Projeção Financeira'!$B$87="","",'Projeção Financeira'!$I$87+'Projeção Financeira'!$J$87-'Projeção Financeira'!$K$87) | D105: =IF('Projeção Financeira'!$B$87="","",'Projeção Financeira'!$N$87)
A106: =IF('Projeção Financeira'!$B$88="","",'Projeção Financeira'!$A$88) | B106: =IF('Projeção Financeira'!$B$88="","",'Projeção Financeira'!$G$88) | C106: =IF('Projeção Financeira'!$B$88="","",'Projeção Financeira'!$I$88+'Projeção Financeira'!$J$88-'Projeção Financeira'!$K$88) | D106: =IF('Projeção Financeira'!$B$88="","",'Projeção Financeira'!$N$88)
A107: =IF('Projeção Financeira'!$B$89="","",'Projeção Financeira'!$A$89) | B107: =IF('Projeção Financeira'!$B$89="","",'Projeção Financeira'!$G$89) | C107: =IF('Projeção Financeira'!$B$89="","",'Projeção Financeira'!$I$89+'Projeção Financeira'!$J$89-'Projeção Financeira'!$K$89) | D107: =IF('Projeção Financeira'!$B$89="","",'Projeção Financeira'!$N$89)
A108: =IF('Projeção Financeira'!$B$90="","",'Projeção Financeira'!$A$90) | B108: =IF('Projeção Financeira'!$B$90="","",'Projeção Financeira'!$G$90) | C108: =IF('Projeção Financeira'!$B$90="","",'Projeção Financeira'!$I$90+'Projeção Financeira'!$J$90-'Projeção Financeira'!$K$90) | D108: =IF('Projeção Financeira'!$B$90="","",'Projeção Financeira'!$N$90)
A109: =IF('Projeção Financeira'!$B$91="","",'Projeção Financeira'!$A$91) | B109: =IF('Projeção Financeira'!$B$91="","",'Projeção Financeira'!$G$91) | C109: =IF('Projeção Financeira'!$B$91="","",'Projeção Financeira'!$I$91+'Projeção Financeira'!$J$91-'Projeção Financeira'!$K$91) | D109: =IF('Projeção Financeira'!$B$91="","",'Projeção Financeira'!$N$91)
A110: =IF('Projeção Financeira'!$B$92="","",'Projeção Financeira'!$A$92) | B110: =IF('Projeção Financeira'!$B$92="","",'Projeção Financeira'!$G$92) | C110: =IF('Projeção Financeira'!$B$92="","",'Projeção Financeira'!$I$92+'Projeção Financeira'!$J$92-'Projeção Financeira'!$K$92) | D110: =IF('Projeção Financeira'!$B$92="","",'Projeção Financeira'!$N$92)
A111: =IF('Projeção Financeira'!$B$93="","",'Projeção Financeira'!$A$93) | B111: =IF('Projeção Financeira'!$B$93="","",'Projeção Financeira'!$G$93) | C111: =IF('Projeção Financeira'!$B$93="","",'Projeção Financeira'!$I$93+'Projeção Financeira'!$J$93-'Projeção Financeira'!$K$93) | D111: =IF('Projeção Financeira'!$B$93="","",'Projeção Financeira'!$N$93)
A112: =IF('Projeção Financeira'!$B$94="","",'Projeção Financeira'!$A$94) | B112: =IF('Projeção Financeira'!$B$94="","",'Projeção Financeira'!$G$94) | C112: =IF('Projeção Financeira'!$B$94="","",'Projeção Financeira'!$I$94+'Projeção Financeira'!$J$94-'Projeção Financeira'!$K$94) | D112: =IF('Projeção Financeira'!$B$94="","",'Projeção Financeira'!$N$94)
A113: =IF('Projeção Financeira'!$B$95="","",'Projeção Financeira'!$A$95) | B113: =IF('Projeção Financeira'!$B$95="","",'Projeção Financeira'!$G$95) | C113: =IF('Projeção Financeira'!$B$95="","",'Projeção Financeira'!$I$95+'Projeção Financeira'!$J$95-'Projeção Financeira'!$K$95) | D113: =IF('Projeção Financeira'!$B$95="","",'Projeção Financeira'!$N$95)
A114: =IF('Projeção Financeira'!$B$96="","",'Projeção Financeira'!$A$96) | B114: =IF('Projeção Financeira'!$B$96="","",'Projeção Financeira'!$G$96) | C114: =IF('Projeção Financeira'!$B$96="","",'Projeção Financeira'!$I$96+'Projeção Financeira'!$J$96-'Projeção Financeira'!$K$96) | D114: =IF('Projeção Financeira'!$B$96="","",'Projeção Financeira'!$N$96)
...

Sheet Instruções
A1: Guia rápido: vire premissas em decisão
A3: Etapa | B3: Onde agir | C3: O que fazer | D3: Atalho de decisão
A4: 1. Escolha o cenário | B4: Premissas | C4: Selecione Conservador, Base ou Otimista em Cenário ativo. | D4: Compare o risco antes de comprometer caixa.
A5: 2. Ajuste os drivers | B5: Premissas | C5: Revise preço, custo unitário, impostos, capital de giro e taxa de desconto. | D5: Campos amarelos são pontos de ação.
A6: 3. Confira a projeção | B6: Projeção Financeira | C6: Preencha mês, data, preço médio e custo variável nos novos períodos. | D6: As fórmulas calculam receita, DAS, margem e caixa.
A7: 4. Leia o acumulado | B7: Projeção Financeira | C7: Acompanhe o fluxo acumulado e a situação mensal. | D7: Verde sinaliza caixa positivo; vermelho pede ajuste.
A8: 5. Valide o retorno | B8: Resumo Executivo | C8: Analise VPL, TIR, payback, margem e percentual de meses positivos. | D8: VPL positivo e payback viável fortalecem a decisão.
A9: 6. Compare alternativas | B9: Resumo Executivo | C9: Use o gráfico de cenários para confrontar caixa acumulado. | D9: Não decida só pela receita: olhe o caixa final.
A10: Colunas-chave | B10: Projeção Financeira | C10: Receita líquida desconta o DAS; custos totais somam variáveis, fixos e investimentos. | D10: Fluxo livre mostra o efeito mensal no caixa.
A11: Atualização contínua | B11: Todas as planilhas | C11: Os intervalos foram preparados para até 100 meses de operação. | D11: Inclua novos períodos sem perder os cálculos.
A14: Regra prática | B14: Se o fluxo acumulado não cruza o zero, revise preço, volume, despesas fixas ou investimento.
